Workbook
Name _____PJ50: #REF!
Name _____PJ50: #REF!
Name _____PJ50: #REF!
Name _____PJ50: #REF!
Name _____PJ50: #REF!
Name _____PJ50: #REF!
Name _____PJ50: #REF!
Name _____pj51: #REF!
Name _____pj51: #REF!
Name _____pj51: #REF!
Name _____pj51: #REF!
Name _____pj51: #REF!
Name _____pj51: #REF!
Name _____pj51: #REF!
Name ____PJ50: #REF!
Name ____PJ50: #REF!
Name ____PJ50: #REF!
Name ____PJ50: #REF!
Name ____PJ50: #REF!
Name ____PJ50: #REF!
Name ____PJ50: #REF!
Name ____pj51: #REF!
Name ____pj51: #REF!
Name ____pj51: #REF!
Name ____pj51: #REF!
Name ____pj51: #REF!
Name ____pj51: #REF!
Name ____pj51: #REF!
Name ___PJ50: #REF!
Name ___PJ50: #REF!
Name ___PJ50: #REF!
Name ___PJ50: #REF!
Name ___PJ50: #REF!
Name ___PJ50: #REF!
Name ___PJ50: #REF!
Name ___pj51: #REF!
Name ___pj51: #REF!
Name ___pj51: #REF!
Name ___pj51: #REF!
Name ___pj51: #REF!
Name ___pj51: #REF!
Name ___pj51: #REF!
Name __222: #REF!
Name __222: #REF!
Name __222: #REF!
Name __222: #REF!
Name __222: #REF!
Name __222: #REF!
Name __PJ50: #REF!
Name __PJ50: #REF!
Name __PJ50: #REF!
Name __PJ50: #REF!
Name __PJ50: #REF!
Name __PJ50: #REF!
Name __PJ50: #REF!
Name __pj51: #REF!
Name __pj51: #REF!
Name __pj51: #REF!
Name __pj51: #REF!
Name __pj51: #REF!

Sheet F_PRESTACIONES SOCIALES 
A3: (Personal por encima de 2 SMMLV) | J3: (Personal por debajo de 2 SMMLV)
B4: CONCEPTO | G4: PORCENTAJE | K4: CONCEPTO | P4: PORCENTAJE
A5: 1. | B5: Salarios y Prestaciones Sociales de Personal Facturable | J5: 1. | K5: Salarios y Prestaciones Sociales de Personal Facturable
A7: 1.1 | B7: Salarios | G7: 1 | J7: 1.1 | K7: Salarios | P7: 1
A8: 1.2 | B8: Prima anual (legal) | G8: =1/12 -> 0.083333333 | J8: 1.2 | K8: Prima anual (legal) | P8: =1/12 -> 0.083333333
A9: 1.3 | B9: Cesantía | G9: =1/12 -> 0.083333333 | J9: 1.3 | K9: Cesantía | P9: =1/12 -> 0.083333333
A10: 1.4 | B10: Intereses de cesantía | G10: 0.01 | J10: 1.4 | K10: Intereses de cesantía | P10: 0.01
A11: 1.5 | B11: Vacaciones | G11: =+G9/2 -> 0.041666667 | J11: 1.5 | K11: Vacaciones | P11: =+P9/2 -> 0.041666667
A12: 1.6 | B12: Seguridad Social - salud | G12: 0.085 | J12: 1.6 | K12: Seguridad Social - salud | P12: 0.085
A13: 1.7 | B13: Seguridad Social - pensión | G13: 0.12 | J13: 1.7 | K13: Seguridad Social - pensión | P13: 0.12
A14: 1.8 | B14: Caja de Compensación Familiar | G14: 0.04 | J14: 1.8 | K14: Caja de Compensación Familiar | P14: 0.04
A15: 1.9 | B15: Riesgos Profesionales (ARL) | G15: 0.0696 | J15: 1.9 | K15: Riesgos Profesionales (ARL) | P15: 0.0696
A16: 1.1 | B16: Transporte | G16: 0 | J16: 1.1 | K16: Transporte | P16: 0.1172
A17: 1.11 | B17: Otros (Auxilios varios, prestaciones extralegales, Incapacidades no cubiertas) | G17: 0.04 | J17: 1.11 | K17: Otros (Auxilios varios, prestaciones extralegales, Incapacidades no cubiertas) | P17: 0.04
D18: TOTAL FACTOR PRESTACIONAL | G18: =SUM(G7:G17) -> 1.5729333 | M18: TOTAL FACTOR PRESTACIONAL | P18: =SUM(P7:P17)/100 -> 0.016901333
A20: 2. | B20: Gastos Generales | J20: 2. | K20: Gastos Generales
A21: 2.1 | B21: Servicios públicos, servicios de aseo y cafetería | G21: 0.06 | J21: 2.1 | K21: Servicios públicos, servicios de aseo y cafetería, incluye mantenimiento | P21: 0.06
A22: 2.2 | B22: Personal Administrativo no facturado | G22: 0.02 | J22: 2.2 | K22: Personal Administrativo no facturado | P22: 0.02 | Q22: Incluye entre otros personal para la ejecución de tareas adminstrativas como pagos, correspondencia, trámites, aseo, etc
A23: 2.3 | B23: Personal Profesional y Técnico no facturado | G23: 0.02 | J23: 2.3 | K23: Personal Profesional y Técnico no facturado | P23: 0.02 | Q23: Incluye entre otros Ingeniero de apoyo, dibujantes
G24: =SUM(G21:G23) -> 0.1 | P24: =SUM(P21:P23) -> 0.1
A30: Fórmulas para liquidar prestaciones sociales:
A31: 1. Prima de servicios: (Salario mensual * Días trabajados en el semestre)/360.
A32: 2. Cesantías: (Salario mensual * Días trabajados)/360.
A33: 3. Intereses sobre cesantías: (Cesantías * Días trabajados * 0,12)/360.
A34: 4. Vacaciones: (Salario mensual básico * Días trabajados)/720.

Sheet SUPUESTOSMACROECONOM
B1: SUPUESTOS MACROECONÓMICOS 2020 - 2031
C3: 2020 | D3: 2021 | E3: 2022 | F3: 2023 | G3: 2024 | H3: 2025 | I3: 2026 | J3: 2027 | K3: 2028 | L3: 2029 | M3: 2030 | N3: 2031
B4: Inflación doméstica (fin de período) | C4: 2.4 | D4: 3 | E4: 3 | F4: 3 | G4: 3 | H4: 3 | I4: 3 | J4: 3 | K4: 3 | L4: 3 | M4: 3 | N4: 3
B5: PIB Nación (Var real %) | C5: -5.5 | D5: 6.6 | E5: 5.5 | F5: 5 | G5: 4.6 | H5: 4.2 | I5: 3.9 | J5: 3.6 | K5: 3.4 | L5: 3.3 | M5: 3.3 | N5: 3.3
B6: PIB Bogotá (Var real %)*
B7: Tasa de cambio (Promedio de Período) | C7: 3959.875 | D7: 3747.4469 | E7: 3811.1535 | F7: 3875.9432 | G7: 3950 | H7: 4025 | I7: 4101 | J7: 4179 | K7: 4258 | L7: 4339 | M7: 4422 | N7: 4506
B8: Fuente: Supuestos macroeconómicos del Ministerio de Hacienda y Crédito Público - MFMP 2020 ( Julio de 2020). * El PIB de Bogotá se presentará con la publicación del MFMP 2020, Proyecto de presupuesto 2021
B11: SUPUESTOS MACROECONÓMICOS 2018 - 2030
C13: 2018 | D13: 2019 | E13: 2020 | F13: 2021 | G13: 2022 | H13: 2023 | I13: 2024 | J13: 2025 | K13: 2026 | L13: 2027 | M13: 2028 | N13: 2029 | O13: 2030
B14: Inflación doméstica (fin de período) | C14: 3.18 | D14: 3.7048837 | E14: 3.3306977 | F14: 3.1 | G14: 3.1 | H14: 3.1 | I14: 3 | J14: 3 | K14: 3 | L14: 3 | M14: 3 | N14: 3 | O14: 3
B15: PIB Nación (Var real %) | C15: 2.569221 | D15: 3.09 | E15: 3.2 | F15: 3.3 | G15: 3.4 | H15: 3.5 | I15: 3.5 | J15: 3.5 | K15: 3.5 | L15: 3.5 | M15: 3.5 | N15: 3.5 | O15: 3.5
B16: PIB Bogotá (Var real %) | C16: 2.9631151 | D16: 3.2829809 | E16: 3.4997639 | F16: 3.7581515 | G16: 4.0208674 | H16: 4.0752187 | I16: 3.9969998 | J16: 3.9042908 | K16: 3.8078081 | L16: 3.8229845 | M16: 3.6868977 | N16: 3.5960875 | O16: 3.5911501
B17: Tasa de cambio (Promedio de Período) | C17: 2958 | D17: 3203 | E17: 3215 | F17: 3209 | G17: 3215 | H17: 3221 | I17: 3273.8244 | J17: 3327.5151 | K17: 3382.0864 | L17: 3437.5526 | M17: 3493.9284 | N17: 3551.2289 | O17: 3609.469
B18: Fuente: Supuestos macroeconómicos del Ministerio de Hacienda y Crédito Público ( Junio de 2019), LatinFocus consensus Forcast. El PIB Bogotá corresponde a las cifras publicadas por el DANE en las Cuentas departamentales ( 2018) y a estimaciones de la DEEF-SDH - (2019-2020). Versión: Agosto 2019
B21: AÑO | C21: 2018 | D21: 2019 | E21: 2020 | F21: 2021 | G21: 2022 | H21: 2023 | I21: 2024 | J21: 2025 | K21: 2026 | L21: 2027 | M21: 2028 | N21: 2029 | O21: 2030 | P21: 2031
B22: 44013 | E22: 3959.875 | F22: 3747.4469 | G22: 3811.1535 | H22: 3875.9432 | I22: 3950 | J22: 4025 | K22: 4101 | L22: 4179 | M22: 4258 | N22: 4339 | O22: 4422 | P22: 4506
B23: 43617 | C23: 2958 | D23: 3203 | E23: 3215 | F23: 3209 | G23: 3215 | H23: 3221 | I23: 3273.8244 | J23: 3327.5151 | K23: 3382.0864 | L23: 3437.5526 | M23: 3493.9284 | N23: 3551.2289 | O23: 3609.469
F24: =+F22-F23 -> 538.44695 | G24: =+G22-G23 -> 596.15355 | H24: =+H22-H23 -> 654.94316 | I24: =+I22-I23 -> 676.1756 | J24: =+J22-J23 -> 697.48488 | K24: =+K22-K23 -> 718.91363 | L24: =+L22-L23 -> 741.44742 | M24: =+M22-M23 -> 764.07155 | ... O24: =+O22-O23 -> 812.53097
F25: =+F22/E22-1 -> -0.053645141 | G25: =+G22/F22-1 -> 0.017 | H25: =+H22/G22-1 -> 0.017 | I25: =+I22/H22-1 -> 0.019106793 | J25: =+J22/I22-1 -> 0.018987342 | K25: =+K22/J22-1 -> 0.018881988 | L25: =+L22/K22-1 -> 0.019019751 | M25: =+M22/L22-1 -> 0.018904044 | ... P25: =+P22/O22-1 -> 0.018995929
D26: =+D23/C23-1 -> 0.082826234 | E26: =+E23/D23-1 -> 0.0037464877 | F26: =+F23/E23-1 -> -0.0018662519 | G26: =+G23/F23-1 -> 0.0018697414 | H26: =+H23/G23-1 -> 0.0018662519 | I26: =+I23/H23-1 -> 0.0164 | J26: =+J23/I23-1 -> 0.0164 | K26: =+K23/J23-1 -> 0.0164 | ... P26: =+P23/O23-1 -> -1

Sheet IDU_2024_INSUMOS
B2: Origen | C2: Grupo de base de datos | D2: Código | E2: Nombre | F2: UM | G2: Precio | H2: Fecha de Actualización
B3: Demanda | C3: CONCRETOS Y MORTEROS PREMEZCLADOS | D3: 322 | E3: CONCRETO GRAVA COMÚN 2000 PSI 14 MPa (140 Kg/m2) | F3: M3 | G3: 529550 | H3: Actualización 2024-I - Fase I
B4: Demanda | C4: CONCRETOS Y MORTEROS PREMEZCLADOS | D4: 323 | E4: CONCRETO GRAVA COMÚN 2500 PSI 17 MPa (175 Kg/cm2) | F4: M3 | G4: 545437 | H4: Actualización 2024-I - Fase I
B5: Demanda | C5: CONCRETOS Y MORTEROS PREMEZCLADOS | D5: 324 | E5: CONCRETO GRAVA COMÚN 3000 PSI 21 MPa (210 Kg/cm2) | F5: M3 | G5: 559205 | H5: Actualización 2024-I - Fase I
B6: Demanda | C6: CONCRETOS Y MORTEROS PREMEZCLADOS | D6: 325 | E6: CONCRETO GRAVA COMÚN 3500 PSI 24 MPa (245 Kg/cm2) | F6: M3 | G6: 576150 | H6: Actualización 2024-I - Fase I
B7: Demanda | C7: CONCRETOS Y MORTEROS PREMEZCLADOS | D7: 326 | E7: CONCRETO GRAVA COMÚN 4000 PSI 27 MPa (280 Kg/cm2) | F7: M3 | G7: 593096 | H7: Actualización 2024-I - Fase I
B8: Demanda | C8: CONCRETOS Y MORTEROS PREMEZCLADOS | D8: 328 | E8: CONCRETO GRAVA COMÚN 5000 PSI 34 MPa (350 Kg/cm2) | F8: M3 | G8: 637049 | H8: Actualización 2024-I - Fase I
B9: Demanda | C9: CONCRETOS Y MORTEROS PREMEZCLADOS | D9: 333 | E9: CONCRETO GRAVA FINA 3000 PSI 21 MPa (210 Kg/cm2) | F9: M3 | G9: 572973 | H9: Actualización 2024-I - Fase I
B10: Demanda | C10: CONCRETOS Y MORTEROS PREMEZCLADOS | D10: 366 | E10: MORTERO 2000 PSI 14 MPa (140 Kg/cm2) | F10: M3 | G10: 555767 | H10: Actualización 2024-I - Fase I
B11: Demanda | C11: EQUIPO PESADO | D11: 1505 | E11: COMPACTADOR DE LLANTAS - MASA SIN LASTRES DE 9 A 11 TONELADAS - INCLUYE OPERARIO Y COMBUSTIBLE | F11: HR | G11: 182521 | H11: Actualización 2024-I - Fase I
B12: Demanda | C12: ARBOLES-GRAMAS-VEGETACIÓN Y PLANTACIÓN PAISAJÍSTIC | D12: 1512 | E12: GRAMA | F12: M2 | G12: 8500 | H12: Actualización 2023-I - Fase II + M.O. ley 2101 de 2021
B13: Demanda | C13: FORMALETAS, ENTIBADOS, ANDAMIOS Y ACCESORIOS | D13: 1515 | E13: FORMALETA METÁLICA SARDINEL | F13: ML/DI | G13: 1071 | H13: Actualización 2023-I - Fase II + M.O. ley 2101 de 2021
B14: Demanda | C14: MALLAS Y ACEROS PARA REFUERZO | D14: 1794 | E14: ALAMBRE RECOCIDO No.18 | F14: KG | G14: 5501 | H14: Actualización 2024-I - Fase I
... B2835: Demanda | C2835: ELEMENTOS DE SEÑALIZACION TRANSMILENIO | D2835: 13415 | E2835: SUMINISTRO E INSTALACION DE PORTA MAPAS INFORMATIVO PARA ESTACION (205X168CM APROX). SEGUN CARTILLA DE SEÑALETICA TRANSMILENIO 2023 | F2835: UN | G2835: 13289577 | H2835: Actualización 2024-I - Fase I

Sheet APU_IDU
B1: Origen | C1: Capítulo | D1: Subcapítulo | E1: Código | F1: Nombre | G1: UM | H1: Valor | I1: Fecha de actualización
B2: Antiguo | C2: EXCAVACIONES | D2: EXC. CONFORMACIÓN DE SUBRASANTE | E2: 3007 | F2: REPLANTEO GENERAL | G2: M2 | H2: 874 | I2: Actualización 2024-I - Fase I
B3: Antiguo | C3: EXCAVACIONES | D3: EXC. ESTRUCTURAS Y REDES | E3: 3009 | F3: EXCAVACION MANUAL PARA REDES PROFUNDIDAD 0M - 2M (INCLUYE CARGUE) | G3: M3 | H3: 41998 | I3: Actualización 2023-I - Fase II + M.O. 2024
B4: Antiguo | C4: DEMOLICIONES | D4: DEMOLICIONES | E4: 3010 | F4: DEMOLICION PAVIMENTO ASFALTICO (INCLUYE CARGUE). NO INCLUYE TRANSPORTE Y DISPOSICIÓN FINAL DE SOBRANTES. | G4: M3 | H4: 37090 | I4: Actualización 2024-I - Fase I
B5: Antiguo | C5: DEMOLICIONES | D5: DEMOLICIONES | E5: 3011 | F5: DEMOLICION MANUAL SARDINEL EXISTENTE (INCLUYE CARGUE). NO INCLUYE TRANSPORTE Y DISPOSICIÓN FINAL DE SOBRANTES. | G5: ML | H5: 5842 | I5: Actualización 2023-I - Fase II + M.O. 2024
B6: Antiguo | C6: DEMOLICIONES | D6: DEMOLICIONES | E6: 3012 | F6: DEMOLICIÓN PISOS DE CONCRETO (ESPESOR VARIABLE HASTA 0.10 M. INCLUYE CARGUE). NO INCLUYE TRANSPORTE Y DISPOSICIÓN FINAL DE SOBRANTES. | G6: M2 | H6: 7809 | I6: Actualización 2024-I - Fase I
B7: Antiguo | C7: REDES ELECTRICAS | D7: RED ELECTRICA CODENSA | E7: 3015 | F7: RETIRO DE POSTES DE AP/LA (INCLUYE TRASLADO A SITIO DE ACOPIO) | G7: UN | H7: 242945 | I7: Actualización 2024-I - Fase I
B8: Antiguo | C8: TRANSPORTES Y ACARREOS | D8: TRANSPORTES Y ACARREOS | E8: 3017 | F8: TRANSPORTE Y DISPOSICIÓN FINAL DE ESCOMBROS EN SITIO AUTORIZADO (DISTANCIA DE TRANSPORTE 21 KM). A DISTANCIA MAYOR DEL ACARREO LIBRE (90 M) EN SITIO AUTORIZADO POR LA ENTIDAD AMBIENTAL COMPETENTE. | G8: M3 | H8: 43960 | I8: Actualización 2024-I - Fase I
B9: Antiguo | C9: RELLENOS Y CAPAS GRANULARES | D9: RELLENOS EN TIERRA | E9: 3018 | F9: RELLENO EN TIERRA NEGRA PARA EMPRADIZACION (SUMINISTRO Y EXTENDIDO) | G9: M3 | H9: 81363 | I9: Actualización 2023-I - Fase II + M.O. 2024
B10: Antiguo | C10: DEMOLICIONES | D10: DEMOLICIONES | E10: 3021 | F10: DEMOLICION PAVIMENTO ASFALTICO (ESPESOR VARIABLE. INCLUYE CARGUE). NO INCLUYE TRANSPORTE Y DISPOSICIÓN FINAL DE SOBRANTES. | G10: M2 | H10: 7015 | I10: Actualización 2024-I - Fase I
B11: Antiguo | C11: DEMOLICIONES | D11: DEMOLICIONES | E11: 3022 | F11: DEMOLICIÓN PISOS DE CONCRETO (INCLUYE CARGUE). NO INCLUYE TRANSPORTE Y DISPOSICIÓN FINAL DE SOBRANTES. | G11: M3 | H11: 56015 | I11: Actualización 2024-I - Fase I
B12: Antiguo | C12: RELLENOS Y CAPAS GRANULARES | D12: RELLENOS PARA ANDENES Y REDES | E12: 3024 | F12: RELLENO PARA REDES EN ARENA DE PEÑA (SUMINISTRO, EXTENDIDO, HUMEDECIMIENTO Y COMPACTACIÓN) | G12: M3 | H12: 151748 | I12: Actualización 2024-I - Fase I
B13: Antiguo | C13: ANDENES Y SARDINELES | D13: SARDINELES Y BORDILLOS | E13: 3027 | F13: SARDINEL TIPO A10 (SUMINISTRO E INSTALACIÓN. INCLUYE 3CM MORTERO 1:5) | G13: ML | H13: 78707 | I13: Actualización 2024-I - Fase I
... B3249: Solicitud SGI | C3249: TRANSMILENIO | D3249: ELEMENTOS DE SEÑALIZACION TRANSMILENIO | E3249: 10336 | F3249: SUMINISTRO E INSTALACION DE PORTA MAPAS INFORMATIVO PARA ESTACION (205X168CM APROX). SEGUN CARTILLA DE SEÑALETICA TRANSMILENIO 2023 | G3249: UN | H3249: 13289577 | I3249: Actualización 2024-I - Fase I

Sheet PSS S
A1: CALCULO DEL FACTOR PRESTACIONAL
A2: VALOR REAL DEL SALARIO 2020 - AFECTACIÓN PRESTACIONAL ANUAL
A4: Salario minimo vigente | B4: 877803 | C4: Decreto 2360, del 26 de diciembre de 2019
A5: Subsidio de transporte | B5: 102854 | C5: Dec_2361 _ del 26 de dic de 20192018 | G5: =+E10/C10 -> 1.2
X6: 2500
C7: AFECTACIÓN PRESTACIONAL ANUAL | X7: PESOS | Y7: DOLARES
C8: 1 | E8: 1.2 | G8: 1.5 | I8: 2 | K8: 2.5 | M8: 3 | O8: 4 | Q8: 4.5 | S8: 5 | V8: 1 | W8: AYUDANTE | X8: 36359.04 | Y8: 14.543616
A9: SALARIO | C9: 1 | D9: % | E9: 1.2 | F9: % | G9: 1.5 | H9: % | I9: 2 | J9: % | K9: 2.5 | L9: % | M9: 3 | N9: % | O9: 4 | P9: % | Q9: 4.5 | R9: % | S9: 5 | T9: % | V9: 2 | W9: OFICIAL | X9: 58442.133 | Y9: 23.376853
A10: Mensual | C10: =+$B$4*C9 -> 877803 | E10: =+$B$4*E9 -> 1053363.6 | G10: =+$B$4*G9 -> 1316704.5 | I10: =+$B$4*I9 -> 1755606 | K10: =+$B$4*K9 -> 2194507.5 | M10: =+$B$4*M9 -> 2633409 | O10: =+$B$4*O9 -> 3511212 | Q10: =+$B$4*Q9 -> 3950113.5 | S10: =+$B$4*S9 -> 4389015 | V10: 3 | W10: OPERARIO | X10: 82811.6 | Y10: 33.12464
A11: Subsidio de transporte | C11: =+$B$5 -> 102854 | E11: =+$B$5 -> 102854 | G11: =+$B$5 -> 102854 | I11: =+$B$5 -> 102854 | K11: =+$B$5 -> 102854 | M11: =+$B$5 -> 102854 | O11: =+$B$5 -> 102854 | Q11: =+$B$5 -> 102854 | S11: =+$B$5 -> 102854 | V11: 4 | W11: TOPOGRAFO | X11: 110415.47 | Y11: 44.166187
A12: Total mensual | C12: =+C11+C10 -> 980657 | E12: =+E11+E10 -> 1156217.6 | G12: =+G11+G10 -> 1419558.5 | I12: =+I11+I10 -> 1858460 | K12: =+K11+K10 -> 2297361.5 | M12: =+M11+M10 -> 2736263 | O12: =+O11+O10 -> 3614066 | Q12: =+Q11+Q10 -> 4052967.5 | S12: =+S11+S10 -> 4491869 | V12: 5 | W12: MAESTRO | X12: 110415.47
A13: JORNAL | C13: =+C12/30 -> 32688.567 | E13: =+E12/30 -> 38540.587 | G13: =+G12/30 -> 47318.617 | I13: =+I12/30 -> 61948.667 | K13: =+K12/30 -> 76578.717 | M13: =+M12/30 -> 91208.767 | O13: =+O12/30 -> 120468.87 | Q13: =+Q12/30 -> 135098.92 | S13: =+S12/30 -> 149728.97
A14: Total anual (A/30*365) | B14: 12.166667 | C14: =+C10/30*365 -> 10679936 | D14: 1 | E14: =+E10/30*365 -> 12815924 | F14: 1 | G14: =+G10/30*365 -> 16019905 | H14: 1 | I14: =+I10/30*365 -> 21359873 | J14: 1 | K14: =+K10/30*365 -> 26699841 | L14: 1 | M14: =+M10/30*365 -> 32039810 | N14: 1 | O14: =+O10/30*365 -> 42719746 | P14: 1 | Q14: =+Q10/30*365 -> 48059714 | R14: 1 | S14: =+S10/30*365 -> 53399682 | T14: 1
A15: Subsidio de transporte anual | B15: 12.166667 | C15: =+C11/30*365 -> 1251390.3 | E15: =+E11/30*365 -> 1251390.3 | G15: =+G11/30*365 -> 1251390.3 | I15: =+I11/30*365 -> 1251390.3 | K15: =+K11/30*365 -> 1251390.3 | M15: =+M11/30*365 -> 1251390.3 | O15: =+O11/30*365 -> 1251390.3 | Q15: =+Q11/30*365 -> 1251390.3 | S15: =+S11/30*365 -> 1251390.3
A16: Salario anual con sub. De transporte | C16: =+ROUND(SUM(C14:C15),0) -> 11931327 | E16: =+ROUND(SUM(E14:E15),0) -> 14067314 | G16: =+ROUND(SUM(G14:G15),0) -> 17271295 | I16: =+ROUND(SUM(I14:I15),0) -> 22611263 | K16: =+ROUND(SUM(K14:K15),0) -> 27951232 | M16: =+ROUND(SUM(M14:M15),0) -> 33291200 | O16: =+ROUND(SUM(O14:O15),0) -> 43971136 | Q16: =+ROUND(SUM(Q14:Q15),0) -> 49311105 | S16: =+ROUND(SUM(S14:S15),0) -> 54651073
A17: SALARIO NOMINAL (365 días)
A18: Salario anual
A19: Subsidio de transporte
A20: PRESTACIONES SOCIALES | D20: % | F20: % | H20: % | J20: % | L20: % | N20: % | P20: % | R20: % | T20: %
A21: Cesantias anuales | B21: 0.0833 | C21: =+C16*$B$21 -> 993879.54 | D21: 0.11018683 | E21: =+E16*$B$21 -> 1171807.3 | F21: 0.10826071 | G21: =+G16*$B$21 -> 1438698.9 | H21: 0.1063346 | I21: =+I16*$B$21 -> 1883518.2 | J21: 0.10440848 | K21: =+K16*$B$21 -> 2328337.6 | L21: 0.098630137 | M21: =+M16*$B$21 -> 2773157 | N21: 0.098630137 | O21: =+O16*$B$21 -> 3662795.6 | P21: 0.098630137 | Q21: =+Q16*$B$21 -> 4107615 | R21: 0.098630137 | S21: =+S16*$B$21 -> 4552434.4 | T21: 0.098630137
A22: Interes sobre cesantia | B22: 0.12 | C22: =+C21*$B$22 -> 119265.54 | D22: 0.013222419 | E22: =+E21*$B$22 -> 140616.87 | F22: 0.012991285 | G22: =+G21*$B$22 -> 172643.86 | H22: 0.012760152 | I22: =+I21*$B$22 -> 226022.18 | J22: 0.012529018 | K22: =+K21*$B$22 -> 279400.52 | L22: 0.011835616 | M22: =+M21*$B$22 -> 332778.84 | N22: 0.011835616 | O22: =+O21*$B$22 -> 439535.48 | P22: 0.011835616 | Q22: =+Q21*$B$22 -> 492913.81 | R22: 0.011835616 | S22: =+S21*$B$22 -> 546292.13 | T22: 0.011835616
A23: Prima - 30 días | B23: 1 | C23: =+C10 -> 877803 | D23: 0.082191781 | E23: =+E10 -> 1053363.6 | F23: 0.082191781 | G23: =+G10 -> 1316704.5 | H23: 0.082191781 | I23: =+I10 -> 1755606 | J23: 0.082191781 | K23: =+K10 -> 2194507.5 | L23: 0.082191781 | M23: =+M10 -> 2633409 | N23: 0.082191781 | O23: =+O10 -> 3511212 | P23: 0.082191781 | Q23: =+Q10 -> 3950113.5 | R23: 0.082191781 | S23: =+S10 -> 4389015 | T23: 0.082191781
A24: Vacaciones - 15 días | B24: 0.5 | C24: =+C10*0.5 -> 438901.5 | D24: 0.04109589 | E24: =+E10*0.5 -> 526681.8 | F24: 0.04109589 | G24: =+G10*0.5 -> 658352.25 | H24: 0.04109589 | I24: =+I10*0.5 -> 877803 | J24: 0.04109589 | K24: =+K10*0.5 -> 1097253.8 | L24: 0.04109589 | M24: =+M10*0.5 -> 1316704.5 | N24: 0.04109589 | O24: =+O10*0.5 -> 1755606 | P24: 0.04109589 | Q24: =+Q10*0.5 -> 1975056.8 | R24: 0.04109589 | S24: =+S10*0.5 -> 2194507.5 | T24: 0.04109589
A25: SUBTOTAL PRESTACIONES SOCIALES | C25: =SUM(C21:C24) -> 2429849.6 | E25: =SUM(E21:E24) -> 2892469.5 | G25: =SUM(G21:G24) -> 3586399.5 | I25: =SUM(I21:I24) -> 4742949.4 | K25: =SUM(K21:K24) -> 5899499.4 | M25: =SUM(M21:M24) -> 7056049.3 | O25: =SUM(O21:O24) -> 9369149.1 | Q25: =SUM(Q21:Q24) -> 10525699 | S25: =SUM(S21:S24) -> 11682249
A26: SEGURIDAD SOCIAL | D26: % | F26: % | H26: % | J26: % | L26: % | N26: % | P26: % | R26: % | T26: %
A27: Pensiones | B27: 0.12 | C27: =+C14*$B$27 -> 1281592.4 | D27: 0.12 | E27: =+E14*$B$27 -> 1537910.9 | F27: 0.12 | G27: =+G14*$B$27 -> 1922388.6 | H27: 0.12 | I27: =+I14*$B$27 -> 2563184.8 | J27: 0.12 | K27: =+K14*$B$27 -> 3203980.9 | L27: 0.12 | M27: =+M14*$B$27 -> 3844777.1 | N27: 0.12 | O27: =+O14*$B$27 -> 5126369.5 | P27: 0.12 | Q27: =+Q14*$B$27 -> 5767165.7 | R27: 0.12 | S27: =+S14*$B$27 -> 6407961.9 | T27: 0.12
A28: Salud (Afectado por la reforma tributaria) | B28: 0 | C28: =+$B$28*C14 -> 0 | D28: 0 | E28: =+$B$28*E14 -> 0 | F28: 0 | G28: =+$B$28*G14 -> 0 | H28: 0 | I28: =+$B$28*I14 -> 0 | J28: 0 | K28: =+$B$28*K14 -> 0 | L28: 0 | M28: =+$B$28*M14 -> 0 | N28: 0 | O28: =+$B$28*O14 -> 0 | P28: 0 | Q28: =+$B$28*Q14 -> 0 | R28: 0 | S28: =+$B$28*S14 -> 0 | T28: 0
A29: Riesgos Profesionales (ARL) | B29: 0.0696 | C29: =+$B$29*C14 -> 743323.58 | D29: 0.0696 | E29: =+$B$29*E14 -> 891988.3 | F29: 0.0696 | G29: =+$B$29*G14 -> 1114985.4 | H29: 0.0696 | I29: =+$B$29*I14 -> 1486647.2 | J29: 0.0696 | K29: =+$B$29*K14 -> 1858309 | L29: 0.0696 | M29: =+$B$29*M14 -> 2229970.7 | N29: 0.0696 | O29: =+$B$29*O14 -> 2973294.3 | P29: 0.0696 | Q29: =+$B$29*Q14 -> 3344956.1 | R29: 0.0696 | S29: =+$B$29*S14 -> 3716617.9 | T29: 0.0696
A30: SUBTOTAL SEGURIDAD SOCIAL | C30: =ROUND(SUM(C27:C29),0) -> 2024916 | E30: =ROUND(SUM(E27:E29),0) -> 2429899 | G30: =ROUND(SUM(G27:G29),0) -> 3037374 | I30: =ROUND(SUM(I27:I29),0) -> 4049832 | K30: =ROUND(SUM(K27:K29),0) -> 5062290 | M30: =ROUND(SUM(M27:M29),0) -> 6074748 | O30: =ROUND(SUM(O27:O29),0) -> 8099664 | Q30: =ROUND(SUM(Q27:Q29),0) -> 9112122 | S30: =ROUND(SUM(S27:S29),0) -> 10124580
A31: APORTES PARAFISCALES | D31: % | F31: % | H31: % | J31: % | L31: % | N31: % | P31: % | R31: % | T31: %
A32: SENA (Afectado por la reforma tributaria) - asumido por el CREE | B32: 0 | C32: =+$B$32*C14 -> 0 | D32: 0 | E32: =+$B$32*E14 -> 0 | F32: 0 | G32: =+$B$32*G14 -> 0 | H32: 0 | I32: =+$B$32*I14 -> 0 | J32: 0 | K32: =+$B$32*K14 -> 0 | L32: 0 | M32: =+$B$32*M14 -> 0 | N32: 0 | O32: =+$B$32*O14 -> 0 | P32: 0 | Q32: =+$B$32*Q14 -> 0 | R32: 0 | S32: =+$B$32*S14 -> 0 | T32: 0
A33: ICBF (Afectado por la reforma tributaria) - asumido por el CREE | B33: 0 | C33: =+$B$33*C14 -> 0 | D33: 0 | E33: =+$B$33*E14 -> 0 | F33: 0 | G33: =+$B$33*G14 -> 0 | H33: 0 | I33: =+$B$33*I14 -> 0 | J33: 0 | K33: =+$B$33*K14 -> 0 | L33: 0 | M33: =+$B$33*M14 -> 0 | N33: 0 | O33: =+$B$33*O14 -> 0 | P33: 0 | Q33: =+$B$33*Q14 -> 0 | R33: 0 | S33: =+$B$33*S14 -> 0 | T33: 0
A34: Caja de compensación familiar | B34: 0.04 | C34: =+C14*$B$34 -> 427197.46 | D34: 0.04 | E34: =+E14*$B$34 -> 512636.95 | F34: 0.04 | G34: =+G14*$B$34 -> 640796.19 | H34: 0.04 | I34: =+I14*$B$34 -> 854394.92 | J34: 0.04 | K34: =+K14*$B$34 -> 1067993.6 | L34: 0.04 | M34: =+M14*$B$34 -> 1281592.4 | N34: 0.04 | O34: =+O14*$B$34 -> 1708789.8 | P34: 0.04 | Q34: =+Q14*$B$34 -> 1922388.6 | R34: 0.04 | S34: =+S14*$B$34 -> 2135987.3 | T34: 0.04
A35: FIC (Fondo Nacional de Formación Profesional de la Industria de la Construcción) | B35: 0.025 | C35: =+$B$35*$C$14 -> 266998.41 | D35: 0.030821918 | E35: =+$B$35*$C$14 -> 266998.41 | F35: 0.025684932 | G35: =+$B$35*$C$14 -> 266998.41 | H35: 0.020547945 | I35: =+$B$35*$C$14 -> 266998.41 | J35: 0.015410959 | K35: =+$B$35*$C$14 -> 266998.41 | L35: 0.012328767 | M35: =+$B$35*$C$14 -> 266998.41 | N35: 0.010273973 | O35: =+$B$35*$C$14 -> 266998.41 | P35: 0.0077054795 | Q35: =+$B$35*$C$14 -> 266998.41 | R35: 0.0068493151 | S35: =+$B$35*$C$14 -> 266998.41 | T35: 0.0061643836
A36: SUBTOTAL PARAFISCALES | C36: =SUM(C32:C35) -> 694195.87 | E36: =SUM(E32:E35) -> 779635.36 | G36: =SUM(G32:G35) -> 907794.6 | I36: =SUM(I32:I35) -> 1121393.3 | K36: =SUM(K32:K35) -> 1334992.1 | M36: =SUM(M32:M35) -> 1548590.8 | O36: =SUM(O32:O35) -> 1975788.3 | Q36: =SUM(Q32:Q35) -> 2189387 | S36: =SUM(S32:S35) -> 2402985.7
A37: DOTACIÓN | D37: % | F37: % | H37: % | J37: % | L37: % | N37: % | P37: % | R37: % | T37: %
A38: Dotación | C38: 350000 | D38: 0.034738036 | E38: 350000 | F38: 0.028948363 | G38: 350000 | H38: 0.023158691 | I38: 350000 | J38: 0.017369018 | K38: 350000 | L38: 0.013895214 | M38: 350000 | N38: 0 | O38: 350000 | P38: 0 | Q38: 350000 | R38: 0 | S38: 350000 | T38: 0
A39: Implementos de Seguridad | C39: 280000 | D39: 0.027790429 | E39: 280000 | F39: 0.023158691 | G39: 280000 | H39: 0.018526952 | I39: 280000 | J39: 0.013895214 | K39: 280000 | L39: 0.011116171 | M39: 280000 | N39: 0 | O39: 280000 | P39: 0 | Q39: 280000 | R39: 0 | S39: 280000 | T39: 0
A40: SUBTOTAL DOTACIÓN | C40: =SUM(C38:C39) -> 630000 | E40: =SUM(E38:E39) -> 630000 | G40: =SUM(G38:G39) -> 630000 | I40: =SUM(I38:I39) -> 630000 | K40: =SUM(K38:K39) -> 630000 | M40: =SUM(M38:M39) -> 630000 | O40: =SUM(O38:O39) -> 630000 | Q40: =SUM(Q38:Q39) -> 630000 | S40: =SUM(S38:S39) -> 630000
A41: VALOR REAL DEL SALARIO | C41: =+C16+C25+C30+C36+C40 -> 17710288 | D41: 1.5696473 | E41: =+E16+E25+E30+E36+E40 -> 20799318 | F41: 1.5519317 | G41: =+G16+G25+G30+G36+G40 -> 25432863 | H41: 1.534216 | I41: =+I16+I25+I30+I36+I40 -> 33155438 | J41: 1.5165004 | K41: =+K16+K25+K30+K36+K40 -> 40878013 | L41: 1.5006936 | M41: =+M16+M25+M30+M36+M40 -> 48600588 | N41: 1.4736274 | O41: =+O16+O25+O30+O36+O40 -> 64045737 | P41: 1.4710589 | Q41: =+Q16+Q25+Q30+Q36+Q40 -> 71768313 | R41: 1.4702027 | S41: =+S16+S25+S30+S36+S40 -> 79490888 | T41: 1.4695178
E42: =+E40+E36+E25+E16+E30 -> 20799318
C43: RECUPERACIÓN PRESTACIONAL ANUAL
A44: TIEMPO PRODUCTIVO | C44: 1 | E44: 1.2 | G44: 1.5 | I44: 2 | K44: 2.5 | M44: 3 | O44: 4 | Q44: 4.5 | S44: 5
A45: Domingos | C45: 52 | E45: 52 | G45: 52 | I45: 52 | K45: 52 | M45: 52 | O45: 52 | Q45: 52 | S45: 52
A46: Festivos | C46: 16 | E46: 16 | G46: 16 | I46: 16 | K46: 16 | M46: 16 | O46: 16 | Q46: 16 | S46: 16
A47: Permisos | C47: 3 | E47: 3 | G47: 3 | I47: 3 | K47: 3 | M47: 3 | O47: 3 | Q47: 3 | S47: 3
A48: Numero de días | C48: =+SUM(C45:D47) -> 71 | E48: 71 | G48: 71 | I48: 71 | K48: 71 | M48: 71 | O48: 71 | Q48: 71 | S48: 71
A49: HORAS HÁBILES LABORALES | C49: =8*(365-C48) -> 2352 | E49: 2352 | G49: 2352 | I49: 2352 | K49: 2352 | M49: 2352 | O49: 2352 | Q49: 2352 | S49: 2352
A50: RECUPERACIÓN SALARIAL
A51: Valor hora efectiva (FP / FR) | C51: =+C41/C49 -> 7529.8845 | E51: =+E41/E49 -> 8843.2474 | G51: =+G41/G49 -> 10813.292 | I51: =+I41/I49 -> 14096.7 | K51: =+K41/K49 -> 17380.108 | M51: =+M41/M49 -> 20663.515 | O51: =+O41/O49 -> 27230.331 | Q51: =+Q41/Q49 -> 30513.739 | S51: =+S41/S49 -> 33797.146
A52: Valor real del salario | C52: =+C51*8*30 -> 1807172.3 | E52: =+E51*8*30 -> 2122379.4 | G52: =+G51*8*30 -> 2595190.1 | I52: =+I51*8*30 -> 3383207.9 | K52: =+K51*8*30 -> 4171225.9 | M52: =+M51*8*30 -> 4959243.7 | O52: =+O51*8*30 -> 6535279.3 | Q52: =+Q51*8*30 -> 7323297.3 | S52: =+S51*8*30 -> 8111315.1
A53: FACTOR PRESTACIONAL | C53: =+C52/C12 -> 1.8428179 | E53: =+E52/E12 -> 1.8356228 | G53: =+G52/G12 -> 1.8281671 | I53: =+I52/I12 -> 1.8204362 | K53: =+K52/K12 -> 1.8156593 | M53: =+M52/M12 -> 1.8124148 | O53: =+O52/O12 -> 1.80829 | Q53: =+Q52/Q12 -> 1.8068976 | S53: =+S52/S12 -> 1.8057773
A55: Información tomada del MINTRABAJO - Articulo : "Cual es el costo global del salario minimo en Colombia para 2014", Tabla 1 - Calculo factor prestacional, Tabla 3 - Calculo tiempo productivo.
A56: 2014, incluye ley 1607de 2012 Impuesto CREE (Impuesto sobre la renta para la equidad)
A57: El subsidio de transporte se reconoce hasta dos (2) SMMLV

Sheet F PRESTACIONAL Y G GENERALES
A3: (Personal por encima de 2 SMMLV) | J3: (Personal por debajo de 2 SMMLV)
B4: CONCEPTO | G4: PORCENTAJE | K4: CONCEPTO | P4: PORCENTAJE
A5: 1. | B5: Salarios y Prestaciones Sociales de Personal Facturable | J5: 1. | K5: Salarios y Prestaciones Sociales de Personal Facturable
A7: 1.1 | B7: Salarios | G7: 1 | J7: 1.1 | K7: Salarios | P7: 1
A8: 1.2 | B8: Prima anual (legal) | G8: =1/12 -> 0.083333333 | J8: 1.2 | K8: Prima anual (legal) | P8: =1/12 -> 0.083333333
A9: 1.3 | B9: Cesantía | G9: =1/12 -> 0.083333333 | J9: 1.3 | K9: Cesantía | P9: =1/12 -> 0.083333333
A10: 1.4 | B10: Intereses de cesantía | G10: 0.01 | J10: 1.4 | K10: Intereses de cesantía | P10: 0.01
A11: 1.5 | B11: Vacaciones | G11: =+G9/2 -> 0.041666667 | J11: 1.5 | K11: Vacaciones | P11: =+P9/2 -> 0.041666667
A12: 1.6 | B12: Seguridad Social - salud | G12: 0.085 | J12: 1.6 | K12: Seguridad Social - salud | P12: 0.085
A13: 1.7 | B13: Seguridad Social - pensión | G13: 0.12 | J13: 1.7 | K13: Seguridad Social - pensión | P13: 0.12
A14: 1.8 | B14: Caja de Compensación Familiar | G14: 0.04 | J14: 1.8 | K14: Caja de Compensación Familiar | P14: 0.04
A15: 1.9 | B15: Riesgos Profesionales (ARL) | G15: 0.0696 | J15: 1.9 | K15: Riesgos Profesionales (ARL) | P15: 0.0696
A16: 1.1 | B16: Transporte | G16: 0 | J16: 1.1 | K16: Transporte | P16: 0.1172
A17: 1.11 | B17: Otros (Auxilios varios, prestaciones extralegales, Incapacidades no cubiertas) | G17: 0.04 | J17: 1.11 | K17: Otros (Auxilios varios, prestaciones extralegales, Incapacidades no cubiertas) | P17: 0.04
D18: TOTAL FACTOR PRESTACIONAL | G18: =SUM(G7:G17) -> 1.5729333 | M18: TOTAL FACTOR PRESTACIONAL | P18: =SUM(P7:P17)/100 -> 0.016901333
A20: 2. | B20: Gastos Generales | J20: 2. | K20: Gastos Generales
A21: 2.1 | B21: Servicios públicos, servicios de aseo y cafetería | G21: 0.06 | J21: 2.1 | K21: Servicios públicos, servicios de aseo y cafetería, incluye mantenimiento | P21: 0.06
A22: 2.2 | B22: Personal Administrativo no facturado | G22: 0.02 | J22: 2.2 | K22: Personal Administrativo no facturado | P22: 0.02 | Q22: Incluye entre otros personal para la ejecución de tareas adminstrativas como pagos, correspondencia, trámites, aseo, etc
A23: 2.3 | B23: Personal Profesional y Técnico no facturado | G23: 0.02 | J23: 2.3 | K23: Personal Profesional y Técnico no facturado | P23: 0.02 | Q23: Incluye entre otros Ingeniero de apoyo, dibujantes
G24: =SUM(G21:G23) -> 0.1 | P24: =SUM(P21:P23) -> 0.1
A30: Fórmulas para liquidar prestaciones sociales:
A31: 1. Prima de servicios: (Salario mensual * Días trabajados en el semestre)/360.
A32: 2. Cesantías: (Salario mensual * Días trabajados)/360.
A33: 3. Intereses sobre cesantías: (Cesantías * Días trabajados * 0,12)/360.
A34: 4. Vacaciones: (Salario mensual básico * Días trabajados)/720.

Sheet AIU
A1: CALCULO DEL A.I.U
A3: Recurso Humano | B3: Cantidad | C3: Dedicación | D3: Salario o valor | E3: F.P | F3: Plazo 2024 | G3: Plazo 2025 | H3: Plazo 2026 | I3: Plazo 2027 | J3: Vr. Total 2024 | K3: Vr. Total 2025 | L3: Vr. Total 2026 | M3: Vr. Total 2027
A4: Director de Obra del proyecto | B4: 1 | C4: 0.7 | D4: =+PERSONAL!F32 -> 8744430 | E4: 1.57 | F4: 2 | G4: 12 | H4: 12 | I4: 8 | J4: =+ROUND((B4*C4*D4*E4*F4),0) -> 19220257 | K4: =+ROUND(((((J4/2)*12))*1.0573),0) -> 121929466 | L4: =+ROUND((K4*1.0323),0) -> 125867788 | M4: =+ROUND(((((L4/12)*8))*1.03),0) -> 86429214
A5: Especialista en Tránsito | B5: 1 | C5: 0.5 | D5: =+PERSONAL!F15 -> 7254810 | E5: 1.57 | F5: 2 | G5: 12 | H5: 12 | I5: 8 | J5: =+ROUND((B5*C5*D5*E5*F5),0) -> 11390052 | K5: =+ROUND(((((J5/2)*12))*1.0573),0) -> 72256212 | L5: =+ROUND((K5*1.0323),0) -> 74590088 | M5: =+ROUND(((((L5/12)*8))*1.03),0) -> 51218527
A6: Ingeniero Residente diurno | B6: 1 | C6: 1 | D6: =PERSONAL!F16 -> 5734230 | E6: 1.57 | F6: 2 | G6: 12 | H6: 12 | I6: 8 | J6: =+ROUND((B6*C6*D6*E6*F6),0) -> 18005482 | K6: =+ROUND(((((J6/2)*12))*1.0573),0) -> 114223177 | L6: =+ROUND((K6*1.0323),0) -> 117912586 | M6: =+ROUND(((((L6/12)*8))*1.03),0) -> 80966642
A7: Ingeniero Residente nocturno | B7: 1 | C7: 1 | D7: =PERSONAL!F17 -> 6807150 | E7: 1.57 | F7: 2 | G7: 12 | H7: 12 | I7: 8 | J7: =+ROUND((B7*C7*D7*E7*F7),0) -> 21374451 | K7: =+ROUND(((((J7/2)*12))*1.0573),0) -> 135595242 | L7: =+ROUND((K7*1.0323),0) -> 139974968 | M7: =+ROUND(((((L7/12)*8))*1.03),0) -> 96116145
A8: Trabajador Social | B8: 1 | C8: 0.5 | D8: =+PERSONAL!F36 -> 4392540 | E8: 1.57 | F8: 2 | G8: 12 | H8: 12 | I8: 8 | J8: =+ROUND((B8*C8*D8*E8*F8),0) -> 6896288 | K8: =+ROUND(((((J8/2)*12))*1.0573),0) -> 43748672 | L8: =+ROUND((K8*1.0323),0) -> 45161754 | M8: =+ROUND(((((L8/12)*8))*1.03),0) -> 31011071 | Q8: año | R8: 2024 | S8: =ROUND(O16*5,0) -> 17927761136 | T8: =S8/$S$12 -> 0.13643621
A9: Profesional SST | B9: 1 | C9: 0.5 | D9: =+PERSONAL!F35 -> 4599150 | E9: 1.57 | F9: 2 | G9: 12 | H9: 12 | I9: 8 | J9: =+ROUND((B9*C9*D9*E9*F9),0) -> 7220666 | K9: =+ROUND(((((J9/2)*12))*1.0573),0) -> 45806461 | L9: =+ROUND((K9*1.0323),0) -> 47286010 | M9: =+ROUND(((((L9/12)*8))*1.03),0) -> 32469727 | R9: 2025 | S9: =ROUND(O16*12*1.03,0) -> 44317425529 | T9: =S9/$S$12 -> 0.33727032
A10: Tecnólogo en georreferenciación | B10: 1 | C10: 1 | D10: =+PERSONAL!F50 -> 4204290 | E10: 1.57 | F10: 2 | G10: 12 | H10: 12 | I10: 8 | J10: =+ROUND((B10*C10*D10*E10*F10),0) -> 13201471 | K10: =+ROUND(((((J10/2)*12))*1.0573),0) -> 83747492 | L10: =+ROUND((K10*1.0323),0) -> 86452536 | M10: =+ROUND(((((L10/12)*8))*1.03),0) -> 59364075 | O10: =131400313333 -> 131400313333 | R10: 2026 | S10: =ROUND(S9*1.03,0) -> 45646948295 | T10: =S10/$S$12 -> 0.34738843
A11: Conductor Diurno | B11: 1 | C11: 1 | D11: =+PERSONAL!F8 -> 1562640 | E11: 1.69 | F11: 2 | G11: 12 | H11: 12 | I11: 8 | J11: =+ROUND((B11*C11*D11*E11*F11),0) -> 5281723 | K11: =+ROUND(((((J11/2)*12))*1.0573),0) -> 33506194 | L11: =+ROUND((K11*1.0323),0) -> 34588444 | M11: =+ROUND(((((L11/12)*8))*1.03),0) -> 23750732 | O11: =O10/35 -> 3.7542947e+09 | R11: 2027 | S11: =ROUND(O16*6*1.03^3,0) -> 23508178372 | T11: =S11/$S$12 -> 0.17890504
A12: Conductor nocturno | B12: 1 | C12: 1 | D12: =+PERSONAL!F47 -> 2118180 | E12: 1.69 | F12: 2 | G12: 12 | H12: 12 | I12: 8 | J12: =+ROUND((B12*C12*D12*E12*F12),0) -> 7159448 | K12: =+ROUND(((((J12/2)*12))*1.0573),0) -> 45418106 | L12: =+ROUND((K12*1.0323),0) -> 46885111 | M12: =+ROUND(((((L12/12)*8))*1.03),0) -> 32194443 | O12: =O11*5 -> 1.8771473e+10 | S12: =S8+S9+S10+S11 -> 131400313332
A13: Secretaria | B13: 1 | C13: 1 | D13: =+PERSONAL!F38 -> 1645950 | E13: 1.69 | F13: 2 | G13: 12 | H13: 12 | I13: 8 | J13: =+ROUND((B13*C13*D13*E13*F13),0) -> 5563311 | K13: =+ROUND(((((J13/2)*12))*1.0573),0) -> 35292532 | L13: =+ROUND((K13*1.0323),0) -> 36432481 | M13: =+ROUND(((((L13/12)*8))*1.03),0) -> 25016970
G14: TOTAL RECURSO HUMANO | J14: =SUM(J4:J13) -> 115313149 | K14: =SUM(K4:K13) -> 731523554 | L14: =SUM(L4:L13) -> 755151766 | M14: =SUM(M4:M13) -> 518537546
A16: Otros gastos de Administración | O16: 3.5855522e+09 | P16: =5*O16+12*O16*1.03+12*O16*1.03^2+6*O16*1.03^3 -> 131400313333
A17: Arrendamiento Arrendamiento Bodega y oficina | B17: 1 | C17: mes | D17: =50*48579 -> 2428950 | F17: 2 | G17: 12 | H17: 12 | I17: 8 | J17: =+ROUND((B17*D17*F17),0) -> 4857900 | K17: =+ROUND(((((J17/2)*12))*1.0573),0) -> 30817546 | L17: =+ROUND((K17*1.0323),0) -> 31812953 | M17: =+ROUND(((((L17/12)*8))*1.03),0) -> 21844894
A18: Alquiler de computador con Office y Autocad | B18: 1 | C18: mes | D18: =117810 -> 117810 | F18: 2 | G18: 12 | H18: 12 | I18: 8 | J18: =+ROUND((B18*D18*F18),0) -> 235620 | K18: =+ROUND(((((J18/2)*12))*1.0573),0) -> 1494726 | L18: =+ROUND((K18*1.0323),0) -> 1543006 | M18: =+ROUND(((((L18/12)*8))*1.03),0) -> 1059531
A19: Alquiler de impresoras | B19: 1 | C19: mes | D19: =92463 -> 92463 | F19: 2 | G19: 12 | H19: 12 | I19: 8 | J19: =+ROUND((B19*D19*F19),0) -> 184926 | K19: =+ROUND(((((J19/2)*12))*1.0573),0) -> 1173134 | L19: =+ROUND((K19*1.0323),0) -> 1211026 | M19: =+ROUND(((((L19/12)*8))*1.03),0) -> 831571
A20: Alquiler plotter | B20: 1 | C20: mes | D20: =20000000/35 -> 571428.57 | F20: 2 | G20: 12 | H20: 12 | I20: 8 | J20: =+ROUND((B20*D20*F20),0) -> 1142857 | K20: =+ROUND(((((J20/2)*12))*1.0573),0) -> 7250056 | L20: =+ROUND((K20*1.0323),0) -> 7484233 | M20: =+ROUND(((((L20/12)*8))*1.03),0) -> 5139173
A21: Servicio públicos Servicios públicos, incluye servicios de comunicaciones (teléfono, fax, internet), y otros. | B21: 0.0063 | C21: mes | F21: 2 | G21: 12 | H21: 12 | I21: 8 | J21: =+ROUND(($B21*F$58),0) -> 17739042 | K21: =+ROUND(($B21*G$58),0) -> 39119773 | L21: =+ROUND(($B21*H$58),0) -> 40470539 | M21: =+ROUND(($B21*I$58),0) -> 20930927
A22: Personal Administrativo no facturado | B22: 0.0125 | C22: mes | F22: 2 | G22: 12 | H22: 12 | I22: 8 | J22: =+ROUND(($B22*F$58),0) -> 35196513 | K22: =+ROUND(($B22*G$58),0) -> 77618598 | L22: =+ROUND(($B22*H$58),0) -> 80298689 | M22: =+ROUND(($B22*I$58),0) -> 41529618
A23: Personal Profesional y Técnico no facturado | B23: =B22 -> 0.0125 | C23: mes | F23: 2 | G23: 12 | H23: 12 | I23: 8 | J23: =+ROUND(($B23*F$58),0) -> 35196513 | K23: =+ROUND(($B23*G$58),0) -> 77618598 | L23: =+ROUND(($B23*H$58),0) -> 80298689 | M23: =+ROUND(($B23*I$58),0) -> 41529618
A24: Transporte Vehículo para transporte del personal. Camioneta 4x2, doble-cabina, modelo 2015 o superior, con placa blanca, para trabajos en jornada diurna. Incluye salario del conductor y todas las prestaciones de ley asociadas al mismo. | B24: 1 | C24: mes | D24: 6328000 | F24: 2 | G24: 12 | H24: 12 | I24: 8 | J24: =+ROUND((B24*D24*F24),0) -> 12656000 | K24: =+ROUND(((((J24/2)*12))*1.0573),0) -> 80287133 | L24: =+ROUND((K24*1.0323),0) -> 82880407 | M24: =+ROUND(((((L24/12)*8))*1.03),0) -> 56911213
A25: Auxilio para gastos de papeleria, papel plotter fotocopias y otros Suministros de oficina necesarios para el desarrollo de las actividades del contrato | B25: 1 | C25: mes | D25: =1140473*0.2 -> 228094.6 | F25: 2 | G25: 12 | H25: 12 | I25: 8 | J25: =+ROUND((B25*D25*F25),0) -> 456189 | K25: =+ROUND(((((J25/2)*12))*1.0573),0) -> 2893972 | L25: =+ROUND((K25*1.0323),0) -> 2987447 | M25: =+ROUND(((((L25/12)*8))*1.03),0) -> 2051380
A26: Auxilio por celulares - equipo y consumo- Alquiler celulares con plan de datos | B26: 1 | C26: mes | F26: 2 | G26: 12 | H26: 12 | I26: 8 | J26: =+ROUND((B26*D26*F26),0) -> 0 | K26: =+ROUND(((((J26/2)*12))*1.0573),0) -> 0 | L26: =+ROUND((K26*1.0323),0) -> 0 | M26: =+ROUND(((((L26/12)*8))*1.03),0) -> 0
A27: Otro Alquiler de cámara fotográfica digital | B27: 3 | C27: mes | D27: =541646/41 -> 13210.878 | F27: 2 | G27: 12 | H27: 12 | I27: 8 | J27: =+ROUND((B27*D27*F27),0) -> 79265 | K27: =+ROUND(((((J27/2)*12))*1.0573),0) -> 502841 | L27: =+ROUND((K27*1.0323),0) -> 519083 | M27: =+ROUND(((((L27/12)*8))*1.03),0) -> 356437
A28: Alquiler mobiliario de oficina | B28: 1 | C28: mes | D28: =199702+180511 -> 380213 | F28: 2 | G28: 12 | H28: 12 | I28: 8 | J28: =+ROUND((B28*D28*F28),0) -> 760426 | K28: =+ROUND(((((J28/2)*12))*1.0573),0) -> 4823990 | L28: =+ROUND((K28*1.0323),0) -> 4979805 | M28: =+ROUND(((((L28/12)*8))*1.03),0) -> 3419466
A29: Dotación personal mínimo | B29: 10 | C29: mes | D29: =149691/4 -> 37422.75 | F29: 2 | G29: 12 | H29: 12 | I29: 8 | J29: =+ROUND((B29*D29*F29),0) -> 748455 | K29: =+ROUND(((((J29/2)*12))*1.0573),0) -> 4748049 | L29: =+ROUND((K29*1.0323),0) -> 4901411 | M29: =+ROUND(((((L29/12)*8))*1.03),0) -> 3365636
A30: Dotación personal operativo mínimo | B30: 36 | C30: mes | D30: =348540/4 -> 87135 | F30: 2 | G30: 12 | H30: 12 | I30: 8 | J30: =+ROUND((B30*D30*F30),0) -> 6273720 | K30: =+ROUND(((((J30/2)*12))*1.0573),0) -> 39799225 | L30: =+ROUND((K30*1.0323),0) -> 41084740 | M30: =+ROUND(((((L30/12)*8))*1.03),0) -> 28211521
A31: Elementos de bioseguridad | B31: 46 | C31: mes | F31: 2 | G31: 12 | H31: 12 | I31: 8 | J31: =+ROUND((B31*D31*F31),0) -> 0 | K31: =+ROUND(((((J31/2)*12))*1.0573),0) -> 0 | L31: =+ROUND((K31*1.0323),0) -> 0 | M31: =+ROUND(((((L31/12)*8))*1.03),0) -> 0
A32: Termómetro Infrarojo Temperatura Corporal | B32: 2 | C32: mes | D32: =110000/41 -> 2682.9268 | F32: 2 | G32: 12 | H32: 12 | I32: 8 | J32: =+ROUND((B32*D32*F32),0) -> 10732 | K32: =+ROUND(((((J32/2)*12))*1.0573),0) -> 68082 | L32: =+ROUND((K32*1.0323),0) -> 70281 | M32: =+ROUND(((((L32/12)*8))*1.03),0) -> 48260
F33: TOTAL OTROS GASTOS ADMINISTRATIVOS | J33: =SUM(J17:J32) -> 115538158 | K33: =SUM(K17:K32) -> 368215723 | L33: =SUM(L17:L32) -> 380542309 | M33: =SUM(M17:M32) -> 227229245
A35: Estampillas e Impuestos
A36: Estampilla Procultura | B36: =[19]GARANTIAS!F13 -> 0.005 | C36: Vigencia | J36: =+ROUND((B36*$F$58),0) -> 14078605 | K36: =+ROUND((B36*$G$58),0) -> 31047439 | L36: =+ROUND((B36*$H$58),0) -> 32119476 | M36: =+ROUND((B36*$I$58),0) -> 16611847
A37: Estampilla Pro Adulto Mayor | B37: =[19]GARANTIAS!F14 -> 0.02 | C37: Vigencia | J37: =+ROUND((B37*$F$58),0) -> 56314420 | K37: =+ROUND((B37*$G$58),0) -> 124189757 | L37: =+ROUND((B37*$H$58),0) -> 128477903 | M37: =+ROUND((B37*$I$58),0) -> 66447389
A38: Estampilla Universidad Pedagógica | B38: =[19]GARANTIAS!F15 -> 0.005 | C38: Vigencia | J38: =+ROUND((B38*$F$58),0) -> 14078605 | K38: =+ROUND((B38*$G$58),0) -> 31047439 | L38: =+ROUND((B38*$H$58),0) -> 32119476 | M38: =+ROUND((B38*$I$58),0) -> 16611847
A39: Estampilla Universidad Distrital | B39: =[19]GARANTIAS!F16 -> 0.011 | C39: Vigencia | J39: =+ROUND((B39*$F$58),0) -> 30972931 | K39: =+ROUND((B39*$G$58),0) -> 68304366 | L39: =+ROUND((B39*$H$58),0) -> 70662847 | M39: =+ROUND((B39*$I$58),0) -> 36546064
A40: Contribución Especial | B40: 0.05 | C40: Vigencia | J40: =+ROUND((B40*$F$58),0) -> 140786050 | K40: =+ROUND((B40*$G$58),0) -> 310474393 | L40: =+ROUND((B40*$H$58),0) -> 321194757 | M40: =+ROUND((B40*$I$58),0) -> 166118471
A41: Retención | B41: =[19]GARANTIAS!F18 -> 0.02 | C41: Vigencia | J41: =+ROUND((B41*$F$58),0) -> 56314420 | K41: =+ROUND((B41*$G$58),0) -> 124189757 | L41: =+ROUND((B41*$H$58),0) -> 128477903 | M41: =+ROUND((B41*$I$58),0) -> 66447389
A42: ICA | B42: 0.0076 | C42: Vigencia | J42: =+ROUND((B42*$F$58),0) -> 21399480 | K42: =+ROUND((B42*$G$58),0) -> 47192108 | L42: =+ROUND((B42*$H$58),0) -> 48821603 | M42: =+ROUND((B42*$I$58),0) -> 25250008
F43: TOTAL ESTAMPILLAS E IMPUESTOS | J43: =SUM(J36:J42) -> 333944511 | K43: =SUM(K36:K42) -> 736445259 | L43: =SUM(L36:L42) -> 761873965 | M43: =SUM(M36:M42) -> 394033015
A45: Legalización del contrato
A46: Pólizas - Gasto fijo comprobable- | B46: =[19]GARANTIAS!B31 -> 0.0091058247 | J46: =+ROUND((B46*J58),0) -> 170929747
F47: TOTAL LEGALIZACIÓN DEL CONTRATO | J47: =SUM(J46) -> 170929747
A49: Total costos Administración | J49: =+J14+J33+J43+J47 -> 735725565 | K49: =+K14+K33+K43+K47 -> 1836184536 | L49: =+L14+L33+L43+L47 -> 1897568040 | M49: =+M14+M33+M43+M47 -> 1139799806
A51: Porcentaje Administración | E51: =+J51/F58 -> 0.26129207 | F51: =+K51/G58 -> 0.29570628 | G51: =+L51/H58 -> 0.29539213 | H51: =+M51/I58 -> 0.34306835 | I51: =ROUND(MIN(E51:H51),4) -> 0.2613 | J51: =+J49 -> 735725565 | K51: =+K49 -> 1836184536 | L51: =+L49 -> 1897568040 | M51: =+M49 -> 1139799806
A52: Imprevistos | E52: 0.02 | F52: 0.02 | G52: 0.02 | H52: 0.02 | I52: =+MIN(E52:G52) -> 0.02 | J52: =+$E$52*$F$58 -> 56314420 | K52: =+$F$52*$G$58 -> 1.2418976e+08 | L52: =+$G$52*$H$58 -> 1.284779e+08 | M52: =+$I$52*$I$58 -> 66447389
A53: Utilidad | E53: 0.04 | F53: 0.04 | G53: 0.04 | H53: 0.04 | I53: =+MIN(E53:H53) -> 0.04 | J53: =+$E$53*$F$58 -> 112628840 | K53: =+$F$53*$G$58 -> 2.4837951e+08 | L53: =+$G$53*$H$58 -> 2.5695581e+08 | M53: =+$I$53*$I$58 -> 1.3289478e+08
D55: TOTAL AIU | E55: =SUM(E51:E54) -> 0.32129207 | F55: =SUM(F51:F54) -> 0.35570628 | G55: =SUM(G51:G54) -> 0.35539213 | H55: =SUM(H51:H54) -> 0.40306835 | I55: =ROUND(MIN(E55:H55),4) -> 0.3213
F57: 2024 | G57: 2025 | H57: 2026 | I57: 2027 | J57: TOTAL
A58: VALOR CONTRATO (1 ZONA) | F58: =19710047000/7 -> 2815721000 | G58: =43466414999/7 -> 6209487857 | H58: =44967266001/7 -> 6423895143 | I58: =23256585996/7 -> 3322369428 | J58: =SUM(F58:I58) -> 18771473428
F59: =+'POR AÑOS_SUMINISTRO'!Z23 -> 2815721000 | G59: =+'POR AÑOS_SUMINISTRO'!AD23 -> 6209487857 | H59: =+'POR AÑOS_SUMINISTRO'!AH23 -> 6423895143 | I59: ='POR AÑOS_SUMINISTRO'!AL23 -> 3322369428 | J59: =SUM(F59:I59) -> 18771473428
F60: =F58*7 -> 19710047000 | G60: =G58*7 -> 43466414999 | H60: =H58*7 -> 44967266001 | I60: =I58*7 -> 23256585996 | J60: =J58*7 -> 131400313996

Sheet CUADRILLAS_ALQUILER
A1: CUADRILLAS
A2: SALARIO MINIMO 2020 | B2: MES | D2: AÑO
A3: 877803 | B3: Factores | C3: M. Obra AA Albañileria | D3: M. ObraBB INSTALACIONES | E3: M. Obra CC PINTURA
D4: AA+10% | E4: AA+15%
D5: DIA
A6: Jornal ayudante | B6: 1,2 Minimos | C6: =+A3/30 -> 29260.1 | D6: =+C6*1.1 -> 32186.11 | E6: =+C6*1.15 -> 33649.115
A7: valor real del jornal | B7: 2.1651 | C7: =+C6*B7 -> 63351.043 | D7: =+C7*1.1 -> 69686.147 | E7: =+C7*1.15 -> 72853.699
A8: valor total hora ayudante | C8: =+ROUND(C7/8,0) -> 7919 | D8: =+C8*1.1 -> 8710.9 | E8: =+C8*1.15 -> 9106.85
A9: jornal Oficial | B9: 2,1 Minimos | C9: =2.1*C6 -> 61446.21 | D9: =+C9*1.1 -> 67590.831 | E9: =+C9*1.15 -> 70663.141
A10: valor real del jornal | B10: 2.1232 | C10: =+B10*C9 -> 130462.59 | D10: =+C10*1.1 -> 143508.85 | E10: =+C10*1.15 -> 150031.98
A11: valor total hora oficial | C11: =+ROUND(C10/8,0) -> 16308 | D11: =+C11*1.1 -> 17938.8 | E11: =+C11*1.15 -> 18754.2
A12: Valor dia cuadrilla | C12: =+C7+C10 -> 193813.64 | D12: =+C12*1.1 -> 213195 | E12: =+C12*1.15 -> 222885.68
A13: Valor hora cuadrilla | C13: =+C8+C11 -> 24227 | D13: =+ROUND((D8+D11),0) -> 26650 | E13: =+ROUND((E8+E11),0) -> 27861 | F13: =+E13/35 -> 796.02857
A14: Salida Electrica
D19: =60*0.33 -> 19.8 | E19: =+E13/35 -> 796.02857
B57: EQUIPO | D57: UNIDAD | E57: PRECIO | F57: VENTA | G57: %
B58: MEZCLADORA ELECTRICA 1,5 BT | D58: $/ DIA | E58: =+ROUND(39900,0) -> 39900 | G58: =+IFERROR(E58/F58,0) -> 0 | I58: $/ DIA
B59: TALADRO PERCUTOR 1/2 | D59: $/ DIA | E59: 11900 | F59: 129121 | G59: =+IFERROR(E59/F59,0) -> 0.092161616 | I59: $/HORA
B60: ROTAMARTILLO | D60: $/ DIA | E60: 48900 | G60: =+IFERROR(E60/F60,0) -> 0 | I60: $/MES
B61: PLANTA ELECTRICA 4 TIEMPOS | D61: $/ DIA | E61: 66900 | F61: 1450000 | G61: =+IFERROR(E61/F61,0) -> 0.046137931
B62: SOLDADOR LINCON | D62: $/ DIA | E62: 51900 | G62: =+IFERROR(E62/F62,0) -> 0
B63: HIDROLAVADORA 6,5 LT/ MIN | D63: $/ DIA | E63: 48900 | G63: =+IFERROR(E63/F63,0) -> 0
B64: Alquiler Sierra Circular 7 1/4 Pulg 1950W | D64: $/ DIA | E64: 16900 | G64: =+IFERROR(E64/F64,0) -> 0
B65: Alquiler Tronzadora 14" | D65: $/ DIA | E65: 28900 | G65: =+IFERROR(E65/F65,0) -> 0
B66: PULIDORA 9" | D66: $/ DIA | E66: 18900 | F66: 400000 | G66: =+IFERROR(E66/F66,0) -> 0.04725
B67: COMPRESOR | D67: $/ DIA | F67: 400000 | G67: =+IFERROR(E67/F67,0) -> 0
F68: G | G68: =+IFERROR(E68/F68,0) -> 0
F69: C | G69: =+IFERROR(E69/F69,0) -> 0
F70: PIPI | G70: =+IFERROR(E70/F70,0) -> 0
G71: =+IFERROR(E71/F71,0) -> 0
G72: =+IFERROR(E72/F72,0) -> 0
G73: =+IFERROR(E73/F73,0) -> 0
G74: =+IFERROR(E74/F74,0) -> 0
G75: =+IFERROR(E75/F75,0) -> 0
G76: =+IFERROR(E76/F76,0) -> 0

Sheet PINTURAS_CONSUMOS 
F2: RENDIMIENTO | H2: COSUMO
B3: CLASE | C3: UNIDAD | D3: DENSIDAD_KGR / GALON | F3: M2 /GALON | G3: ML / GALON | H3: GAL / M2 | I3: GAL / ML | M3: PINTURA ESMALTE SINTETICO
B4: PLASTICO EN FRIO __LLANA | C4: GAL | D4: 7.05 | E4: 7.45 | F4: 3 | G4: =F4/0.12 -> 25 | H4: =2.4/7.25 -> 0.33103448 | I4: =+H4*0.12 -> 0.039724138 | M4: PINTURA ACRÍLICA BASE AGUA PIGMENTADA (VERDE, NARANJA, ROJO O AZUL)
B5: PLASTICO EN FRIO __PULVERIZACION | C5: GAL | D5: 7.05 | E5: 7.45 | F5: =ROUND(7.25/1.2,0) -> 6 | G5: =F5/0.12 -> 50 | H5: =1.2/7.25 -> 0.16551724 | I5: =+H5*0.12 -> 0.019862069 | M5: PINTURA ACRÍLICA BASE DE AGUA BLANCA Y AMARILLA
B6: PLASTICO EN FRIO __ MAQUINA AUTOMATICA | C6: GAL | D6: 7.05 | E6: 7.45 | F6: =ROUND(7.25/2.45,0) -> 3 | G6: =F6/0.12 -> 25 | H6: =2.4/7.25 -> 0.33103448 | I6: =+H6*0.12 -> 0.039724138 | K6: =0.13*6.7 -> 0.871 | M6: PINTURA ACRÍLICA BASE DE AGUA NEGRA
B7: PLASTICO EN FRIO __ RODILLO | C7: GAL | D7: 7.05 | E7: 7.45 | F7: =ROUND(7.25/1.2,0) -> 6 | G7: =F7/0.12 -> 50 | H7: =1.2/7.25 -> 0.16551724 | I7: =+H7*0.12 -> 0.019862069 | M7: PINTURA ACRÍLICA BASE SOLVENTE BLANCA Y AMARILLA
B8: PINTURA O RESINA TERMOPLÁSTICA _EXTRUSION | C8: KGR | H8: =+I8/0.12 -> 5.2083333 | I8: 0.625 | J8: =5.21*0.15 -> 0.7815 | M8: PINTURA ACRÍLICA BASE SOLVENTE PIGMENTADA (VERDE, NARANJA, ROJO O AZUL)
B9: PINTURA O RESINA TERMOPLÁSTICA -pulverizacion | C9: KGR | H9: =+I9/0.12 -> 6.9166667 | I9: 0.83
B10: IMPRIMANTE ACRILICO - NEGRO | C10: GAL | D10: 5.6 | E10: 5.8 | F10: 16 | H10: 0.0625 | I10: =+H10*0.12 -> 0.0075
B11: PINTURA ACRÍLICA BASE DE AGUA BLANCA Y AMARILLA | C11: GAL | D11: 6.7 | E11: 6.8 | F11: 7.5 | G11: 84 | H11: =1/F11 -> 0.13333333 | I11: =1/G11 -> 0.011904762 | J11: REVISAR ESTOS UNITARIOS POR CONSUMO
B12: PINTURA ACRÍLICA BASE DE AGUA BLANCA Y AMARILLA | C12: GAL | D12: 6.7 | E12: 6.8 | H12: =0.813/6.7 -> 0.12134328 | I12: =+H12*0.12 -> 0.014561194 | M12: PINTURA O RESINA TERMOPLÁSTICA
B13: PINTURA ACRÍLICA BASE SOLVENTE BLANCA Y AMARILLA | C13: GAL | F13: =1/7.5 -> 0.13333333 | M13: PINTURA PLÁSTICO EN FRIO METIL METACRILATO BLANCA O AMARILLA - EXTRUSIÓN (98:2)
B14: PINTURA ELECTROSTÁTICA M2 | C14: KGR | H14: =1/8 -> 0.125 | J14: =0.09*0.12 -> 0.0108 | M14: PINTURA PLÁSTICO EN FRIO METIL METACRILATO BLANCA O AMARILLA - PARA APLICACIÓN CON LLANA (98:2), INCLUYE CATALIZADOR
B15: PINTURA EN POLVO | C15: GAL | M15: PINTURA PLÁSTICO EN FRIO METIL METACRILATO BLANCA O AMARILLA - SPRAY (1:1)
B16: PINTURA ANTICORROSIVA | C16: GAL | J16: =0.61*3.78/6.7 -> 0.34414925 | M16: PINTURA PLÁSTICO EN FRIO METIL METACRILATO PIGMENTADA (NARANJA - VERDE - ROJO - AZUL) - PARA APLICACIÓN CON LLANA (98:2), INCLUYE CATALIZADOR
B17: PINTURA ESMALTE SINTETICO | C17: GAL
H27: =2.45/3.78 -> 0.64814815
C32: =0.6/3.78 -> 0.15873016 | F32: 0.61

Sheet ENLACES 
A1: No. | B1: DESCRIPCION | C1: UNIDAD | D1: SDM 2019 | E1: https://www.dvial.es/bolardos-de-plastico-hitos-y-balizas/999-191-hito-de-vertice-divergente-de-senalizacion-obispo.html#/24-tamano-120/267-color-azul | G1: AVERY DENNISON | H1: PROVESI | I1: PINTUCO | J1: FERRETERÍA Y ELÉCTRICOS SARAY | K1: SUMINISTROS OSORIO | L1: UTIL | M1: LA FERRETEMIA | N1: LO ENCUENTRAS. COM. CO | O1: IDU PRECIO DE REFERENCIA | P1: CONSTRUMOLE | Q1: CEMEX | R1: ICCU | S1: HOMECENTER | T1: EASY | U1: ACUEDUCTO | V1: FERROPETROL | W1: EL PALUSTRE | X1: FERRETERÍA LEVALLEJO AZ | Y1: DIGALTEX S.A.S | Z1: OTROS | AA1: GLP | AB1: SOCINTER | AC1: MADERAS PUERTO COLOMBIA LTDA | AD1: ASERRIO SAN IGNACIO LTDA | AE1: FORMADERAS Y CASETONES WP SAS
A2: 1 | B2: ACERO DE REFUERZO FY 36000 PSI | C2: KG
A3: =+A2+1 -> 2 | B3: ACERO DE REFUERZO FY 60000 PSI | C3: KG
A4: =+A3+1 -> 3 | B4: AGUA | C4: LT
A5: =+A4+1 -> 4 | B5: ALAMBRE NEGRO CL-18 | C5: KGR | K5: https://ferreteriaosorio.com/products/alambre-negro | N5: https://www.loencuentras.com.co/hierros/70-alambre-negro-de-amarre.html | S5: https://www.homecenter.com.co/homecenter-co/product/278147/alambre-negro-1kg-c17-147mm-alm/278147/
A6: =+A5+1 -> 5 | B6: ÁNGULO METÁLICO DE 2"X2"X1/4" L=6M | C6: ML | W6: https://elpalustre.com.co/index.php?route=product/product&product_id=3945
A7: =+A6+1 -> 6 | B7: ÁNGULO METÁLICO DE 2"X2"X1/8" L=6M | C7: ML | V7: https://ferropetrol.com/shop/sin-categoria/angulo-hr-1-4-x-2-x-6-mts/ | W7: https://elpalustre.com.co/index.php?route=product/product&path=17_139&product_id=789
A8: =+A7+1 -> 7 | B8: ANTIDESLIZANTE – SUPER GRIP | C8: KGR | V8: https://ferropetrol.com/shop/sin-categoria/angulo-hr-1-8-x-2-x-6-mts/
A9: =+A8+1 -> 8 | B9: ARENA LAVADA | C9: M³
A10: =+A9+1 -> 9 | B10: BALIZA ILUMINADA ELEVADA (LUZ INTERMITENTE DE COLOR AMARILLO) DIMENSIONES DE ACUERDO CON LA FIGURA 6,1-4 DE RESOLUCIÓN 1885 DE 2015. | C10: UND
A11: =+A10+1 -> 10 | B11: BANDA ALERTADORA EN RESINA CON ALTA RESISTENCIA AL IMPACTO CON ANCHO MINIMO DE 25 CM Y ALTURA MAXIMA DE 2 CM. INCLUYE ELEMENTOS PARA LA FIJACIÓN (BANDA SONORA PLÁSTICA) | C11: ML
A12: =+A11+1 -> 11 | B12: BARRICADA, ANCHO 2,4 M, 3 LISTONES DE 20 CM DE ANCHO EN MATERIAL REFLECTIVO TIPO IV O SUPERIOR (BLANCO Y NARANJA), ALTURA MIN 1,5M, FIGURA 4-15 RESOLUCIÓN 1885 DE 2015 | C12: UND | Z12: https://fullmineria.com/producto/barricada-metalica-tipo-idu-2/
A13: =+A12+1 -> 12 | B13: BORDILLO NO TRANSPASABLE CONCRETO AMARILLO Y REFUERZO 1/2" CUATRO ANCLAJES 5/8" X 4" DE LARGO (DE15 CM, 20 CM Y 100 CM) | C13: UND
A14: =+A13+1 -> 13 | B14: BORDILLO NO TRANSPASABLE, EN RESINA POLIÉSTER DE COLOR AMARILLO CON ALTA RESISTENCIA AL IMPACTO (TIPO PIRAMIDAL CON INCRUSTACIÓN AL PAVIMENTO EN CUATRO ANCLAJES, LARGO 100 CM, ANCHO DE 20 CM Y ALTURA MINIMA DE 15 CM DE ACUERDO CON LA FIGURA 5-18) | C14: UND
A15: =+A14+1 -> 14 | B15: BORDILLO TRANSPASABLE EN RESINA POLIÉSTER DE COLOR AMARILLO CON ALTA RESISTENCIA AL IMPACTO (TIPO PIRAMIDAL, LARGO 40 CM, ANCHO DE 15 CM Y ALTURA MINIMA DE 8 CM DE ACUERDO CON LA FIGURA 5-18 DE LA RESOLUCIÓN 1885 DE 2015) | C15: UND
A16: =+A15+1 -> 15 | B16: BORDILLO TRANSPASABLE METÁLICO DE COLOR AMARILLO CON ALTA RESISTENCIA AL IMPACTO (TIPO PIRAMIDAL, LARGO 40 CM, ANCHO DE 15 CM Y ALTURA MINIMA DE 8 CM DE ACUERDO CON LA FIGURA 5-18 DE LA RESOLUCIÓN 1885 DE 2015) | C16: UND
A17: =+A16+1 -> 16 | B17: BOYA METÁLICA DE COLOR AMARILLO, CON ALTA RESISTENCIA AL IMPACTO, CON LENTES REFLECTANTES (DIMENSIONES MÁXIMAS: DE 10 CM DE ALTURA Y 24 CM DE BASE) | C17: UND
A18: =+A17+1 -> 17 | B18: BOYA PLÁSTICA DE COLOR AMARILLO, CON ALTA RESISTENCIA AL IMPACTO, CON LENTES REFLECTANTES (DIMENSIONES MÁXIMAS: DE 10 CM DE ALTURA Y 24 CM DE BASE) | C18: UND
A19: =+A18+1 -> 18 | B19: BROCA PUNTA DE TUNGSTENO DE 1/2" | C19: UND | L19: https://www.util.com.co/broca-tipo-usa-pmuro-punta-tungsteno-12-x-4-/p | S19: https://www.homecenter.com.co/homecenter-co/product/555989/broca-tipo-usa-p-muro-punta-tungsteno-1-2-x-4-/555989/
A20: =+A19+1 -> 19 | B20: BROCA PARA METAL 1/2" | C20: UND | K20: https://ferreteriaosorio.com/products/broca-hss-irwin?variant=36692845461654 | S20: https://www.homecenter.com.co/homecenter-co/product/96669/broca-hss-1-2-pulgada-d60a331/96669/
A21: =+A20+1 -> 20 | B21: BROCA TUNGSTENO DE 5/8" | C21: UND | L21: https://www.util.com.co/broca-s-d-s-tungsteno-trab-pesado-discover-58-x-8/p | S21: https://www.homecenter.com.co/homecenter-co/product/555985/broca-tipo-usa-p-muro-punta-tungsteno-5-8-x-6/555985/
A22: =+A21+1 -> 21 | B22: CANECA VIAL DE SEÑALIZACION | C22: UND
A23: =+A22+1 -> 22 | B23: CEMENTO GRIS | C23: KG | S23: https://www.homecenter.com.co/homecenter-co/product/13846/cemento-argos-gris-50kg/13846/ | T23: https://www.easy.com.co/cemento-argos-portland-tipo-i-x-50-kg/p
A24: =+A23+1 -> 23 | B24: CHAZO ANCLA DE CUNA 1/2 X 4 1/2 | C24: UND | M24: https://laferretemia.com/index.php/product/chazo-cuna/
A25: =+A24+1 -> 24 | B25: CINTA DE SEÑALIZACIÓN CALIBRE MÍNIMO DE 2 MM, ANCHO 10 CM X 500M DE LONGITUD | C25: ML | S25: https://www.homecenter.com.co/homecenter-co/product/336895/cinta-de-acordonamiento-rollo-500mt/336895/
A26: =+A25+1 -> 25 | B26: CONCRETO HIDRAULICO 2000 PSI 14 MPA (140 KG/M2) | C26: M³
A27: =+A26+1 -> 26 | B27: CONCRETO HIDRAULICO 2500 PSI 17 MPA (175 KG/CM2) | C27: M³
A28: =+A27+1 -> 27 | B28: CONCRETO HIDRAULICO 3000 PSI 21 MPA (210 KG/CM2) | C28: M³
A29: =+A28+1 -> 28 | B29: CONCRETO HIDRAULICO 3500 PSI 24 MPA (245 KG/CM2) | C29: M³
A30: =+A29+1 -> 29 | B30: CONCRETO HIDRAULICO 4000 PSI 28 MPA (280 KG/CM2) | C30: M³
A31: =+A30+1 -> 30 | B31: CONCRETO HIDRAULICO 5000 PSI 34 MPA (350 KG/CM2) | C31: M³
A32: =+A31+1 -> 31 | B32: CONCRETO GRAVA FINA 3000 PSI 21 MPA (210 KG/CM2) | C32: M³
A33: =+A32+1 -> 32 | B33: CONO VIAL. | C33: UND
A34: =+A33+1 -> 33 | B34: CONO VIAL CONSTRUIDO EN MATERIAL SINTETICO FLEXIBLE CON TRES BANDAS DE 10 CM EN PAPEL REFLECTIVO BLANCO TIPO IV O SUPERIOR, ALTURA 90 CM. | C34: UND
A35: =+A34+1 -> 34 | B35: DELINEADOR DE CORONA (HITO DE ARISTA) MATERIAL SINTETICO FLEXIBLE BLANCO, FRANJA NEGRA Y MATERIAL RETROFLECTIVO (TIPO "A", FIJADO EN CONCRETO, MIN DE 75 Y MÁX DE 120 CM FIGURA 5-2 Y 5-3) | C35: UND | Z35: https://fullmineria.com/producto/hitos-de-arista/
A36: =+A35+1 -> 35 | B36: DELINEADOR TUBULAR SIMPLE (HITO PLÁSTICO - FIGURA 5-17A) MATAREIAL SINTETICO FLEXIBLE COLOR AMARILLO CON TRES BANDAS DE 7,5 CM EN PAPEL REFLECTIVO BLANCO (MÍN 70 CM Y MÍNIMO DE 8 CM) | C36: UND | H36: https://provesi.com.co/otros-senalizacion-vial/842-hito-delineador-vial-flexible-naranja-tubo-senalizacion-tg-tornillos.html
A37: =+A36+1 -> 36 | B37: DELINEADOR TUBULAR TIPO CANALIZADOR DE 129 CM DE ALTURA. | C37: UND | H37: https://provesi.com.co/otros-senalizacion-vial/837-senalizador-vial-tubular-base-cono-naranja-baliza-3-reflectivos-pg-.html
A38: =+A37+1 -> 37 | B38: DISCO DE CORTE / ABRASIVO 4 1/2 X 1/8" | C38: UND | Z38: https://tiendabosch.co/discos-abrasivos/21121-disco-flap-fibra-4-12-curvo-grano-40-bosch-.html
A39: =+A38+1 -> 38 | B39: DISOLVENTE AJUSTADOR LENTO XILOL | C39: GALON | S39: https://www.homecenter.com.co/homecenter-co/product/338593/disolvente-xilol-industrial-x-3-litros/338593/ | V39: https://ferropetrol.com/shop/pintuco/galon-ajustador-xilol-21204-10017263/
A40: =+A39+1 -> 39 | B40: ESTOPEROL METÁLICO CON ESPIGO, DIAMETRO MÍNIMO 10 CM Y ALTURA MÁXIMA 2,5 CM DE ALTURA CON UN ESPIGO DE MÍNIMO 5 CM (NTC 4745) | C40: UND
A41: =+A40+1 -> 40 | B41: ESTOPEROL PLÁSTICO CON ESPIGO, DIAMETRO MÍNIMO 10 CM Y ALTURA MÁXIMA 2,5 CM DE ALTURA CON UN ESPIGO DE MÍNIMO 5 CM (NTC 4745) | C41: UND
A42: =+A41+1 -> 41 | B42: ESTOPEROL PLÁSTICO DE 10 CM DE DIÁMETRO Y 2 CM DE ALTURA (NTC 4745) | C42: UND | Z42: https://fullmineria.com/producto/estoperol-en-plastico-blanco/
A43: =+A42+1 -> 42 | B43: GAS PROPANO | C43: LB | AA43: https://www.velogassaesp.com/productos/cilindro-de-100-lbs-45-kg/
A44: =+A43+1 -> 43 | B44: GRAVILLA MONA # 1 | C44: KGR | S44: https://www.homecenter.com.co/homecenter-co/product/297070/gravilla-mona-40kg/297070/ | Z44: https://www.producabos.com/producto/gravilla-mona-no-1-corriente/
A45: =+A44+1 -> 44 | B45: GRAVILLA MONA # 2 | C45: KGR | Z45: https://www.producabos.com/producto/gravilla-mona-no-2-corriente/
A46: =+A45+1 -> 45 | B46: GRAVILLA Ø ≤ 3/4" | C46: M³ | N46: https://www.loencuentras.com.co/agregados-y-material-de-cantera/1428-grava-1-1-2.html
A47: =+A46+1 -> 46 | B47: HITO DE VÉRTICE EN RESINA COLOR AZUL Y MATERIAL RETRORREFLECTIVO SEMICILINDRICO CON INCRUSTACIÓN AL PAVIMENTO, ALTURA 1,20 M A 1,35 M, , ANCHO 1M A 1,2M FIGURA 5-13) | C47: UND
A48: =+A47+1 -> 47 | B48: IMPRIMANTE ACRÍLICO NEGRO 4 mill | C48: GALON
A49: =+A48+1 -> 48 | B49: IMPRIMANTE TRANSPARENTE BASE EPOXICA (CINTAS PREFORMADAS) | C49: GALON
A50: =+A49+1 -> 49 | B50: LÁMINA GALVANIZADA C 16 E= 1, 40 mm | C50: M²
A51: =+A50+1 -> 50 | B51: LÁMINA GALVANIZADA C 16 E= 1, 45 mm | C51: M²
A52: =+A51+1 -> 51 | B52: LÁMINA GALVANIZADA C 16 E=1,50 mm | C52: M² | P52: https://www.construmole.com/producto/lamina-galvanizada-2-x-1-c-16-1-50/#:~:text=%24208.627!,Si%20tienes%20alguna%20duda%2C%20preg%C3%BAntanos.
A53: =+A52+1 -> 52 | B53: LAMINA GALVANIZADA CL-20 E = 0 .90 mm | C53: M²
A54: =+A53+1 -> 53 | B54: LAMINA GALVANIZADA CL-20 E = 0.80 mm | C54: M²
A55: =+A54+1 -> 54 | B55: LAMINA GALVANIZADA CL-20 E = 0.85 mm | C55: M² | Z55: https://tienda.fajobe.com.co/producto/lamina-galvanizada-calibre-20-0-85mm-1x2mt/
A56: =+A55+1 -> 55 | B56: LAMINA MAGNETICA 0.8 mm de espesor x 62 cm de ancho: Blanca en una de las caras | C56: UND
A57: =+A56+1 -> 56 | B57: LISTÓN EN MADERA 4 X 4 | C57: ML
A58: =+A57+1 -> 57 | B58: LISTÓN EN MADERA DE 2X2CM | C58: ML
A59: =+A58+1 -> 58 | B59: LISTÓN EN MADERA DE 3X3CM | C59: ML
A60: =+A59+1 -> 59 | B60: MACILLA EPOXICA PARA ANCLAJES (A+B) | C60: GL | Z60: https://articulo.mercadolibre.com.co/MCO-1972626094-sikadur-42-anclaje-grout-epoxico-de-pernos-x-5-kg-_JM#position=14&search_layout=stack&type=item&tracking_id=227d4730-48a1-4f7b-a954-f91f056deda7
A61: =+A60+1 -> 60 | B61: MADERA ROLLIZA (ALTURA MÍNIMA 6,0 M) | C61: ML
A62: =+A61+1 -> 61 | B62: MALETÍN PLÁSTICO DE BASE MÍNIMA DE 50 CM POR 200 CM Y ALTURA MÍNIMA DE 100 CM, CON MATERIAL REFLECTIVO COLOR BLANCO TIPO IV O SUPERIOR. | C62: UND | H62: https://provesi.com.co/otros-senalizacion-vial/1975-barrera-vial-o-maletin-plastico-largo-205mts-alto-1mt-ancho-base-495-cm-pg-2g.html
A63: =+A62+1 -> 62 | B63: MANILA 3/8" | C63: ML | J63: https://ferreteriasaray.com/inicio/soga-n-10--6410.html | K63: https://ferreteriaosorio.com/products/manila-milenio?variant=36883773456534 | T63: https://www.easy.com.co/soga-clasica-pp-10mm-x-1-m/p | V63: https://ferropetrol.com/shop/sin-categoria/manila-polipropileno-3-8-x-250-mts/
A64: =+A63+1 -> 63 | B64: MICROESFERA DE VIDRIO (ESFERICIDAD MAYOR A 80%) | C64: KGR
A65: =+A64+1 -> 64 | B65: MORTERO 2000 PSI 14 MPA (140 KG/CM2) | C65: M³
A66: =+A65+1 -> 65 | B66: OXIGENO | C66: LB
A67: =+A66+1 -> 66 | B67: PAPEL REFLECTIVO GRADO INGENIERÍA (I) | C67: M²
A68: =+A67+1 -> 67 | B68: PAPEL REFLECTIVO PRISMÁTICO ALTA INTENSIDAD TIPO IV | C68: M²
A69: =+A68+1 -> 68 | B69: PAPEL REFLECTIVO TIPO XI | C69: M²
A70: =+A69+1 -> 69 | B70: PAPEL REFLECTIVO TIPO IV | C70: M²
A71: =+A70+1 -> 70 | B71: PAPELERIA | C71: GL
A72: =+A71+1 -> 71 | B72: PEGANTE EPOXICO | C72: KGR
A73: =+A72+1 -> 72 | B73: PEGANTE EPOXICO 1/4 GALÓN (RENDIMIENTO APROX. 30 (ESTOPEROLES Y TACHAS) | C73: KR | H73: https://provesi.com.co/productos/1675-pegante-epoxico-bicomponente-16-kg-pintuco.html
A74: =+A73+1 -> 73 | B74: PELÍCULA ANTIGRAFITTI | C74: M²
A75: =+A74+1 -> 74 | B75: PINTURA ACRÍLICA BASE AGUA PIGMENTADA (VERDE, NARANJA, ROJO O AZUL) | C75: GALON
A76: =+A75+1 -> 75 | B76: PINTURA ACRÍLICA BASE DE AGUA BLANCA Y AMARILLA | C76: GALON
A77: =+A76+1 -> 76 | B77: PINTURA ACRÍLICA BASE DE AGUA NEGRA | C77: GALON | D77: =+#REF! -> #REF!
A78: =+A77+1 -> 77 | B78: PINTURA ACRÍLICA BASE SOLVENTE BLANCA Y AMARILLA | C78: GALON | T78: https://www.easy.com.co/pintura-trafico-1gl-negro-tito-pabon/p?idsku=1134045&gad_source=1&gclid=Cj0KCQjwiYOxBhC5ARIsAIvdH50Bn9W37Xsaf1BBe_SgBWsTM_HBiBqOdExZkUtaoi9PnxLy5c34IeAaAgnXEALw_wcB | V78: https://ferropetrol.com/shop/pintuco/gal-pintura-multip-base-solv-blanco-653/
A79: =+A78+1 -> 78 | B79: PINTURA ACRÍLICA BASE SOLVENTE PIGMENTADA (VERDE, NARANJA, ROJO O AZUL) | C79: GALON
A80: =+A79+1 -> 79 | B80: PINTURA ELECTROSTÁTICA M2 | C80: KGR
A81: =+A80+1 -> 80 | B81: PINTURA O RESINA TERMOPLÁSTICA | C81: KGR
A82: =+A81+1 -> 81 | B82: PINTURA PLÁSTICO EN FRIO METIL METACRILATO BLANCA O AMARILLA - EXTRUSIÓN (98:2) | C82: GALON
A83: =+A82+1 -> 82 | B83: PINTURA PLÁSTICO EN FRIO METIL METACRILATO BLANCA O AMARILLA - PARA APLICACIÓN CON LLANA (98:2), INCLUYE CATALIZADOR | C83: GALON
A84: =+A83+1 -> 83 | B84: PINTURA PLÁSTICO EN FRIO METIL METACRILATO BLANCA O AMARILLA - SPRAY (1:1) | C84: GALON
A85: =+A84+1 -> 84 | B85: PINTURA PLÁSTICO EN FRIO METIL METACRILATO PIGMENTADA (NARANJA - VERDE - ROJO - AZUL) - PARA APLICACIÓN CON LLANA (98:2), INCLUYE CATALIZADOR | C85: GALON
A86: =+A85+1 -> 85 | B86: PLATINA 1/4" CON ESPESOR DE 6,35 MM | C86: M² | Z86: PLATINA 1/4 X 1 (lagranferreteria.com)
A87: =+A86+1 -> 86 | B87: PLATINA CON ESPESOR DE 3 MM (1/8" cl 11) | C87: M²
A88: =+A87+1 -> 87 | B88: POLISOMBRA AL 65% MIXTA (AZUL TRASLUCIDO-VERDE) DE ALTURA 2,1 METROS (TELA DE CERRAMIENTO MIXTA) | C88: M² | S88: https://www.homecenter.com.co/homecenter-co/product/329947/tela-mixta-verde-azul-impresa-50ml-x-2m-ancho/329947/ | T88: https://www.easy.com.co/tela-verde-2-10-mt-x-1mt-uv-2anos/p | V88: https://ferropetrol.com/shop/sin-categoria/tela-verde-para-cerramiento/
A89: =+A88+1 -> 88 | B89: POSTE ROLLIZO D= 10CM L= 6 MTS | C89: ML
A90: =+A89+1 -> 89 | B90: POSTE ROLLIZO D= 12CM A 15CM L= 6 MTS | C90: ML
A91: =+A90+1 -> 90 | B91: PRETAL PARA TRABAJO EN POSTE | C91: UND | V91: https://ferropetrol.com/shop/sin-categoria/puntilla-c-cabeza-21-2/ | Z91: https://www.prosisoma.com/producto/par-de-pretal-para-trabajo-en-postes/
A92: =+A91+1 -> 91 | B92: PUNTILLA DE ACERO 2" X 1/2 " | C92: LB | S92: https://www.homecenter.com.co/homecenter-co/product/91607/puntilla-con-cabeza-2-1-2pg-500g/91607/ | X92: https://ferreteriaonlinelevallejoaz.com/puntilla-c-cab-2-1-2-500grm-caball/
A93: =+A92+1 -> 92 | B93: PROTECTOR ANTIGRAFFITI | C93: M²
A94: =+A93+1 -> 93 | B94: PUNTILLA DE ACERO DE 1" | C94: LB | J94: Puntilla lisa 1" con cabeza (ferreteriasaray.com) | S94: https://www.homecenter.com.co/homecenter-co/product/91604/puntilla-con-cabeza-1-500g/91604/ | V94: https://ferropetrol.com/shop/sin-categoria/lb-puntilla-c-cabeza-1/
A95: =+A94+1 -> 94 | B95: RECEBO COMÚN (SUMINISTRO Y TRANSPORTE, NO COMPACTO) | C95: M³ | N95: https://www.loencuentras.com.co/agregados-y-material-de-cantera/43-recebo-b-200.html
A96: =+A95+1 -> 95 | B96: REMACHES CON ARANDELAS DE 4*10 MM | C96: UND | T96: https://www.easy.cl/remache-tipo-pop-4-x-10-mm-10-unidades-imporper-238193/p
A97: =+A96+1 -> 96 | B97: REMACHES CON ARANDELAS POR 1" | C97: UND | S97: https://www.homecenter.com.co/homecenter-co/product/593349/remache-tipo-pop-aluminio-1-4-x-1-5u/593349/
A98: =+A97+1 -> 97 | B98: RESALTO PORTÁTIL DE CAUCHO CON ALTA RESISTENCIA AL IMPACTO CON ANCHO MÍNIMO DE 30 CM Y ALTURA ENTRE 5 Y 8 CM | C98: ML
A99: =+A98+1 -> 98 | B99: RESALTO PORTÁTIL DE PLÁSTICO CON ALTA RESISTENCIA AL IMPACTO DE ANCHO ENTRE 30 Y 50 CM Y ALTURA ENTRE 6 Y 8 CM (INCLUYE ELEMENTOS DE SUJECIÓN)
A100: =+A99+1 -> 99 | B100: SEGREGADOR VIAL - 2 PIEZAS TIPOPIRAMIDAL 18CM - 21 CM - 83 CM | C100: UND
...

Sheet PERSONAL
F1: PSS
A2: N° | B2: DESCRIPCION | C2: JORNAL | D2: JOR *PSS | E2: JORNAL TOTAL | F2: 0.5729 | G2: $ / Hra | H2: RENDIMIENTO/HRA | I2: PRECIOS 2017 | J2: SECOP II SDM-011-2020 ESTRUCTURADOR COLOMBIA 13-10-2020 | K2: SECOP II SDM-011-2020 INTEGRAL S.A. 13-10-2020 | L2: LPC INGENIERÍA VIAL 14-10-2020 | M2: PROYECTADOS DEL 2021 A 2024 | N2: IDU | O2: SOCINTER | P2: PROMEDIO | Q2: IDU 2024 | R2: JR 2021 | S2: PROMEDIO EN MES
A3: 1 | B3: AUXILIAR DE TRÁFICO | C3: =+IFERROR(P3,0) -> 56985 | D3: =+C3*$F$2 -> 32646.706 | E3: =+ROUND((C3+D3),0) -> 89632 | F3: =+C3*30 -> 1709550 | G3: =+ROUND(E3/30/8,2) -> 373.47 | M3: =R3*110.07%*116%*112.07% -> 66805.512 | N3: =+Q3 -> 50600 | O3: =(1350000/30)*1.19 -> 53550 | P3: =+ROUND(AVERAGE(I3:O3),0) -> 56985 | Q3: =1518000/30 -> 50600 | R3: 46687 | S3: =P3*30 -> 1709550
A4: =+A3+1 -> 2 | B4: AUXILIAR DE TRÁFICO NOCTURNO | C4: =+IFERROR(P4,0) -> 62383 | D4: =+C4*$F$2 -> 35739.221 | E4: =+ROUND((C4+D4),0) -> 98122 | F4: =+C4*30 -> 1871490 | M4: =R4*110.07%*116%*112.07% -> 66805.512 | N4: =+Q4 -> 66792 | O4: =(1350000/30)*1.19 -> 53550 | P4: =+ROUND(AVERAGE(I4:O4),0) -> 62383 | Q4: =2003760/30 -> 66792 | R4: 46687 | S4: =P4*30 -> 1871490
A5: =+A4+1 -> 3 | B5: AYUDANTE | C5: =+IFERROR(P5,0) -> 46078 | D5: =+C5*$F$2 -> 26398.086 | E5: =+ROUND((C5+D5),0) -> 72476 | F5: =+C5*30 -> 1382340 | M5: =R5*110.07%*116%*112.07% -> 43334.078 | N5: =+Q5 -> 43333.333 | O5: =(1300000/30)*1.19 -> 51566.667 | P5: =+ROUND(AVERAGE(I5:O5),0) -> 46078 | Q5: =1300000/30 -> 43333.333 | R5: 30284 | S5: =P5*30 -> 1382340
A6: =+A5+1 -> 4 | B6: AYUDANTE NOCTURNO | C6: =+IFERROR(P6,0) -> 53012 | D6: =+C6*$F$2 -> 30370.575 | E6: =+ROUND((C6+D6),0) -> 83383 | F6: =+C6*30 -> 1590360 | M6: =R6*110.07%*116%*112.07% -> 58501.864 | N6: =+Q6 -> 57200 | O6: =1300000/30 -> 43333.333 | P6: =+ROUND(AVERAGE(I6:O6),0) -> 53012 | Q6: =1716000/30 -> 57200 | R6: 40884 | S6: =P6*30 -> 1590360
A7: =+A6+1 -> 5 | B7: COLAMINADOR | C7: =+IFERROR(P7,0) -> 58030 | D7: =+C7*$F$2 -> 33245.387 | E7: =+ROUND((C7+D7),0) -> 91275 | F7: =+C7*30 -> 1740900 | M7: =R7*110.07%*116%*112.07% -> 70424.317 | N7: =+Q7 -> 53667 | O7: =1500000/30 -> 50000 | P7: =+ROUND(AVERAGE(I7:O7),0) -> 58030 | Q7: =+[20]insumos!$K$1375 -> 53667 | R7: 49216 | S7: =P7*30 -> 1740900
A8: =+A7+1 -> 6 | B8: CONDUCTOR | C8: =+IFERROR(P8,0) -> 52088 | D8: =+C8*$F$2 -> 29841.215 | E8: =+ROUND((C8+D8),0) -> 81929 | F8: =+C8*30 -> 1562640 | M8: =R8*110.07%*116%*112.07% -> 55662.913 | N8: =+Q8 -> 50600 | O8: =1500000/30 -> 50000 | P8: =+ROUND(AVERAGE(I8:O8),0) -> 52088 | Q8: =1518000/30 -> 50600 | R8: 38900 | S8: =P8*30 -> 1562640
A9: =+A8+1 -> 7 | B9: CORTADOR | C9: =+IFERROR(P9,0) -> 60119 | D9: =+C9*$F$2 -> 34442.175 | E9: =+ROUND((C9+D9),0) -> 94561 | F9: =+C9*30 -> 1803570 | M9: =R9*110.07%*116%*112.07% -> 70424.317 | N9: =+Q9 -> 59933.333 | O9: =1500000/30 -> 50000 | P9: =+ROUND(AVERAGE(I9:O9),0) -> 60119 | Q9: =1798000/30 -> 59933.333 | R9: 49216 | S9: =P9*30 -> 1803570
A10: =+A9+1 -> 8 | B10: DIBUJANTE 1 | C10: =+IFERROR(P10,0) -> 83465 | D10: =+C10*$F$2 -> 47817.099 | E10: =+ROUND((C10+D10),0) -> 131282 | F10: =+C10*30 -> 2503950 | M10: =R10*110.07%*116%*112.07% -> 97460.18 | N10: =+Q10 -> 99600 | O10: =1600000/30 -> 53333.333 | P10: =+ROUND(AVERAGE(I10:O10),0) -> 83465 | Q10: =2988000/30 -> 99600 | R10: 68110 | S10: =P10*30 -> 2503950
A11: =+A10+1 -> 9 | B11: DIBUJANTE 2 | C11: =+IFERROR(P11,0) -> 64903 | D11: =+C11*$F$2 -> 37182.929 | E11: =+ROUND((C11+D11),0) -> 102086 | F11: =+C11*30 -> 1947090 | M11: =R11*110.07%*116%*112.07% -> 82673.019 | N11: =+Q11 -> 47133.333 | P11: =+ROUND(AVERAGE(I11:O11),0) -> 64903 | Q11: =1414000/30 -> 47133.333 | R11: 57776 | S11: =P11*30 -> 1947090
A12: =+A11+1 -> 10 | B12: DOBLADOR | C12: =+IFERROR(P12,0) -> 58030 | D12: =+C12*$F$2 -> 33245.387 | E12: =+ROUND((C12+D12),0) -> 91275 | F12: =+C12*30 -> 1740900 | M12: =R12*110.07%*116%*112.07% -> 70424.317 | N12: =+Q12 -> 53667 | O12: =1500000/30 -> 50000 | P12: =+ROUND(AVERAGE(I12:O12),0) -> 58030 | Q12: =+Q7 -> 53667 | R12: 49216 | S12: =P12*30 -> 1740900
A13: =+A12+1 -> 11 | B13: ING SEGURIDAD INDUSTRIAL Y SALUD OCUPACIONAL | C13: =+IFERROR(P13,0) -> 206027 | D13: =+C13*$F$2 -> 118032.87 | E13: =+ROUND((C13+D13),0) -> 324060 | F13: =+C13*30 -> 6180810 | M13: =R13*110.07%*116%*112.07% -> 181154.88 | N13: =+Q13 -> 230900 | P13: =+ROUND(AVERAGE(I13:O13),0) -> 206027 | Q13: =6927000/30 -> 230900 | R13: 126600 | S13: =P13*30 -> 6180810
A14: =+A13+1 -> 12 | B14: INGENIERO AUXILIAR DE INGENIERIA | C14: =+IFERROR(P14,0) -> 137585 | D14: =+C14*$F$2 -> 78822.446 | E14: =+ROUND((C14+D14),0) -> 216407 | F14: =+C14*30 -> 4127550 | M14: =R14*110.07%*116%*112.07% -> 110404.31 | N14: =+Q14 -> 164766.67 | P14: =+ROUND(AVERAGE(I14:O14),0) -> 137585 | Q14: =4943000/30 -> 164766.67 | R14: 77156 | S14: =P14*30 -> 4127550
A15: =+A14+1 -> 13 | B15: INGENIERO ESPECIALISTA | C15: =+IFERROR(P15,0) -> 241827 | D15: =+C15*$F$2 -> 138542.69 | E15: =+ROUND((C15+D15),0) -> 380370 | F15: =+C15*30 -> 7254810 | M15: =R15*110.07%*116%*112.07% -> 255082.09 | N15: =+Q15 -> 287066.67 | O15: =5500000/30 -> 183333.33 | P15: =+ROUND(AVERAGE(I15:O15),0) -> 241827 | Q15: =8612000/30 -> 287066.67 | R15: 178264 | S15: =P15*30 -> 7254810
A16: =+A15+1 -> 14 | B16: INGENIERO RESIDENTE DIURNO | C16: =+IFERROR(P16,0) -> 191141 | D16: =+C16*$F$2 -> 109504.68 | E16: =+ROUND((C16+D16),0) -> 300646 | F16: =+C16*30 -> 5734230 | M16: =R16*110.07%*116%*112.07% -> 181154.88 | N16: =+Q16 -> 258933.33 | O16: =4000000/30 -> 133333.33 | P16: =+ROUND(AVERAGE(I16:O16),0) -> 191141 | Q16: =7768000/30 -> 258933.33 | R16: 126600 | S16: =P16*30 -> 5734230
A17: =+A16+1 -> 15 | B17: INGENIERO RESIDENTE NOCTURNO | C17: =+IFERROR(P17,0) -> 226905 | D17: =+C17*$F$2 -> 129993.87 | E17: =+ROUND((C17+D17),0) -> 356899 | F17: =+C17*30 -> 6807150 | M17: =R17*110.07%*116%*112.07% -> 181154.88 | N17: =+Q17 -> 349560 | O17: =4500000/30 -> 150000 | P17: =+ROUND(AVERAGE(I17:O17),0) -> 226905 | Q17: =Q16*1.35 -> 349560 | R17: 126600 | S17: =P17*30 -> 6807150
A18: =+A17+1 -> 16 | B18: JEFE DE CUADRILLA DIURNO | C18: =+IFERROR(P18,0) -> 105557 | D18: =+C18*$F$2 -> 60473.605 | E18: =+ROUND((C18+D18),0) -> 166031 | F18: =+C18*30 -> 3166710 | M18: =R18*110.07%*116%*112.07% -> 130003.67 | N18: =+Q18 -> 130000 | O18: =1700000/30 -> 56666.667 | P18: =+ROUND(AVERAGE(I18:O18),0) -> 105557 | Q18: =3900000/30 -> 130000 | R18: 90853 | S18: =P18*30 -> 3166710
A19: =+A18+1 -> 17 | B19: JEFE DE CUADRILLA NOCTURNO | C19: =+IFERROR(P19,0) -> 135890 | D19: =+C19*$F$2 -> 77851.381 | E19: =+ROUND((C19+D19),0) -> 213741 | F19: =+C19*30 -> 4076700 | M19: =R19*110.07%*116%*112.07% -> 175504.16 | N19: =+Q19 -> 175500 | O19: =1700000/30 -> 56666.667 | P19: =+ROUND(AVERAGE(I19:O19),0) -> 135890 | Q19: =Q18*1.35 -> 175500 | R19: 122651 | S19: =P19*30 -> 4076700
A20: =+A19+1 -> 18 | B20: MAESTRO | C20: =+IFERROR(P20,0) -> 111908 | D20: =+C20*$F$2 -> 64112.093 | E20: =+ROUND((C20+D20),0) -> 176020 | F20: =+C20*30 -> 3357240 | M20: =R20*110.07%*116%*112.07% -> 129057.83 | N20: =+Q20 -> 130000 | O20: =2300000/30 -> 76666.667 | P20: =+ROUND(AVERAGE(I20:O20),0) -> 111908 | Q20: =3900000/30 -> 130000 | R20: 90192 | S20: =P20*30 -> 3357240
A21: =+A20+1 -> 19 | B21: MAESTRO NOCTURNO | C21: =+IFERROR(P21,0) -> 142131 | D21: =+C21*$F$2 -> 81426.85 | E21: =+ROUND((C21+D21),0) -> 223558 | F21: =+C21*30 -> 4263930 | M21: =R21*110.07%*116%*112.07% -> 174226.35 | N21: =+Q21 -> 175500 | O21: =2300000/30 -> 76666.667 | P21: =+ROUND(AVERAGE(I21:O21),0) -> 142131 | Q21: =5265000/30 -> 175500 | R21: 121758 | S21: =P21*30 -> 4263930
A22: =+A21+1 -> 20 | B22: OFICIAL | C22: =+IFERROR(P22,0) -> 64512 | D22: =+C22*$F$2 -> 36958.925 | E22: =+ROUND((C22+D22),0) -> 101471 | F22: =+C22*30 -> 1935360 | M22: =R22*110.07%*116%*112.07% -> 75203.6 | N22: =+Q22 -> 65000 | O22: =1600000/30 -> 53333.333 | P22: =+ROUND(AVERAGE(I22:O22),0) -> 64512 | Q22: =1950000/30 -> 65000 | R22: 52556 | S22: =P22*30 -> 1935360
A23: =+A22+1 -> 21 | B23: OFICIAL NOCTURNO | C23: =+IFERROR(P23,0) -> 77078 | D23: =+C23*$F$2 -> 44157.986 | E23: =+ROUND((C23+D23),0) -> 121236 | F23: =+C23*30 -> 2312340 | M23: =R23*110.07%*116%*112.07% -> 90151.024 | N23: =+Q23 -> 87750 | O23: =1600000/30 -> 53333.333 | P23: =+ROUND(AVERAGE(I23:O23),0) -> 77078 | Q23: =Q22*1.35 -> 87750 | R23: 63002 | S23: =P23*30 -> 2312340
A24: =+A23+1 -> 22 | B24: OPERADOR AUXILIAR DE EQUIPO | C24: =+IFERROR(P24,0) -> 58601 | D24: =+C24*$F$2 -> 33572.513 | E24: =+ROUND((C24+D24),0) -> 92174 | F24: =+C24*30 -> 1758030 | M24: =R24*110.07%*116%*112.07% -> 65869.688 | N24: =+Q24 -> 59933.333 | O24: =1500000/30 -> 50000 | P24: =+ROUND(AVERAGE(I24:O24),0) -> 58601 | Q24: =1798000/30 -> 59933.333 | R24: 46033 | S24: =P24*30 -> 1758030
A25: =+A24+1 -> 23 | B25: OPERADOR DE EQUIPO | C25: =+IFERROR(P25,0) -> 81862 | D25: =+C25*$F$2 -> 46898.74 | E25: =+ROUND((C25+D25),0) -> 128761 | F25: =+C25*30 -> 2455860 | M25: =R25*110.07%*116%*112.07% -> 102651.57 | N25: =+Q25 -> 89600 | O25: =1600000/30 -> 53333.333 | P25: =+ROUND(AVERAGE(I25:O25),0) -> 81862 | Q25: =2688000/30 -> 89600 | R25: 71738 | S25: =P25*30 -> 2455860
A26: =+A25+1 -> 24 | B26: OPERADOR DE EQUIPO NOCTURNO | C26: =+IFERROR(P26,0) -> 90946 | D26: =+C26*$F$2 -> 52102.963 | E26: =+ROUND((C26+D26),0) -> 143049 | F26: =+C26*30 -> 2728380 | M26: =R26*110.07%*116%*112.07% -> 98543.389 | N26: =+Q26 -> 120960 | O26: =1600000/30 -> 53333.333 | P26: =+ROUND(AVERAGE(I26:O26),0) -> 90946 | Q26: =Q25*1.35 -> 120960 | R26: 68867 | S26: =P26*30 -> 2728380
A27: =+A26+1 -> 25 | B27: PINTOR | C27: =+IFERROR(P27,0) -> 63611 | D27: =+C27*$F$2 -> 36442.742 | E27: =+ROUND((C27+D27),0) -> 100054 | F27: =+C27*30 -> 1908330 | M27: =R27*110.07%*116%*112.07% -> 65001.118 | N27: =+Q27 -> 75833.333 | O27: =1500000/30 -> 50000 | P27: =+ROUND(AVERAGE(I27:O27),0) -> 63611 | Q27: =2275000/30 -> 75833.333 | R27: 45426 | S27: =P27*30 -> 1908330
A28: =+A27+1 -> 26 | B28: PLOMERO | C28: =+IFERROR(P28,0) -> 67223 | D28: =+C28*$F$2 -> 38512.057 | E28: =+ROUND((C28+D28),0) -> 105735 | F28: =+C28*30 -> 2016690 | M28: =R28*110.07%*116%*112.07% -> 75834.637 | N28: =+Q28 -> 75833.333 | O28: =1500000/30 -> 50000 | P28: =+ROUND(AVERAGE(I28:O28),0) -> 67223 | Q28: =2275000/30 -> 75833.333 | R28: 52997 | S28: =P28*30 -> 2016690
A29: =+A28+1 -> 27 | B29: PROFESIONAL CATEGORÍA 1 (No incluye Factor de Prestaciones) | C29: =+IFERROR(P29,0) -> 550295 | D29: =+C29*$F$2 -> 315264.01 | E29: =+ROUND((C29+D29),0) -> 865559 | F29: =+C29*30 -> 16508850 | M29: =R29*110.07%*116%*112.07% -> 576423.09 | N29: =+Q29 -> 524166.67 | P29: =+ROUND(AVERAGE(I29:O29),0) -> 550295 | Q29: =15725000/30 -> 524166.67 | R29: 402833 | S29: =P29*30 -> 16508850
A30: =+A29+1 -> 28 | B30: PROFESIONAL CATEGORÍA 2 (No incluye Factor de Prestaciones) | C30: =+IFERROR(P30,0) -> 419420 | D30: =+C30*$F$2 -> 240285.72 | E30: =+ROUND((C30+D30),0) -> 659706 | F30: =+C30*30 -> 12582600 | M30: =R30*110.07%*116%*112.07% -> 439340.65 | N30: =+Q30 -> 399500 | P30: =+ROUND(AVERAGE(I30:O30),0) -> 419420 | Q30: =11985000/30 -> 399500 | R30: 307033 | S30: =P30*30 -> 12582600
A31: =+A30+1 -> 29 | B31: PROFESIONAL CATEGORÍA 3 (No incluye Factor de Prestaciones) | C31: =+IFERROR(P31,0) -> 353943 | D31: =+C31*$F$2 -> 202773.94 | E31: =+ROUND((C31+D31),0) -> 556717 | F31: =+C31*30 -> 10618290 | M31: =R31*110.07%*116%*112.07% -> 370752.2 | N31: =+Q31 -> 337133.33 | P31: =+ROUND(AVERAGE(I31:O31),0) -> 353943 | Q31: =10114000/30 -> 337133.33 | R31: 259100 | S31: =P31*30 -> 10618290
A32: =+A31+1 -> 30 | B32: PROFESIONAL CATEGORÍA 4 (No incluye Factor de Prestaciones) | C32: =+IFERROR(P32,0) -> 291481 | D32: =+C32*$F$2 -> 166989.46 | E32: =+ROUND((C32+D32),0) -> 458470 | F32: =+C32*30 -> 8744430 | M32: =R32*110.07%*116%*112.07% -> 315708.88 | N32: =+Q32 -> 287066.67 | O32: =8150000/30 -> 271666.67 | P32: =+ROUND(AVERAGE(I32:O32),0) -> 291481 | Q32: =8612000/30 -> 287066.67 | R32: 220633 | S32: =P32*30 -> 8744430
A33: =+A32+1 -> 31 | B33: PROFESIONAL CATEGORÍA 5 (No incluye Factor de Prestaciones) | C33: =+IFERROR(P33,0) -> 271844 | D33: =+C33*$F$2 -> 155739.43 | E33: =+ROUND((C33+D33),0) -> 427583 | F33: =+C33*30 -> 8155320 | M33: =R33*110.07%*116%*112.07% -> 284753.72 | N33: =+Q33 -> 258933.33 | P33: =+ROUND(AVERAGE(I33:O33),0) -> 271844 | Q33: =7768000/30 -> 258933.33 | R33: 199000 | S33: =P33*30 -> 8155320
A34: =+A33+1 -> 32 | B34: PROFESIONAL CATEGORÍA 6 (No incluye Factor de Prestaciones) | C34: =+IFERROR(P34,0) -> 242421 | D34: =+C34*$F$2 -> 138882.99 | E34: =+ROUND((C34+D34),0) -> 381304 | F34: =+C34*30 -> 7272630 | M34: =R34*110.07%*116%*112.07% -> 253941.65 | N34: =+Q34 -> 230900 | P34: =+ROUND(AVERAGE(I34:O34),0) -> 242421 | Q34: =6927000/30 -> 230900 | R34: 177467 | S34: =P34*30 -> 7272630
A35: =+A34+1 -> 33 | B35: PROFESIONAL CATEGORÍA 7(No incluye Factor de Prestaciones) | C35: =+IFERROR(P35,0) -> 153305 | D35: =+C35*$F$2 -> 87828.434 | E35: =+ROUND((C35+D35),0) -> 241133 | F35: =+C35*30 -> 4599150 | M35: =R35*110.07%*116%*112.07% -> 191982.67 | N35: =+Q35 -> 174600 | O35: =2800000/30 -> 93333.333 | P35: =+ROUND(AVERAGE(I35:O35),0) -> 153305 | Q35: =5238000/30 -> 174600 | R35: 134167 | S35: =P35*30 -> 4599150
A36: =+A35+1 -> 34 | B36: PROFESIONAL CATEGORÍA 8 (No incluye Factor de Prestaciones) | C36: =+IFERROR(P36,0) -> 146418 | D36: =+C36*$F$2 -> 83882.872 | E36: =+ROUND((C36+D36),0) -> 230301 | F36: =+C36*30 -> 4392540 | M36: =R36*110.07%*116%*112.07% -> 181154.88 | N36: =+Q36 -> 164766.67 | O36: =2800000/30 -> 93333.333 | P36: =+ROUND(AVERAGE(I36:O36),0) -> 146418 | Q36: =4943000/30 -> 164766.67 | R36: 126600 | S36: =P36*30 -> 4392540
A37: =+A36+1 -> 35 | B37: SECRETARIA 1 | C37: =+IFERROR(P37,0) -> 63852 | D37: =+C37*$F$2 -> 36580.811 | E37: =+ROUND((C37+D37),0) -> 100433 | F37: =+C37*30 -> 1915560 | M37: =R37*110.07%*116%*112.07% -> 66871.334 | N37: =+Q37 -> 60833.333 | P37: =+ROUND(AVERAGE(I37:O37),0) -> 63852 | Q37: =1825000/30 -> 60833.333 | R37: 46733 | S37: =P37*30 -> 1915560
A38: =+A37+1 -> 36 | B38: SECRETARIA 2 | C38: =+IFERROR(P38,0) -> 54865 | D38: =+C38*$F$2 -> 31432.158 | E38: =+ROUND((C38+D38),0) -> 86297 | F38: =+C38*30 -> 1645950 | M38: =R38*110.07%*116%*112.07% -> 55662.913 | N38: =+Q38 -> 50600 | O38: =1750000/30 -> 58333.333 | P38: =+ROUND(AVERAGE(I38:O38),0) -> 54865 | Q38: =1518000/30 -> 50600 | R38: 38900 | S38: =P38*30 -> 1645950
A39: =+A38+1 -> 37 | B39: SERIGRAFISTA | C39: =+IFERROR(P39,0) -> 60153 | D39: =+C39*$F$2 -> 34461.654 | E39: =+ROUND((C39+D39),0) -> 94615 | F39: =+C39*30 -> 1804590 | M39: =R39*110.07%*116%*112.07% -> 76793.356 | N39: =+Q39 -> 53667 | O39: =1500000/30 -> 50000 | P39: =+ROUND(AVERAGE(I39:O39),0) -> 60153 | Q39: =+Q7 -> 53667 | R39: 53667 | S39: =P39*30 -> 1804590
A40: =+A39+1 -> 38 | B40: SOLDADOR | C40: =+IFERROR(P40,0) -> 70153 | D40: =+C40*$F$2 -> 40190.654 | E40: =+ROUND((C40+D40),0) -> 110344 | F40: =+C40*30 -> 2104590 | M40: =R40*110.07%*116%*112.07% -> 91975.451 | N40: =+Q40 -> 61818.167 | O40: =1700000/30 -> 56666.667 | P40: =+ROUND(AVERAGE(I40:O40),0) -> 70153 | Q40: =1854545/30 -> 61818.167 | R40: 64277 | S40: =P40*30 -> 2104590
A41: =+A40+1 -> 39 | B41: SOLDADOR 2G | C41: =+IFERROR(P41,0) -> 77073 | D41: =+C41*$F$2 -> 44155.122 | E41: =+ROUND((C41+D41),0) -> 121228 | F41: =+C41*30 -> 2312190 | M41: =R41*110.07%*116%*112.07% -> 102651.57 | N41: =+Q41 -> 71901.833 | O41: =1700000/30 -> 56666.667 | P41: =+ROUND(AVERAGE(I41:O41),0) -> 77073 | Q41: =2157055/30 -> 71901.833 | R41: 71738 | S41: =P41*30 -> 2312190
A42: =+A41+1 -> 40 | B42: TECNICO ELECTRICO | C42: =+IFERROR(P42,0) -> 69445 | D42: =+C42*$F$2 -> 39785.04 | E42: =+ROUND((C42+D42),0) -> 109230 | F42: =+C42*30 -> 2083350 | M42: =R42*110.07%*116%*112.07% -> 75834.637 | N42: =+Q42 -> 75833.333 | O42: =1700000/30 -> 56666.667 | P42: =+ROUND(AVERAGE(I42:O42),0) -> 69445 | Q42: =2275000/30 -> 75833.333 | R42: 52997 | S42: =P42*30 -> 2083350
A43: =+A42+1 -> 41 | B43: TECNICO INSPECTOR 1 | C43: =+IFERROR(P43,0) -> 78456 | D43: =+C43*$F$2 -> 44947.442 | E43: =+ROUND((C43+D43),0) -> 123403 | F43: =+C43*30 -> 2353680 | M43: =R43*110.07%*116%*112.07% -> 90100.942 | N43: =+Q43 -> 81933.333 | O43: =1900000/30 -> 63333.333 | P43: =+ROUND(AVERAGE(I43:O43),0) -> 78456 | Q43: =2458000/30 -> 81933.333 | R43: 62967 | S43: =P43*30 -> 2353680
A44: =+A43+1 -> 42 | B44: TÉCNICO - DIBUJANTE 2 | C44: =+IFERROR(P44,0) -> 84472 | D44: =+C44*$F$2 -> 48394.009 | E44: =+ROUND((C44+D44),0) -> 132866 | F44: =+C44*30 -> 2534160 | M44: =R44*110.07%*116%*112.07% -> 88478.275 | N44: =+Q44 -> 80466.667 | P44: =+ROUND(AVERAGE(I44:O44),0) -> 84472 | Q44: =2414000/30 -> 80466.667 | R44: 61833 | S44: =P44*30 -> 2534160
A45: =+A44+1 -> 43 | B45: CUADRILLA DE PINTURA CC HH | C45: =+IFERROR(P45,0) -> 0 | D45: =+C45*$F$2 -> 0 | E45: =+ROUND((C45+D45),0) -> 0 | F45: =+C45*30 -> 0 | M45: =R45*110.07%*116%*112.07% -> 0 | N45: =+Q45 -> 0 | P45: =+ROUND(AVERAGE(I45:O45),0) -> 0 | R45: 0 | S45: =P45*30 -> 0
A46: =+A45+1 -> 44 | B46: PROFESIONAL SST (No Incluye factor prestacional) | C46: =+IFERROR(P46,0) -> 146418 | D46: =+C46*$F$2 -> 83882.872 | E46: =+ROUND((C46+D46),0) -> 230301 | F46: =+C46*30 -> 4392540 | M46: =R46*110.07%*116%*112.07% -> 181154.88 | N46: =+Q46 -> 164766.67 | O46: =2800000/30 -> 93333.333 | P46: =+ROUND(AVERAGE(I46:O46),0) -> 146418 | Q46: =Q36 -> 164766.67 | R46: =R36 -> 126600 | S46: =P46*30 -> 4392540
A47: =+A46+1 -> 45 | B47: CONDUCTOR NOCTURNO (No Incluye factor prestacional) | C47: =+IFERROR(P47,0) -> 70606 | D47: =+C47*$F$2 -> 40450.177 | E47: =+ROUND((C47+D47),0) -> 111056 | F47: =+C47*30 -> 2118180 | M47: =R47*110.07%*116%*112.07% -> 90173.919 | N47: =+Q47 -> 68310 | O47: =1600000/30 -> 53333.333 | P47: =+ROUND(AVERAGE(I47:O47),0) -> 70606 | Q47: =2049300/30 -> 68310 | R47: 63018 | S47: =P47*30 -> 2118180
A48: =+A47+1 -> 46 | C48: =+IFERROR(P48,0) -> 0 | D48: =+C48*$F$2 -> 0 | E48: =+ROUND((C48+D48),0) -> 0 | F48: =+C48*30 -> 0 | M48: =R48*110.07%*116%*112.07% -> 0 | N48: =+Q48 -> 0 | P48: =+ROUND(AVERAGE(I48:O48),0) -> 0 | R48: 0 | S48: =P48*30 -> 0
A49: =+A48+1 -> 47 | B49: TECNICO INSPECTOR 2 NOCTURNO | C49: =+IFERROR(P49,0) -> 116123 | D49: =+C49*$F$2 -> 66526.867 | E49: =+ROUND((C49+D49),0) -> 182650 | F49: =+C49*30 -> 3483690 | M49: =R49*110.07%*116%*112.07% -> 121635.63 | N49: =+Q49 -> 110610 | P49: =+ROUND(AVERAGE(I49:O49),0) -> 116123 | Q49: =3318300/30 -> 110610 | R49: 85005 | S49: =P49*30 -> 3483690
A50: =+A49+1 -> 48 | B50: TECNÓLOGO EN GEORREFERENCIACIÓN | C50: =+IFERROR(P50,0) -> 140143 | D50: =+C50*$F$2 -> 80287.925 | E50: =+ROUND((C50+D50),0) -> 220431 | F50: =+C50*30 -> 4204290 | M50: =R50*110.07%*116%*112.07% -> 172253.1 | N50: =+Q50 -> 108033.33 | P50: =+ROUND(AVERAGE(I50:O50),0) -> 140143 | Q50: =3241000/30 -> 108033.33 | R50: 120379 | S50: =P50*30 -> 4204290
A51: =+A50+1 -> 49 | B51: TRABAJADOR SOCIAL | C51: =+IFERROR(P51,0) -> 0 | D51: =+C51*$F$2 -> 0 | E51: =+ROUND((C51+D51),0) -> 0 | F51: =+C51*30 -> 0 | M51: =R51*110.07%*116%*112.07% -> 0 | P51: =+ROUND(AVERAGE(I51:O51),0) -> 0 | R51: 0 | S51: =P51*30 -> 0
C52: =+IFERROR(P52,0) -> 0 | D52: =+C52*$F$2 -> 0 | E52: =+ROUND((C52+D52),0) -> 0 | F52: =+C52*30 -> 0
C53: =+IFERROR(P53,0) -> 0 | D53: =+C53*$F$2 -> 0 | E53: =+ROUND((C53+D53),0) -> 0 | F53: =+C53*30 -> 0
C54: =+IFERROR(P54,0) -> 0 | D54: =+C54*$F$2 -> 0 | E54: =+ROUND((C54+D54),0) -> 0 | F54: =+C54*30 -> 0
C55: =+IFERROR(P55,0) -> 0 | D55: =+C55*$F$2 -> 0 | E55: =+ROUND((C55+D55),0) -> 0 | F55: =+C55*30 -> 0
C56: =+IFERROR(P56,0) -> 0 | D56: =+C56*$F$2 -> 0 | E56: =+ROUND((C56+D56),0) -> 0 | F56: =+C56*30 -> 0

Sheet 75N
A1: SECRETARÍA DISTRITAL DE MOVILIDAD SDM
A2: ANÁLISIS DE PRECIOS UNITARIOS
A4: SUBSECRETARÍA DE GESTIÓN DE LA MOVILIDAD - DIRECCIÓN DE INGENIERÍA DE TRÁNSITO - SUBDIRECCIÓN DE SEÑALIZACIÓN
A6: Ítem | C6: 75 | I6: Unidad: | J6: =+VLOOKUP(C6,[10]Presupuesto!A3:C106,2,FALSE) -> UND
A7: Descripción de la Actividad: | C7: =+VLOOKUP(C6,[10]Presupuesto!A3:C106,3,FALSE) -> Suministro y anclaje de estoperoles plásticos con espigo, diámetro mínimo 10 cm y altura máxima 2,5 cm de altura con un espigo de mínimo 5 cm (NTC 4745) Incluye elementos de fijación.
A9: 1. Equipos
A10: Descripción | E10: Unidad | F10: Tipo | G10: Tarifa/Hora | H10: Rendimiento | I10: Valor Unitario | J10: Subtotal
A11: Equipo de limpieza | E11: Un | F11: =IFERROR(VLOOKUP(A11,'[10]EQUIPOS TRANSPOR SALARIO'!$A$3:$G$42,2,FALSE),"") -> Manual | G11: =IFERROR(VLOOKUP(A11,'[10]EQUIPOS TRANSPOR SALARIO'!$A$3:$G$42,6,FALSE),"") -> 4822 | H11: 35 | I11: =IFERROR((G11/H11),"") -> 137.77143 | J11: =ROUND(I11,0) -> 138
A12: Herramienta menor | E12: Un | F12: =IFERROR(VLOOKUP(A12,'[10]EQUIPOS TRANSPOR SALARIO'!$A$3:$G$42,2,FALSE),"") -> Global | G12: =IFERROR(VLOOKUP(A12,'[10]EQUIPOS TRANSPOR SALARIO'!$A$3:$G$42,6,FALSE),"") -> 321 | H12: 35 | I12: =IFERROR((G12/H12),0) -> 9.1714286 | J12: =ROUND(I12,0) -> 9
A13: Kit de Plan de Manejo de Tránsito | E13: Un | F13: =IFERROR(VLOOKUP(A13,'[10]EQUIPOS TRANSPOR SALARIO'!$A$3:$G$42,2,FALSE),"") -> Global | G13: =IFERROR(VLOOKUP(A13,'[10]EQUIPOS TRANSPOR SALARIO'!$A$3:$G$42,6,FALSE),"") -> 4639 | H13: 35 | I13: =IFERROR((G13/H13),0) -> 132.54286 | J13: =ROUND(I13,0) -> 133
A14: Planta Eléctrica | E14: Un | F14: =IFERROR(VLOOKUP(A14,'[10]EQUIPOS TRANSPOR SALARIO'!$A$3:$G$42,2,FALSE),"") -> Eléctrico | G14: =IFERROR(VLOOKUP(A14,'[10]EQUIPOS TRANSPOR SALARIO'!$A$3:$G$42,6,FALSE),"") -> 4375 | H14: 35 | I14: =IFERROR((G14/H14),0) -> 125 | J14: =ROUND(I14,0) -> 125
A15: Rotamartillo | E15: Un | F15: =IFERROR(VLOOKUP(A15,'[10]EQUIPOS TRANSPOR SALARIO'!$A$3:$G$42,2,FALSE),"") -> Eléctrico | G15: =IFERROR(VLOOKUP(A15,'[10]EQUIPOS TRANSPOR SALARIO'!$A$3:$G$42,6,FALSE),"") -> 5488 | H15: 35 | I15: =IFERROR((G15/H15),0) -> 156.8 | J15: =ROUND(I15,0) -> 157
F16: =IFERROR(VLOOKUP(A16,'[10]EQUIPOS TRANSPOR SALARIO'!$A$3:$G$42,2,FALSE),"") | G16: =IFERROR(VLOOKUP(A16,'[10]EQUIPOS TRANSPOR SALARIO'!$A$3:$G$42,6,FALSE),"") | H16: =IFERROR(VLOOKUP(A16,'[10]EQUIPOS TRANSPOR SALARIO'!$A$3:$G$42,7,FALSE),"") | I16: =IFERROR((G16/H16),0) -> 0 | J16: =ROUND(I16,0) -> 0
F17: =IFERROR(VLOOKUP(A17,'[10]EQUIPOS TRANSPOR SALARIO'!$A$3:$G$42,2,FALSE),"") | G17: =IFERROR(VLOOKUP(A17,'[10]EQUIPOS TRANSPOR SALARIO'!$A$3:$G$42,6,FALSE),"") | H17: =IFERROR(VLOOKUP(A17,'[10]EQUIPOS TRANSPOR SALARIO'!$A$3:$G$42,7,FALSE),"") | I17: =IFERROR((G17/H17),0) -> 0 | J17: =ROUND(I17,0) -> 0
I18: Subtotal | J18: =+SUM(J11:J17) -> 562
A20: 2. Materiales
A21: Descripción | G21: Unidad | H21: Cantidad | I21: Valor Unitario | J21: Subtotal
A22: Estoperol plástico con espigo, diametro mínimo 10 cm y altura máxima 2,5 cm de altura con un espigo de mínimo 5 cm (NTC 4745) | G22: UN | H22: 1 | I22: =IFERROR(VLOOKUP(A22,[10]INSUMOS!$A$2:$E$121,4,FALSE),0) -> 5950 | J22: =ROUND(I22*H22,0) -> 5950
A23: Pegante Epoxico | G23: KG | H23: 0.05 | I23: =IFERROR(VLOOKUP(A23,[10]INSUMOS!$A$2:$E$121,4,FALSE),0) -> 16363 | J23: =ROUND(I23*H23,0) -> 818
A24: Gasolina Corriente | G24: GL | H24: 0.01 | I24: =IFERROR(VLOOKUP(A24,[10]INSUMOS!$A$2:$E$121,4,FALSE),0) -> 10000 | J24: =ROUND(I24*H24,0) -> 100
A25: Broca para concreto de 1/2" | G25: UN | H25: 0.13 | I25: =IFERROR(VLOOKUP(A25,[10]INSUMOS!$A$2:$E$121,4,FALSE),0) -> 18313 | J25: =ROUND(I25*H25,0) -> 2381
I26: =IFERROR(VLOOKUP(A26,[10]INSUMOS!$A$2:$E$121,4,FALSE),0) -> 0 | J26: =ROUND(I26*H26,0) -> 0
I27: =IFERROR(VLOOKUP(A27,[10]INSUMOS!$A$2:$E$121,4,FALSE),0) -> 0 | J27: =ROUND(I27*H27,0) -> 0
I28: =IFERROR(VLOOKUP(A28,[10]INSUMOS!$A$2:$E$121,4,FALSE),0) -> 0 | J28: =ROUND(I28*H28,0) -> 0
I29: =IFERROR(VLOOKUP(A29,[10]INSUMOS!$A$2:$E$121,4,FALSE),0) -> 0 | J29: =ROUND(I29*H29,0) -> 0
I30: =IFERROR(VLOOKUP(A30,[10]INSUMOS!$A$2:$E$121,4,FALSE),0) -> 0 | J30: =ROUND(I30*H30,0) -> 0
I31: =IFERROR(VLOOKUP(A31,[10]INSUMOS!$A$2:$E$121,4,FALSE),0) -> 0 | J31: =ROUND(I31*H31,0) -> 0
I32: Subtotal | J32: =+SUM(J22:J31) -> 9249
A34: 3. Transportes
A35: Equipo | G35: Rendimiento | H35: Tarifa/Día | I35: Valor Unitario | J35: Subtotal
A36: Vehículo de apoyo (1300-2000CC) | G36: =+H11*8*6 -> 1680 | H36: =IFERROR(VLOOKUP(A36,'[10]EQUIPOS TRANSPOR SALARIO'!$A$43:$C$47,3,FALSE),0) -> 200586 | I36: =IFERROR(H36/G36,0) -> 119.39643 | J36: =ROUND(I36,0) -> 119
H37: =IFERROR(VLOOKUP(A37,'[10]EQUIPOS TRANSPOR SALARIO'!$A$43:$C$47,3,FALSE),0) -> 0 | I37: =IFERROR(H37/G37,0) -> 0 | J37: =ROUND(I37,0) -> 0
H38: =IFERROR(VLOOKUP(A38,'[10]EQUIPOS TRANSPOR SALARIO'!$A$43:$C$47,3,FALSE),0) -> 0 | I38: =IFERROR(H38/G38,0) -> 0 | J38: =ROUND(I38,0) -> 0
I39: Subtotal | J39: =+SUM(J36:J38) -> 119
A41: 4. Mano de Obra
A42: Trabajador | E42: Jornal | F42: Cantidad | G42: Jornal Total | H42: Rendimiento | I42: Valor Unitario | J42: Subtotal
A43: Jefe de Cuadrilla Nocturno | E43: =IFERROR(VLOOKUP(A43,[10]PERSONAL!$A$3:$C$32,3,FALSE),0) -> 87338 | F43: 1 | G43: =+E43*F43 -> 87338 | H43: =IFERROR(H11*8,0) -> 280 | I43: =IFERROR(ROUND(G43/H43,0),0) -> 312 | J43: =+I43 -> 312
A44: Ayudante nocturno | E44: =IFERROR(VLOOKUP(A44,[10]PERSONAL!$A$3:$C$32,3,FALSE),0) -> 61343 | F44: 4 | G44: =+E44*F44 -> 245372 | H44: =+H43 -> 280 | I44: =IFERROR(ROUND(G44/H44,0),0) -> 876 | J44: =+I44 -> 876
E45: =IFERROR(VLOOKUP(A45,[10]PERSONAL!$A$3:$C$32,3,FALSE),0) -> 0 | G45: =+E45*F45 -> 0 | H45: =+H44 -> 280 | I45: =IFERROR(ROUND(G45/H45,0),0) -> 0 | J45: =+I45 -> 0
E46: =IFERROR(VLOOKUP(A46,[10]PERSONAL!$A$3:$C$32,3,FALSE),0) -> 0 | G46: =+E46*F46 -> 0 | H46: =IFERROR(H14*8,0) -> 280 | I46: =IFERROR(ROUND(G46/H46,0),0) -> 0 | J46: =+I46 -> 0
E47: =IFERROR(VLOOKUP(A47,[10]PERSONAL!$A$3:$C$32,3,FALSE),0) -> 0 | G47: =+E47*F47 -> 0 | H47: =IFERROR(H15*8,0) -> 280 | I47: =IFERROR(ROUND(G47/H47,0),0) -> 0 | J47: =+I47 -> 0
E48: =IFERROR(VLOOKUP(A48,[10]PERSONAL!$A$3:$C$32,3,FALSE),0) -> 0 | G48: =+E48*F48 -> 0 | H48: =IFERROR(H16*8,0) -> 0 | I48: =IFERROR(ROUND(G48/H48,0),0) -> 0 | J48: =+I48 -> 0
E49: =IFERROR(VLOOKUP(A49,[10]PERSONAL!$A$3:$C$32,3,FALSE),0) -> 0 | G49: =+E49*F49 -> 0 | H49: =IFERROR(H17*8,0) -> 0 | I49: =IFERROR(ROUND(G49/H49,0),0) -> 0 | J49: =+I49 -> 0
I50: Subtotal | J50: =+SUM(J43:J49) -> 1188
E52: TOTAL COSTO DIRECTO | I52: =+J50+J39+J32+J18 -> 11118

Sheet EQUIPOS 
D1: COTIZACIONES | O1: 1 | P1: 2 | Q1: 3 | R1: 5 | S1: 6 | T1: 7 | U1: 8 | V1: 9 | W1: 10 | X1: 11 | Y1: 13 | Z1: 14
A2: No. | B2: DESCRIPCION | C2: UNIDAD | D2: SDM-2021 (COTIZADOS EN NOV/2020) | E2: IPC (2020:1.61%; 2021:5.62%;2022:13,12%;2023:9,28%) TOTAL: 32.67% | F2: EVERY DENNISON | G2: IDU | I2: HOMCENTER | J2: EASY | K2: construvarios | L2: PRECIO INVIAS | M2: PROMEDIO | N2: DATOS | O2: https://articulo.mercadolibre.com.co/MCO-939039708-doblador-de-tubo-hidraulico-12-toneladas-horizontal-truper-_JM#position=3&search_layout=stack&type=item&tracking_id=fac7da89-ddfb-411c-a98c-5bfefbcf5a0b | P2: https://es.aliexpress.com/item/1005005495515712.html?spm=a2g0o.productlist.main.3.e38e541fBspD87&algo_pvid=82dc1de5-91a9-44a3-b3d1-40f6931ae604&algo_exp_id=82dc1de5-91a9-44a3-b3d1-40f6931ae604-1&pdp_npi=4%40dis%21COP%2110398685.44%2110398685.44%21%21%212600.00%212600.00%21%402101fb0d17133715823447894e190b%2112000033305023400%21sea%21CO%210%21AB&curPageLogUid=bgpXiIdsudHp&utparam-url=scene%3Asearch%7Cquery_from%3A | Q2: https://es.aliexpress.com/item/1005005768185329.html?src=google&src=google&albch=shopping&acnt=272-267-0231&slnk=&plac=&mtctp=&albbt=Google_7_shopping&gclsrc=aw.ds&albagn=888888&ds_e_adid=&ds_e_matchtype=&ds_e_device=c&ds_e_network=x&ds_e_product_group_id=&ds_e_product_id=es1005005768185329&ds_e_product_merchant_id=509201117&ds_e_product_country=CO&ds_e_product_language=es&ds_e_product_channel=online&ds_e_product_store_id=&ds_url_v=2&albcp=20552822549&albag=&isSmbAutoCall=false&needSmbHouyi=false&gad_source=1&gclid=CjwKCAjw5v2wBhBrEiwAXDDoJWAK1C8eU5koYSmFxWS_YKTwa7xcgwIktFLJBT6t15N-rnHrIItFuxoC3u0QAvD_BwE&aff_fcid=03a4912e13304884a5aacdb33703a0a1-1713372061702-01233-UneMJZVf&aff_fsk=UneMJZVf&aff_platform=aaf&sk=UneMJZVf&aff_trace_key=03a4912e13304884a5aacdb33703a0a1-1713372061702-01233-UneMJZVf&terminal_id=32a8f8adff23433abe1b17e4fd2bd01d&afSmartRedirect=y | R2: https://es.aliexpress.com/item/1005005866143500.html?src=google&src=google&albch=shopping&acnt=272-267-0231&slnk=&plac=&mtctp=&albbt=Google_7_shopping&gclsrc=aw.ds&albagn=888888&ds_e_adid=&ds_e_matchtype=&ds_e_device=c&ds_e_network=x&ds_e_product_group_id=&ds_e_product_id=es1005005866143500&ds_e_product_merchant_id=562973009&ds_e_product_country=CO&ds_e_product_language=es&ds_e_product_channel=online&ds_e_product_store_id=&ds_url_v=2&albcp=20546892456&albag=&isSmbAutoCall=false&needSmbHouyi=false&gad_source=1&gclid=CjwKCAjw5v2wBhBrEiwAXDDoJSTDD3FOoIY1mMozAiFNsEeO8c0pMgIzKhtn340jfOe-BLg0Yi9-uxoCEaUQAvD_BwE&aff_fcid=4fa31ae477ff4d7f8fafec195f3be4c3-1713372201300-02535-UneMJZVf&aff_fsk=UneMJZVf&aff_platform=aaf&sk=UneMJZVf&aff_trace_key=4fa31ae477ff4d7f8fafec195f3be4c3-1713372201300-02535-UneMJZVf&terminal_id=32a8f8adff23433abe1b17e4fd2bd01d&afSmartRedirect=y | S2: https://es.aliexpress.com/item/1005005820476968.html | T2: https://es.aliexpress.com/i/1005006190812038.html | U2: https://es.aliexpress.com/item/1005002781972063.html?src=google&src=google&albch=shopping&acnt=272-267-0231&slnk=&plac=&mtctp=&albbt=Google_7_shopping&gclsrc=aw.ds&albagn=888888&ds_e_adid=&ds_e_matchtype=&ds_e_device=c&ds_e_network=x&ds_e_product_group_id=&ds_e_product_id=es1005002781972063&ds_e_product_merchant_id=109337440&ds_e_product_country=CO&ds_e_product_language=es&ds_e_product_channel=online&ds_e_product_store_id=&ds_url_v=2&albcp=20552822549&albag=&isSmbAutoCall=false&needSmbHouyi=false&gad_source=1&gclid=CjwKCAjw5v2wBhBrEiwAXDDoJVFxIu82RWUudgCtcH2EVGFaGTzp1hGv0RshcAkbbsVki3rpFH5MVhoC73AQAvD_BwE&aff_fcid=55f5d13041b346448d586e840529902a-1713372998923-00848-UneMJZVf&aff_fsk=UneMJZVf&aff_platform=aaf&sk=UneMJZVf&aff_trace_key=55f5d13041b346448d586e840529902a-1713372998923-00848-UneMJZVf&terminal_id=32a8f8adff23433abe1b17e4fd2bd01d&afSmartRedirect=y | V2: https://articulo.mercadolibre.com.co/MCO-1266078473-dobladora-de-lamina-250-metros-dobladora-de-lamina-manual-_JM#position=2&search_layout=stack&type=item&tracking_id=1cf7fff3-52f0-47f8-9994-dd613de60702 | W2: https://articulo.mercadolibre.com.co/MCO-1273787945-pistola-soldadura-mig-14ak-antorcha-soldadura-3-metros-_JM#is_advertising=true&position=2&search_layout=stack&type=pad&tracking_id=b333f6d5-7285-4782-9f7e-bf90a46c84a6&is_advertising=true&ad_domain=VQCATCORE_LST&ad_position=2&ad_click_id=OGNiNDM0ZDAtNTUyNS00ODNlLTg3ZTUtMzlkYjRkZDYxZDNk | X2: https://articulo.mercadolibre.com.co/MCO-585781968-pretales-dielectricos-para-trabajos-en-alturas-marca-insafe-_JM#is_advertising=true&position=1&search_layout=stack&type=pad&tracking_id=eb5adec3-7764-4b41-b79e-ee2bc883d339&is_advertising=true&ad_domain=VQCATCORE_LST&ad_position=1&ad_click_id=OTE1YmUxMzItNDMzOS00N2NlLWFiZTMtMWI0Njk3ODJhZDI5 | Y2: https://articulo.mercadolibre.com.co/MCO-1349274101-pulverizador-de-pintura-sin-aire-vevor-1500w-pulverizador-d-_JM#position=3&search_layout=stack&type=item&tracking_id=8101257a-5fe0-4262-b2ef-360b7ad68d99 | Z2: https://articulo.mercadolibre.com.co/MCO-565766755-arnes-naranja-de-4-puntos-correas-de-2-paquete-de-2-_JM#position=36&search_layout=stack&type=item&tracking_id=acb979fa-cef5-4e9b-b138-818e37b7caf0
A3: 1 | B3: ARNES DE CUATRO PUNTOS | C3: HR | D3: 8074.28 | M3: =+IFERROR(ROUND(AVERAGE(E3:L3,O3:Z3),2),0) -> 10148.75 | Z3: =811900*0.1/8 -> 10148.75
A4: =+A3+1 -> 2 | B4: CALDERA | C4: HR | D4: 26368.93 | E4: =D4*1.32667 -> 34982.868 | M4: =+IFERROR(ROUND(AVERAGE(E4:L4,O4:Z4),2),0) -> 34982.87 | N4: =+COUNTA(D4:L4,O4:Z4) -> 2
A5: =+A4+1 -> 3 | B5: CÁMARA FOTOGRÁFICA | C5: HR | D5: 50500 | M5: =+IFERROR(ROUND(AVERAGE(E5:L5,O5:Z5),2),0) -> 0 | N5: =+COUNTA(D5:L5,O5:Z5) -> 1
A6: =+A5+1 -> 4 | B6: CAMION INCLUYE CONDUCTOR | C6: TARIFA/DIA | D6: 18440 | G6: =515000+(81929+111056)/2 -> 611492.5 | M6: =+IFERROR(ROUND(AVERAGE(E6:L6,O6:Z6),2),0) -> 611492.5 | N6: =+COUNTA(D6:L6,O6:Z6) -> 2
A7: =+A6+1 -> 5 | B7: CIZALLA DE CORTE VERTICAL | C7: HR | D7: 3900 | E7: =D7*1.32667 -> 5174.013 | M7: =+IFERROR(ROUND(AVERAGE(E7:L7,O7:Z7),2),0) -> 5174.01 | N7: =+COUNTA(D7:L7,O7:Z7) -> 2
A8: =+A7+1 -> 6 | B8: COLAMINADORA | C8: HR | D8: 3544.07 | E8: =D8*1.32667 -> 4701.8113 | M8: =+IFERROR(ROUND(AVERAGE(E8:L8,O8:Z8),2),0) -> 4701.81 | N8: =+COUNTA(D8:L8,O8:Z8) -> 2
A9: =+A8+1 -> 7 | B9: COMPRESOR | C9: HR | D9: 23652.62 | G9: =38000/8 -> 4750 | J9: =899990*0.1/8 -> 11249.875 | M9: =+IFERROR(ROUND(AVERAGE(E9:L9,O9:Z9),2),0) -> 7999.94 | N9: =+COUNTA(D9:L9,O9:Z9) -> 3
A10: =+A9+1 -> 8 | B10: CORTADORA DE LÁMINA | C10: HR | D10: 3911.14 | M10: =+IFERROR(ROUND(AVERAGE(E10:L10,O10:Z10),2),0) -> 5299.33 | N10: =+COUNTA(D10:L10,O10:Z10) -> 2 | U10: =6359196/1200 -> 5299.33
A11: =+A10+1 -> 9 | B11: DOBLADORA DE TUBO | C11: HR | D11: 1333.53 | M11: =+IFERROR(ROUND(AVERAGE(E11:L11,O11:Z11),2),0) -> 1832.42 | N11: =+COUNTA(D11:L11,O11:Z11) -> 2 | O11: =2198900/1200 -> 1832.4167
A12: =+A11+1 -> 10 | B12: EQUIPO APLICACIÓN ALÚMINA ANTIDESLIZANTE | C12: HR | D12: 11972.12 | E12: =D12*1.32667 -> 15883.052 | M12: =+IFERROR(ROUND(AVERAGE(E12:L12,O12:Z12),2),0) -> 15883.05 | N12: =+COUNTA(D12:L12,O12:Z12) -> 2
A13: =+A12+1 -> 11 | B13: EQUIPO DE CONMPUTO | C13: HR | D13: 3823.9 | G13: =117810/240 -> 490.875 | M13: =+IFERROR(ROUND(AVERAGE(E13:L13,O13:Z13),2),0) -> 490.88 | N13: =+COUNTA(D13:L13,O13:Z13) -> 2
A14: =+A13+1 -> 12 | B14: EQUIPO DE OXICORTE | C14: HR | D14: 0 | G14: 10704 | M14: =+IFERROR(ROUND(AVERAGE(E14:L14,O14:Z14),2),0) -> 10704 | N14: =+COUNTA(D14:L14,O14:Z14) -> 2
A15: =+A14+1 -> 13 | B15: EQUIPO DELINEADOR DE PINTURA ACRÍLICA | C15: HR | D15: 54134.85 | M15: =+IFERROR(ROUND(AVERAGE(E15:L15,O15:Z15),2),0) -> 70261.25 | N15: =+COUNTA(D15:L15,O15:Z15) -> 2 | Y15: =5620900*0.1/8 -> 70261.25
A16: =+A15+1 -> 14 | B16: EQUIPO DELINEADOR DE PINTURA PLÁSTICO EN FRIO (POR PULVERIZACIÓN) | C16: HR | D16: 102138.95 | M16: =+IFERROR(ROUND(AVERAGE(E16:L16,O16:Z16),2),0) -> 297881.7 | N16: =+COUNTA(D16:L16,O16:Z16) -> 2 | S16: =23830535.94*0.1/8 -> 297881.7
A17: =+A16+1 -> 15 | B17: EQUIPO DELINEADOR DE PINTURA PLÁSTICO EN FRIO (POR SIÓN) | C17: HR | D17: 102138.95 | M17: =+IFERROR(ROUND(AVERAGE(E17:L17,O17:Z17),2),0) -> 297881.7 | N17: =+COUNTA(D17:L17,O17:Z17) -> 2 | S17: =23830535.94*0.1/8 -> 297881.7
A18: =+A17+1 -> 16 | B18: EQUIPO DELINEADOR DE PINTURA TERMOPLÁSTICA | C18: HR | D18: 74792 | M18: =+IFERROR(ROUND(AVERAGE(E18:L18,O18:Z18),2),0) -> 107152.95 | N18: =+COUNTA(D18:L18,O18:Z18) -> 2 | Q18: =8572236.34*0.1/8 -> 107152.95
A19: =+A18+1 -> 17 | B19: EQUIPO MANUAL DE PINTURA ACRÍLICA | C19: HR | D19: 5756.28 | E19: =D19*1.32667 -> 7636.684 | M19: =+IFERROR(ROUND(AVERAGE(E19:L19,O19:Z19),2),0) -> 7636.68 | N19: =+COUNTA(D19:L19,O19:Z19) -> 2
A20: =+A19+1 -> 18 | B20: EQUIPO MANUAL DE PINTURA PLÁSTICO EN FRIO (POR PULVERIZACIÓN) | C20: HR | D20: 38179.73 | M20: =+IFERROR(ROUND(AVERAGE(E20:L20,O20:Z20),2),0) -> 50810.93 | N20: =+COUNTA(D20:L20,O20:Z20) -> 2 | T20: =4064874.48*0.1/8 -> 50810.931
A21: =+A20+1 -> 19 | B21: EQUIPO MANUAL DE PINTURA PLÁSTICO EN FRIO (POR EXTRUSIÓN) | C21: HR | D21: 38179.73 | M21: =+IFERROR(ROUND(AVERAGE(E21:L21,O21:Z21),2),0) -> 50810.93 | N21: =+COUNTA(D21:L21,O21:Z21) -> 2 | T21: =4064874.48*0.1/8 -> 50810.931
A22: =+A21+1 -> 20 | B22: EQUIPO MANUAL DE PINTURA TERMOPLÁSTICA | C22: HR | D22: 23805.28 | E22: =D22*1.32667 -> 31581.751 | M22: =+IFERROR(ROUND(AVERAGE(E22:L22,O22:Z22),2),0) -> 31581.75 | N22: =+COUNTA(D22:L22,O22:Z22) -> 2
A23: =+A22+1 -> 21 | B23: EQUIPO PARA BORRADO DE DEMARCACIÓN (INCLUYE DISCOS) | C23: HR | D23: 29930.3 | E23: =D23*1.32667 -> 39707.631 | M23: =+IFERROR(ROUND(AVERAGE(E23:L23,O23:Z23),2),0) -> 39707.63 | N23: =+COUNTA(D23:L23,O23:Z23) -> 2
A24: =+A23+1 -> 22 | B24: EQUIPO PINTURA ELECTROSTÁTICA | C24: HR | D24: 4372 | E24: =D24*1.32667 -> 5800.2012 | M24: =+IFERROR(ROUND(AVERAGE(E24:L24,O24:Z24),2),0) -> 4047.59 | N24: =+COUNTA(D24:L24,O24:Z24) -> 3 | R24: =2753980/1200 -> 2294.9833
A25: =+A24+1 -> 23 | B25: EQUIPO COLAMINADO | C25: HR | D25: 3544.07 | E25: =D25*1.32667 -> 4701.8113 | M25: =+IFERROR(ROUND(AVERAGE(E25:L25,O25:Z25),2),0) -> 4701.81 | N25: =+COUNTA(D25:L25,O25:Z25) -> 2
A26: =+A25+1 -> 24 | B26: EQUIPO SOLDADURA AUTOGENA | C26: HR | D26: 5220.5 | E26: =D26*1.32667 -> 6925.8807 | M26: =+IFERROR(ROUND(AVERAGE(E26:L26,O26:Z26),2),0) -> 6925.88 | N26: =+COUNTA(D26:L26,O26:Z26) -> 2
A27: =+A26+1 -> 25 | B27: EQUIPO SOLDADURA ELECTRICA | C27: HR | D27: 5521 | G27: =38900/8 -> 4862.5 | M27: =+IFERROR(ROUND(AVERAGE(E27:L27,O27:Z27),2),0) -> 4862.5 | N27: =+COUNTA(D27:L27,O27:Z27) -> 2
A28: =+A27+1 -> 26 | B28: ESCALERA TIPO TIJERA | C28: HR | D28: 1489.25 | M28: =+IFERROR(ROUND(AVERAGE(E28:L28,O28:Z28),2),0) -> 0 | N28: =+COUNTA(D28:L28,O28:Z28) -> 1
A29: =+A28+1 -> 27 | B29: FRESADORA DE MARCAS VIALES | C29: HR | D29: 3090 | E29: =D29*1.32667 -> 4099.4103 | M29: =+IFERROR(ROUND(AVERAGE(E29:L29,O29:Z29),2),0) -> 4099.41 | N29: =+COUNTA(D29:L29,O29:Z29) -> 2
A30: =+A29+1 -> 28 | B30: GRUA BRAZO ARTICULADO (H=10.38m) - - INCLUYE OPERARIO Y COMBUSTIBLE | C30: HR | D30: 91847.5 | G30: 80859 | M30: =+IFERROR(ROUND(AVERAGE(E30:L30,O30:Z30),2),0) -> 80859 | N30: =+COUNTA(D30:L30,O30:Z30) -> 2
A31: =+A30+1 -> 29 | B31: GRUA DE BRAZO ARTICULADO | C31: HR | D31: 78757 | G31: 227008 | M31: =+IFERROR(ROUND(AVERAGE(E31:L31,O31:Z31),2),0) -> 227008 | N31: =+COUNTA(D31:L31,O31:Z31) -> 2
A32: =+A31+1 -> 30 | B32: GRUA EXTENSION PARA POSTES. INCLUYE OPERARIO Y COMBUSTIBLE | C32: HR | D32: 0 | M32: =+IFERROR(ROUND(AVERAGE(E32:L32,O32:Z32),2),0) -> 0 | N32: =+COUNTA(D32:L32,O32:Z32) -> 1
A33: =+A32+1 -> 31 | B33: HERRAMIENTA MENOR | C33: % | D33: 0 | M33: =+IFERROR(ROUND(AVERAGE(E33:L33,O33:Z33),2),0) -> 0 | N33: =+COUNTA(D33:L33,O33:Z33) -> 1
A34: =+A33+1 -> 32 | B34: HIDROLAVADORA | C34: HR | D34: 6667.33 | G34: 7065 | M34: =+IFERROR(ROUND(AVERAGE(E34:L34,O34:Z34),2),0) -> 7065 | N34: =+COUNTA(D34:L34,O34:Z34) -> 2
A35: =+A34+1 -> 33 | B35: HORNO PINTURA ELECTROSTÁTICA | C35: HR | D35: 15113 | E35: =D35*1.32667 -> 20049.964 | M35: =+IFERROR(ROUND(AVERAGE(E35:L35,O35:Z35),2),0) -> 20049.96 | N35: =+COUNTA(D35:L35,O35:Z35) -> 2
A36: =+A35+1 -> 34 | B36: PLANTA ELÉCTRICA | C36: HR | D36: 6983.25 | G36: 11792 | I36: =110000/8 -> 13750 | M36: =+IFERROR(ROUND(AVERAGE(E36:L36,O36:Z36),2),0) -> 12771 | N36: =+COUNTA(D36:L36,O36:Z36) -> 3
A37: =+A36+1 -> 35 | B37: PLOTTER | C37: HR | D37: 70137.47 | G37: =45542/8 -> 5692.75 | M37: =+IFERROR(ROUND(AVERAGE(E37:L37,O37:Z37),2),0) -> 5692.75 | N37: =+COUNTA(D37:L37,O37:Z37) -> 2
A38: =+A37+1 -> 36 | B38: PRETAL DIELECTRICO | C38: HR | D38: 128.06 | M38: =+IFERROR(ROUND(AVERAGE(E38:L38,O38:Z38),2),0) -> 276.6 | N38: =+COUNTA(D38:L38,O38:Z38) -> 2 | X38: =331917/1200 -> 276.5975
A39: =+A38+1 -> 37 | B39: PULIDORA | C39: HR | D39: 2844.93 | G39: 2142 | I39: =28000/8 -> 3500 | M39: =+IFERROR(ROUND(AVERAGE(E39:L39,O39:Z39),2),0) -> 2821 | N39: =+COUNTA(D39:L39,O39:Z39) -> 3
A40: =+A39+1 -> 38 | B40: REMACHADORA | C40: HR | D40: 473.22 | I40: =79900*0.1/8 -> 998.75 | M40: =+IFERROR(ROUND(AVERAGE(E40:L40,O40:Z40),2),0) -> 998.75 | N40: =+COUNTA(D40:L40,O40:Z40) -> 2
A41: =+A40+1 -> 39 | B41: SECCION DE ANDAMIO | C41: HR | D41: 930.58 | G41: =85720/8 -> 10715 | M41: =+IFERROR(ROUND(AVERAGE(E41:L41,O41:Z41),2),0) -> 10715 | N41: =+COUNTA(D41:L41,O41:Z41) -> 2
A42: =+A41+1 -> 40 | B42: SOWARE ESPECIALIZADO | C42: HR | D42: 0 | M42: =+IFERROR(ROUND(AVERAGE(E42:L42,O42:Z42),2),0) -> 0 | N42: =+COUNTA(D42:L42,O42:Z42) -> 1
A43: =+A42+1 -> 41 | B43: TALADRO DE ARBOL | C43: HR | D43: 3958 | G43: 4898 | M43: =+IFERROR(ROUND(AVERAGE(E43:L43,O43:Z43),2),0) -> 4898 | N43: =+COUNTA(D43:L43,O43:Z43) -> 2
A44: =+A43+1 -> 42 | B44: TALADRO PERCUTOR | C44: HR | D44: 4379.72 | G44: 3750 | I44: =29000/8 -> 3625 | M44: =+IFERROR(ROUND(AVERAGE(E44:L44,O44:Z44),2),0) -> 3687.5 | N44: =+COUNTA(D44:L44,O44:Z44) -> 3
A45: =+A44+1 -> 43 | B45: TRONZADORA | C45: HR | D45: 4895.55 | G45: 2559 | I45: =40000/8 -> 5000 | M45: =+IFERROR(ROUND(AVERAGE(E45:L45,O45:Z45),2),0) -> 3779.5 | N45: =+COUNTA(D45:L45,O45:Z45) -> 3
A46: =+A45+1 -> 44 | B46: PMT (KIT ) | C46: HR | D46: 3683 | E46: =PMT!I51 -> 13222 | M46: =+IFERROR(ROUND(AVERAGE(E46:L46,O46:Z46),2),0) -> 13222 | N46: =+COUNTA(D46:L46,O46:Z46) -> 2
A47: =+A46+1 -> 45 | B47: REFLECTOMETRO HORIZONTAL | C47: HR | D47: 0 | M47: =+IFERROR(ROUND(AVERAGE(E47:L47,O47:Z47),2),0) -> 0 | N47: =+COUNTA(D47:L47,O47:Z47) -> 1
A48: =+A47+1 -> 46 | B48: REFLECTOMETRO VERICAL | C48: HR | D48: 0 | M48: =+IFERROR(ROUND(AVERAGE(E48:L48,O48:Z48),2),0) -> 8665.57 | N48: =+COUNTA(D48:L48,O48:Z48) -> 2 | P48: =10398685.44/1200 -> 8665.5712
A49: =+A48+1 -> 47 | B49: EQUIPO DE APLICACION ALUMINA ANTIDESLIZANTE | C49: HR | D49: 11972.12 | E49: =D49*1.32667 -> 15883.052 | M49: =+IFERROR(ROUND(AVERAGE(E49:L49,O49:Z49),2),0) -> 15883.05 | N49: =+COUNTA(D49:L49,O49:Z49) -> 2
A50: =+A49+1 -> 48 | B50: EQUIPO DE CONTROL DE OBRA | C50: UND/HORA | D50: 1288 | E50: =D50*1.32667 -> 1708.751 | M50: =+IFERROR(ROUND(AVERAGE(E50:L50,O50:Z50),2),0) -> 1708.75 | N50: =+COUNTA(D50:L50,O50:Z50) -> 2
A51: =+A45+1 -> 44 | B51: IMPRESORA DIGITAL PARA SEÑALES DE TRÁNSITO | C51: HR | D51: 48412.25 | E51: =D51*1.32667 -> 64227.08 | M51: =+IFERROR(ROUND(AVERAGE(E51:L51,O51:Z51),2),0) -> 64227.08 | N51: =+COUNTA(D51:L51,O51:Z51) -> 2
A52: =+A51+1 -> 45 | B52: MEZCLADORA DE CONCRETO 1/2 BULTO | C52: HR | D52: 8607.11 | G52: =60813/8 -> 7601.625 | I52: =44000/8 -> 5500 | M52: =+IFERROR(ROUND(AVERAGE(E52:L52,O52:Z52),2),0) -> 6550.81 | N52: =+COUNTA(D52:L52,O52:Z52) -> 3
A53: =+A52+1 -> 46 | B53: VEHICULO DELINEADOR | C53: HR | D53: 109735.26 | E53: =D53*1.32667 -> 145582.48 | M53: =+IFERROR(ROUND(AVERAGE(E53:L53,O53:Z53),2),0) -> 145582.48 | N53: =+COUNTA(D53:L53,O53:Z53) -> 2
A54: =+A53+1 -> 47 | B54: VEHICULO DELINEADOR R=1500 M/H | C54: HR | D54: 0 | M54: =+IFERROR(ROUND(AVERAGE(E54:L54,O54:Z54),2),0) -> 0 | N54: =+COUNTA(D54:L54,O54:Z54) -> 1
A55: =+A54+1 -> 48 | B55: VEHÍCULO DE APOYO (1300-2000CC) | C55: HR | D55: 16870.88 | G55: =264000/8 -> 33000 | M55: =+IFERROR(ROUND(AVERAGE(E55:L55,O55:Z55),2),0) -> 33000 | N55: =+COUNTA(D55:L55,O55:Z55) -> 2
A56: =+A55+1 -> 49 | B56: ROTAMARTILLO | C56: HR | D56: 10066.3 | G56: 10500 | I56: =59000/8 -> 7375 | M56: =+IFERROR(ROUND(AVERAGE(E56:L56,O56:Z56),2),0) -> 8937.5 | N56: =+COUNTA(D56:L56,O56:Z56) -> 3
A57: =+A56+1 -> 50 | B57: Camión con caldera para derretir el termoplástico | C57: HR | D57: 85001 | G57: 83337 | M57: =+IFERROR(ROUND(AVERAGE(E57:L57,O57:Z57),2),0) -> 83337 | N57: =+COUNTA(D57:L57,O57:Z57) -> 2
A58: =+A57+1 -> 51 | B58: DOBLADORA DE LAMINA | C58: HR | D58: 2270.83 | M58: =+IFERROR(ROUND(AVERAGE(E58:L58,O58:Z58),2),0) -> 12075 | N58: =+COUNTA(D58:L58,O58:Z58) -> 2 | V58: =14490000/1200 -> 12075
A59: =+A58+1 -> 52 | B59: EQUIPO DE SCREEN | C59: HR | D59: 3227.08 | E59: =D59*1.32667 -> 4281.2702 | M59: =+IFERROR(ROUND(AVERAGE(E59:L59,O59:Z59),2),0) -> 4281.27 | N59: =+COUNTA(D59:L59,O59:Z59) -> 2
A60: =+A59+1 -> 53 | B60: ANTORCHA | C60: HR | D60: 16695.05 | M60: =+IFERROR(ROUND(AVERAGE(E60:L60,O60:Z60),2),0) -> 19683.2 | N60: =+COUNTA(D60:L60,O60:Z60) -> 2 | W60: =196832*0.1 -> 19683.2
A61: =+A60+1 -> 54 | D61: 0 | M61: =+IFERROR(ROUND(AVERAGE(E61:L61,O61:Z61),2),0) -> 0 | N61: =+COUNTA(D61:L61,O61:Z61) -> 1

Sheet ANEXO PLIEGO_1
A1: ANEXO 7. DISCRIMINACIÓN Y CONSOLIDACIÓN DE LA PROPUESTA ECONOMICA POR ZONA
A2: I. ANEXO DISCRIMINACIÓN PROPUESTA ECONOMICA COMPONENTE DE OBRA UNA ZONA - PARTE 1 - SUMINISTRO E IMPLEMENTACIÓN DE SEÑALIZACIÓN
A3: ITEM | B3: DESCRIPCIÓN | C3: UNIDAD | D3: CANTIDAD | E3: COSTO DIRECTO | F3: SUBTOTAL
A4: 1 | B4: Fabricación y suministro de tableros en lámina galvanizada C-16 E=1,5 mm, material reflectivo Tipo XI , película antigraffiti, para señales SP-SR-SI cumpliendo normatividad vigente. (Incluye elementos de fijación) | C4: M2 | D4: =('POR AÑOS_OBRA2024'!D4+'POR AÑOS_OBRA2024'!H4+'POR AÑOS_OBRA2024'!L4+'POR AÑOS_OBRA2024'!P4) -> 271 | E4: =+'1'!I57 -> 355400 | F4: =+ROUND(D4*E4,0) -> 96313400 | G4: 279
A5: 2 | B5: Fabricación y suministro de pedestal sencillo en tubo galvanizado de sección circular con diametro interior de 2" y e=2mm para señales SP-SR-SI (para tableros iguales a 60 cm) cumpliendo normatividad vigente. | C5: UN | D5: =('POR AÑOS_OBRA2024'!D5+'POR AÑOS_OBRA2024'!H5+'POR AÑOS_OBRA2024'!L5+'POR AÑOS_OBRA2024'!P5) -> 163 | E5: =+'2'!I53 -> 113046 | F5: =+ROUND(D5*E5,0) -> 18426498 | G5: 157
A6: 3 | B6: Fabricación y suministro de pedestal doble en tubo galvanizado de sección circular con diametro interior de 2" y e=2mm para señales tipo dúplex SR/SP - SR/SR - SR/Plaqueta - SP/SP - SP/Plaqueta (para tableros iguales a 60 cm) cumpliendo normatividad vigente. | C6: UN | D6: =('POR AÑOS_OBRA2024'!D6+'POR AÑOS_OBRA2024'!H6+'POR AÑOS_OBRA2024'!L6+'POR AÑOS_OBRA2024'!P6) -> 709 | E6: =+'3'!I55 -> 156423 | F6: =+ROUND(D6*E6,0) -> 110903907 | G6: 728
A7: 4 | B7: Fabricación, suministro e instalación de señal preventiva, reglamentaría ó informativa de 60 cm, lámina galvanizada C-16 E=1,5mm y material reflectivo Tipo XI, película antigraffiti, poste de tubo galvanizado de sección circular con diámetro interior de 2" y e=2 mm con brazo variable desde 70cm hasta 120 cm, cumpliendo normatividad vigente. (Incluye la cimentación del soporte para la señal). | C7: UN | D7: =('POR AÑOS_OBRA2024'!D7+'POR AÑOS_OBRA2024'!H7+'POR AÑOS_OBRA2024'!L7+'POR AÑOS_OBRA2024'!P7) -> 286 | E7: =+'4'!I72 -> 355976 | F7: =+ROUND(D7*E7,0) -> 101809136 | G7: 84
A8: 5 | B8: Fabricación, suministro e instalación de Señal Reglamentaria, Preventiva o informativa de 60 cm, material reflectivo Tipo XI , película antigraffiti, en lámina galvanizada C-16, E=1,5 mm, pedestal en tubo galvanizado de sección circular con diámetro interior de 2" y e=2 mm para SR - SP cumpliendo con normatividad vigente. | C8: UN | D8: =('POR AÑOS_OBRA2024'!D8+'POR AÑOS_OBRA2024'!H8+'POR AÑOS_OBRA2024'!L8+'POR AÑOS_OBRA2024'!P8) -> 1125 | E8: =+'5'!I64 -> 268176 | F8: =+ROUND(D8*E8,0) -> 301698000 | G8: 1063
A9: 6 | B9: Fabricación, suministro e instalación de Señal doble de 60 cm, material reflectivo Tipo XI , película antigraffiti, en lámina galvanizada C-16 E=1,5 mm, pedestal en tubo galvanizado de sección circular con diámetro interior de 2" y e=2 mm para SP/SR-SI/SR cumpliendo con normatividad vigente. | C9: UN | D9: =('POR AÑOS_OBRA2024'!D9+'POR AÑOS_OBRA2024'!H9+'POR AÑOS_OBRA2024'!L9+'POR AÑOS_OBRA2024'!P9) -> 590 | E9: =+'6'!I64 -> 424533 | F9: =+ROUND(D9*E9,0) -> 250474470 | G9: 600
A10: 7 | B10: Fabricación, suministro e instalación de Señal doble SP47 ó SP47A/SR de 60 cm , material reflectivo Tipo Tipo XI amarillo/verde fluorescente, película antigraffiti, en lámina galvanizada C-16 E=1,5 mm, pedestal en tubo galvanizado de sección circular con diámetro interior de 2" y e=2 mm. cumpliendo con normatividad vigente. | C10: UN | D10: =('POR AÑOS_OBRA2024'!D10+'POR AÑOS_OBRA2024'!H10+'POR AÑOS_OBRA2024'!L10+'POR AÑOS_OBRA2024'!P10) -> 884 | E10: =+'7'!I64 -> 536187 | F10: =+ROUND(D10*E10,0) -> 473989308 | G10: 524
A11: 8 | B11: Fabricación de plaquetas, suministro e instalación para señal SR - SP - SI - ST (alto mínimo de 23 cm) material reflectivo Tipo XI, película antigraffiti, en lámina galvanizada C-16 E=1,5 mm, cumpliendo normatividad vigente. | C11: M2 | D11: =('POR AÑOS_OBRA2024'!D11+'POR AÑOS_OBRA2024'!H11+'POR AÑOS_OBRA2024'!L11+'POR AÑOS_OBRA2024'!P11) -> 582 | E11: =+'8'!I60 -> 374047 | F11: =+ROUND(D11*E11,0) -> 217695354 | G11: 592
A12: 9 | B12: Fabricación, suministro e instalación de Señal SP-47 B, material reflectivo Tipo XI amarillo/verde fluorescente, película antigraffiti, en lámina galvanizada C-16 E=1,5 mm, pedestal de sección circular con diámetro interior de 2" y e=2 mm. cumpliendo con normatividad vigente. | C12: UN | D12: =('POR AÑOS_OBRA2024'!D12+'POR AÑOS_OBRA2024'!H12+'POR AÑOS_OBRA2024'!L12+'POR AÑOS_OBRA2024'!P12) -> 1125 | E12: =+'9'!I63 -> 486612 | F12: =+ROUND(D12*E12,0) -> 547438500 | G12: 703
A13: 10 | B13: Fabricación, suministro e instalación de Señal Reglamentaria, Preventiva ó informativa de 75 cm, material reflectivo Tipo XI , película antigraffiti, en lámina galvanizada C-16 E=1,5mm, pedestal en tubo galvanizado de sección circular con diámetro interior de 2" y e=2 mm cumpliendo con normatividad vigente. | C13: UN | D13: =('POR AÑOS_OBRA2024'!D13+'POR AÑOS_OBRA2024'!H13+'POR AÑOS_OBRA2024'!L13+'POR AÑOS_OBRA2024'!P13) -> 367 | E13: =+'10'!I63 -> 347168 | F13: =+ROUND(D13*E13,0) -> 127410656 | G13: 377
A14: 11 | B14: Fabricación, suministro e instalación de Señal doble de 75cm, material reflectivo Tipo XI, película antigraffiti, en lámina galvanizada C-16 E=1.5mm, pedestal en tubo galvanizado de sección circular con diámetro interior de 2" y e=2 mm para SP/SR - SI/SR cumpliendo normatividad vigente. | C14: UN | D14: =('POR AÑOS_OBRA2024'!D14+'POR AÑOS_OBRA2024'!H14+'POR AÑOS_OBRA2024'!L14+'POR AÑOS_OBRA2024'!P14) -> 134 | E14: =+'11'!I64 -> 603142 | F14: =+ROUND(D14*E14,0) -> 80821028 | G14: 136
A15: 12 | B15: Fabricación, suministro e instalación de Señal Reglamentaria, Preventiva ó Informativa de 90 cm, material reflectivoTipo XI , película antigraffiti, en lámina galvanizada C-16 E=1,5 mm, pedestal en tubo gavanizado de 2" SR - SP cumpliendo normatividad vigente. | C15: UN | D15: =('POR AÑOS_OBRA2024'!D15+'POR AÑOS_OBRA2024'!H15+'POR AÑOS_OBRA2024'!L15+'POR AÑOS_OBRA2024'!P15) -> 12 | E15: =+'12'!I63 -> 443662 | F15: =+ROUND(D15*E15,0) -> 5323944 | G15: 11
A16: 13 | B16: Fabricación, suministro e instalación de delineador de curva horizontal de 51 x 36 cm (figura 5-14 Resolución 20243040045005 de 17 de septiembre de 2024), material reflectivo Tipo XI amarillo/verde fluorescente, película antigraffiti, en lámina galvanizada C-16 E=1,5 mm, pedestal en tubo galvanizado 2" cumpliendo normatividad vigente. | C16: UN | D16: =('POR AÑOS_OBRA2024'!D16+'POR AÑOS_OBRA2024'!H16+'POR AÑOS_OBRA2024'!L16+'POR AÑOS_OBRA2024'!P16) -> 191 | E16: =+'13'!I66 -> 197447 | F16: =+ROUND(D16*E16,0) -> 37712377 | G16: 191
A17: 14 | B17: Fabricación, suministro e instalación de delineador doble de curva horizontal de 51 x 66 cm (figura 5-14 Resolución 20243040045005 de 17 de septiembre de 2024), material reflectivo Tipo XI amarillo / verde fluorescente, película antigraffiti, en lámina galvanizada C-16 E=1,5 mm, pedestal en tubo galvanizado de sección circular con diámetro interior de 2" y e=2 mm cumpliendo normatividad vigente. | C17: UN | D17: =('POR AÑOS_OBRA2024'!D17+'POR AÑOS_OBRA2024'!H17+'POR AÑOS_OBRA2024'!L17+'POR AÑOS_OBRA2024'!P17) -> 368 | E17: =+'14'!I65 -> 265792 | F17: =+ROUND(D17*E17,0) -> 97811456 | G17: 370
A18: 15 | B18: Fabricación, suministro e instalación de marcador de obstáculo vertical doble plano (figura 5-23 Resolución 20243040045005 de 17 de septiembre de 2024) 90X45 cm, material reflectivo Tipo XI Amarillo /verde fluorescente, película antigraffiti, en lámina galvanizada C-16 E=1,5 mm, pedestal en tubo galvanizado de sección circular con diámetro interior de 2" y e=2 mm cumpliendo normatividad vigente. | C18: UN | D18: =('POR AÑOS_OBRA2024'!D18+'POR AÑOS_OBRA2024'!H18+'POR AÑOS_OBRA2024'!L18+'POR AÑOS_OBRA2024'!P18) -> 43 | E18: =+'15'!I65 -> 290058 | F18: =+ROUND(D18*E18,0) -> 12472494 | G18: 42
A19: 16 | B19: Fabricación, suministro e instalación de marcador de obstáculo vertical sencillo plano (figura 5-23 Resolución 20243040045005 de 17 de septiembre de 2024) 90X30 cm,material reflectivoTipo XI Amarillo /verde fluorescente, película antigraffiti, en lámina galvanizada C-16 E=1,5 mm, pedestal en tubo galvanizado de sección circular con diámetro interior de 2" y e=2 mm cumpliendo normatividad vigente. | C19: UN | D19: =('POR AÑOS_OBRA2024'!D19+'POR AÑOS_OBRA2024'!H19+'POR AÑOS_OBRA2024'!L19+'POR AÑOS_OBRA2024'!P19) -> 9 | E19: =+'16'!I64 -> 229156 | F19: =+ROUND(D19*E19,0) -> 2062404 | G19: 2
A20: 17 | B20: Fabricación, suministro e instalación de Señal SP-46 ó SP-46A, material reflectivo Tipo XI amarillo / verde fluorescente, película antigraffiti, en lámina galvanizada C-16 E=1,5 mm, pedestal en tubo galvanizado de sección circular con diámetro interior de 2" y e=2 mm cumpliendo con normatividad vigente. | C20: UN | D20: 350 | E20: =+'17'!I64 -> 284400 | F20: =+ROUND(D20*E20,0) -> 99540000
A21: 18 | B21: Fabricación, suministro e instalación de Señal SP-46 B, material reflectivo Tipo XI amarillo/verde fluorescente, película antigraffiti, en lámina galvanizada C-16 E=1,5 mm, pedestal en tubo galvanizado de 2" cumpliendo con normatividad vigente. | C21: UN | D21: 8 | E21: =+'18'!I64 -> 377566 | F21: =+ROUND(D21*E21,0) -> 3020528
A22: 19 | B22: Fabricación, suministro e instalación de Señal SR-38 o SR-39 de 75 x 25 cm, material reflectivo tipo XI, película antigraffiti, en lámina galvanizada C-16 E=1,5 mm, pedestal en tubo galvanizado de sección circular con diámetro interior de 2" y e=2 mm cumpliendo normatividad vigente. | C22: UN | D22: =('POR AÑOS_OBRA2024'!D22+'POR AÑOS_OBRA2024'!H22+'POR AÑOS_OBRA2024'!L22+'POR AÑOS_OBRA2024'!P22) -> 147 | E22: =+'19'!I63 -> 196760 | F22: =+ROUND(D22*E22,0) -> 28923720 | G22: 147
A23: 20 | B23: Fabricación, suministro e instalación de señal preventiva, reglamentaría e informativa de 45 cm, lámina galvanizada C-16 E=1,5 mm y material reflectivoTipo IV o superior, película antigraffiti, con tubo galvanizado de 2" de diámetro interno y espesor de 2.0 mm cumpliendo normatividad vigente. | C23: UN | D23: =('POR AÑOS_OBRA2024'!D23+'POR AÑOS_OBRA2024'!H23+'POR AÑOS_OBRA2024'!L23+'POR AÑOS_OBRA2024'!P23) -> 190 | E23: =+'20'!I68 -> 230564 | F23: =+ROUND(D23*E23,0) -> 43807160 | G23: 196
A24: 21 | B24: Fabricación, suministro e instalación de señal preventiva, Reglamentaria e informativa de 45 cm con tablero doble en lámina galvanizada C-16 E=1,5mm y material reflectivoTipo IV o superior, película antigraffiti, con tubo galvanizado de 2" de diámetro interno y espesor de 3.9 mm cumpliendo normatividad vigente. (Incluye la cimentación del soporte para la señal) | C24: UN | D24: =('POR AÑOS_OBRA2024'!D24+'POR AÑOS_OBRA2024'!H24+'POR AÑOS_OBRA2024'!L24+'POR AÑOS_OBRA2024'!P24) -> 103 | E24: =+'21'!I72 -> 339716 | F24: =+ROUND(D24*E24,0) -> 34990748 | G24: 104
A25: 22 | B25: Fabricación, suministro e instalación de tablero de 60 cm, señal Reglamentaria, preventiva o informativa, material reflectivo tipo XI, película antigraffiti, en lámina galvanizada C16 E=1,5 mm, cumpliendo normatividad vigente. (Incluye elementos de fijación) | C25: UN | D25: =('POR AÑOS_OBRA2024'!D25+'POR AÑOS_OBRA2024'!H25+'POR AÑOS_OBRA2024'!L25+'POR AÑOS_OBRA2024'!P25) -> 222 | E25: =+'22N'!I56 -> 151784 | F25: =+ROUND(D25*E25,0) -> 33696048 | G25: 229
A26: 23 | B26: Fabricación, suministro e instalación de tablero de 75 cm, señal Reglamentaria, preventiva o informativa, material reflectivo tipo XI, película antigraffiti, en lámina galvanizada C16 E=1,5 mm, cumpliendo normatividad vigente. (Incluye elementos de fijación) | C26: UN | D26: =('POR AÑOS_OBRA2024'!D26+'POR AÑOS_OBRA2024'!H26+'POR AÑOS_OBRA2024'!L26+'POR AÑOS_OBRA2024'!P26) -> 118 | E26: =+'23'!I56 -> 220577 | F26: =+ROUND(D26*E26,0) -> 26028086 | G26: 116
A27: 24 | B27: Fabricación, suministro e instalación de tablero de 90 cm, señal Reglamentaria, preventiva o informativa, material reflectivo tipo XI, película antigraffiti, en lámina galvanizada C16 E=1,5 mm, cumpliendo normatividad vigente. (Incluye elementos de fijación) | C27: UN | D27: =('POR AÑOS_OBRA2024'!D27+'POR AÑOS_OBRA2024'!H27+'POR AÑOS_OBRA2024'!L27+'POR AÑOS_OBRA2024'!P27) -> 27 | E27: =+'24'!I56 -> 304252 | F27: =+ROUND(D27*E27,0) -> 8214804 | G27: 20
A28: 25 | B28: Fabricación, suministro e instalación de tablero de 45 cm, señal preventiva, reglamentaría e informativa, lámina galvanizada C-16 E=1,5 mm y material reflectivotipo IV o superior, película antigraffiti, cumpliendo normatividad vigente. (Incluye elementos de fijación) | C28: UN | D28: =('POR AÑOS_OBRA2024'!D28+'POR AÑOS_OBRA2024'!H28+'POR AÑOS_OBRA2024'!L28+'POR AÑOS_OBRA2024'!P28) -> 68 | E28: =+'25'!I59 -> 112032 | F28: =+ROUND(D28*E28,0) -> 7618176 | G28: 66
A29: 26 | B29: Instalación de Señales Verticales de Pedestal (incluye Señales Sencillas tipo preventiva, Reglamentaria o informativa, Dúplex, Chevrones y Delineadores de todas las dimensiones) cumpliendo normatividad vigente. | C29: UN | D29: =('POR AÑOS_OBRA2024'!D29+'POR AÑOS_OBRA2024'!H29+'POR AÑOS_OBRA2024'!L29+'POR AÑOS_OBRA2024'!P29) -> 173 | E29: =+'26'!I53 -> 42606 | F29: =+ROUND(D29*E29,0) -> 7370838 | G29: 167
A30: 27 | B30: Instalación y/o retiro de Tableros para Señales Verticales. (Incluye señal adosada, Dúplex y todos los tamaños) | C30: UN | D30: =('POR AÑOS_OBRA2024'!D30+'POR AÑOS_OBRA2024'!H30+'POR AÑOS_OBRA2024'!L30+'POR AÑOS_OBRA2024'!P30) -> 54 | E30: =+'27N'!I52 -> 22288 | F30: =+ROUND(D30*E30,0) -> 1203552 | G30: 46
A31: 28 | B31: Retiro de Señales Verticales (Incluye pedestal y tablero) con entrega a almacén de la SDM (incluye señales sencillas y Dúplex) | C31: UN | D31: =('POR AÑOS_OBRA2024'!D31+'POR AÑOS_OBRA2024'!H31+'POR AÑOS_OBRA2024'!L31+'POR AÑOS_OBRA2024'!P31) -> 1258 | E31: =+'28'!I52 -> 22848 | F31: =+ROUND(D31*E31,0) -> 28742784 | G31: 1284
A32: 29 | B32: Reubicación de señales verticales (incluye señales sencillas y Dúplex) | C32: UN | D32: =('POR AÑOS_OBRA2024'!D32+'POR AÑOS_OBRA2024'!H32+'POR AÑOS_OBRA2024'!L32+'POR AÑOS_OBRA2024'!P32) -> 75 | E32: =+'29'!I52 -> 50552 | F32: =+ROUND(D32*E32,0) -> 3791400 | G32: 72
A33: 30 | B33: Suministro y aplicación imprimante acrílico negro 12 cm, espesor seco 4 mils y 50% de solidos por volumen | C33: M | D33: =('POR AÑOS_OBRA2024'!D33+'POR AÑOS_OBRA2024'!H33+'POR AÑOS_OBRA2024'!L33+'POR AÑOS_OBRA2024'!P33) -> 4154 | E33: =+'30'!I51 -> 1471 | F33: =+ROUND(D33*E33,0) -> 6110534 | G33: 5684
A34: 31 | B34: Suministro y aplicación imprimante acrílico negro 15 cm, espesor seco 4 mils y 50% de solidos por volumen | C34: M | D34: =('POR AÑOS_OBRA2024'!D34+'POR AÑOS_OBRA2024'!H34+'POR AÑOS_OBRA2024'!L34+'POR AÑOS_OBRA2024'!P34) -> 11261 | E34: =+'31'!I51 -> 1787 | F34: =+ROUND(D34*E34,0) -> 20123407 | G34: 142042
A35: 32 | B35: Suministro y aplicación imprimante acrílico negro 20 cm, espesor seco 4 mils y 50% de solidos por volumen | C35: M | D35: =('POR AÑOS_OBRA2024'!D35+'POR AÑOS_OBRA2024'!H35+'POR AÑOS_OBRA2024'!L35+'POR AÑOS_OBRA2024'!P35) -> 1684 | E35: =+'32'!I51 -> 2323 | F35: =+ROUND(D35*E35,0) -> 3911932 | G35: 1723.5
A36: 33 | B36: Suministro y aplicación imprimante acrílico negro 25 cm, espesor seco 4 mils y 50% de solidos por volumen | C36: M | D36: =('POR AÑOS_OBRA2024'!D36+'POR AÑOS_OBRA2024'!H36+'POR AÑOS_OBRA2024'!L36+'POR AÑOS_OBRA2024'!P36) -> 24650 | E36: =+'33'!I51 -> 2714 | F36: =+ROUND(D36*E36,0) -> 66900100 | G36: 25232
A37: 34 | B37: Suministro y aplicación imprimante acrílico negro, espesor seco 4 mils y 50% de solidos por volumen | C37: M2 | D37: =('POR AÑOS_OBRA2024'!D37+'POR AÑOS_OBRA2024'!H37+'POR AÑOS_OBRA2024'!L37+'POR AÑOS_OBRA2024'!P37) -> 43409 | E37: =+'34'!I51 -> 12564 | F37: =+ROUND(D37*E37,0) -> 545390676 | G37: 60000
A38: 35 | B38: Suministro y Aplicación de Pintura de tráfico base agua negra m2. espesor seco 9 mils y 60% de solidos por volumen | C38: M2 | D38: =('POR AÑOS_OBRA2024'!D38+'POR AÑOS_OBRA2024'!H38+'POR AÑOS_OBRA2024'!L38+'POR AÑOS_OBRA2024'!P38) -> 2941 | E38: =+'35'!I51 -> 22297 | F38: =+ROUND(D38*E38,0) -> 65575477 | G38: 3000
A39: 36 | B39: Suministro y Aplicación de pintura Acrílica base solvente 12 cm para líneas de demarcación, con microesfera, con antideslizante, espesor seco 9 mils y 51% de sólidos por volumen | C39: M | D39: =('POR AÑOS_OBRA2024'!D38+'POR AÑOS_OBRA2024'!H38+'POR AÑOS_OBRA2024'!L38+'POR AÑOS_OBRA2024'!P38)*7 -> 20587 | E39: =+'36'!I51 -> 4238 | F39: =+ROUND(D39*E39,0) -> 87247706 | G39: 20425
A40: 37 | B40: Suministro y Aplicación de pintura Acrílica solvente 15 cm para líneas de demarcación, con microesfera, con antideslizante, espesor seco 9 mils y 51% sólidos por volumen | C40: M | D40: =('POR AÑOS_OBRA2024'!D40+'POR AÑOS_OBRA2024'!H40+'POR AÑOS_OBRA2024'!L40+'POR AÑOS_OBRA2024'!P40) -> 2596 | E40: =+'37'!I51 -> 5163 | F40: =+ROUND(D40*E40,0) -> 13403148 | G40: 2654
A41: 38 | B41: Suministro y Aplicación de pintura Acrílica base solvente 20 cm para líneas de demarcación, con microesfera, con antideslizante, espesor seco 9 mils y 51% de solidos por volumen | C41: M | D41: =('POR AÑOS_OBRA2024'!D41+'POR AÑOS_OBRA2024'!H41+'POR AÑOS_OBRA2024'!L41+'POR AÑOS_OBRA2024'!P41) -> 1700 | E41: =+'38'!I51 -> 6785 | F41: =+ROUND(D41*E41,0) -> 11534500 | G41: 1731
A42: 39 | B42: Suministro y Aplicación de pintura Acrílica base solvente marcas viales con microesfera, con antideslizante, espesor seco 9 mils y 51% de solidos por volumen, incluye pictogramas. | C42: M2 | D42: =('POR AÑOS_OBRA2024'!D42+'POR AÑOS_OBRA2024'!H42+'POR AÑOS_OBRA2024'!L42+'POR AÑOS_OBRA2024'!P42) -> 5152 | E42: =+'39'!I51 -> 39986 | F42: =+ROUND(D42*E42,0) -> 206007872 | G42: 5282
A43: 40 | B43: Suministro y Aplicación de pintura Acrílica base solvente marcas viales sin microesfera, con antideslizante, espesor seco 9 mils y 51% de solidos por volumen, incluye pictogramas | C43: M2 | D43: =('POR AÑOS_OBRA2024'!D43+'POR AÑOS_OBRA2024'!H43+'POR AÑOS_OBRA2024'!L43+'POR AÑOS_OBRA2024'!P43) -> 355 | E43: =+'40'!I51 -> 43244 | F43: =+ROUND(D43*E43,0) -> 15351620 | G43: 363
A44: 41 | B44: Suministro y Aplicación de pintura Acrílica base solvente pigmentada (Multicolor según 3.7.3. Color de las demarcaciones planas para urbanismos tácticos u otras intervenciones tácticas urbanas) marcas viales sin microesfera, Incluye antideslizante, espesor seco 9 mils y 51% de solidos por volumen, incluye pictogramas | C44: M2 | D44: =('POR AÑOS_OBRA2024'!D44+'POR AÑOS_OBRA2024'!H44+'POR AÑOS_OBRA2024'!L44+'POR AÑOS_OBRA2024'!P44) -> 730 | E44: =+'41'!I51 -> 41285 | F44: =+ROUND(D44*E44,0) -> 30138050 | G44: 738
A45: 42 | B45: Suministro y Aplicación de pintura Acrílica base agua 12 cm para líneas de demarcación, con microesfera,con antideslizante, espesor seco de 9 mils y 60% de sólidos por volumen | C45: M | D45: =('POR AÑOS_OBRA2024'!D45+'POR AÑOS_OBRA2024'!H45+'POR AÑOS_OBRA2024'!L45+'POR AÑOS_OBRA2024'!P45) -> 31119 | E45: =+'42'!I51 -> 2959 | F45: =+ROUND(D45*E45,0) -> 92081121 | G45: 45000
A46: 43 | B46: Suministro y Aplicación de pintura Acrílica base agua 15 cm para líneas de demarcación, con microesfera, con antideslizante, espesor seco de 9 mils y 60% de solidos por volumen | C46: M | D46: =('POR AÑOS_OBRA2024'!D46+'POR AÑOS_OBRA2024'!H46+'POR AÑOS_OBRA2024'!L46+'POR AÑOS_OBRA2024'!P46) -> 14653 | E46: =+'43'!I51 -> 3657 | F46: =+ROUND(D46*E46,0) -> 53586021 | G46: 15000
A47: 44 | B47: Suministro y Aplicación de pintura Acrílica base agua 20 cm para líneas de demarcación, con microesfera, con antideslizante, espesor seco de 9 mils y 60% de sólidos por volumen | C47: M | D47: =('POR AÑOS_OBRA2024'!D47+'POR AÑOS_OBRA2024'!H47+'POR AÑOS_OBRA2024'!L47+'POR AÑOS_OBRA2024'!P47) -> 7329 | E47: =+'44'!I51 -> 4821 | F47: =+ROUND(D47*E47,0) -> 35333109 | G47: 7500
A48: 45 | B48: Suministro y Aplicación de pintura Acrílica base agua para marcas viales con microesfera, antideslizante, espesor seco de 9 mils y 60% de solidos por volumen, incluye pictogramas. | C48: M2 | D48: =('POR AÑOS_OBRA2024'!D48+'POR AÑOS_OBRA2024'!H48+'POR AÑOS_OBRA2024'!L48+'POR AÑOS_OBRA2024'!P48) -> 419 | E48: =+'45'!I51 -> 28680 | F48: =+ROUND(D48*E48,0) -> 12016920 | G48: 878.5
A49: 46 | B49: Suministro y Aplicación de pintura Acrílica base agua para marcas viales sin microesfera, con antideslizante espesor seco de 9 mils y 60% de solidos por volumen, incluye pictogramas. | C49: M2 | D49: =('POR AÑOS_OBRA2024'!D49+'POR AÑOS_OBRA2024'!H49+'POR AÑOS_OBRA2024'!L49+'POR AÑOS_OBRA2024'!P49) -> 350 | E49: =+'46'!I51 -> 34074 | F49: =+ROUND(D49*E49,0) -> 11925900 | G49: 358.5
A50: 47 | B50: Suministro y Aplicación de pintura Acrílica base agua pigmentada, con antideslizante, (Multicolor según 3.7.3. Color de las demarcaciones planas para urbanismos tácticos u otras intervenciones tácticas urbanas) para marcas viales sin microesfera, espesor seco de 9 mils y 60% de solidos por volumen, incluye pictogramas | C50: M2 | D50: =('POR AÑOS_OBRA2024'!D50+'POR AÑOS_OBRA2024'!H50+'POR AÑOS_OBRA2024'!L50+'POR AÑOS_OBRA2024'!P50) -> 4738 | E50: =+'47'!I51 -> 34912 | F50: =+ROUND(D50*E50,0) -> 165413056 | G50: 4854
A51: 48 | B51: Suministro y Aplicación de pintura Acrílica base agua 10 cm para líneas de demarcación en ciclorruta, sin microesfera, con antideslizante, espesor seco de 9 mils y 60% de sólidos por volumen | C51: M | D51: =('POR AÑOS_OBRA2024'!D51+'POR AÑOS_OBRA2024'!H51+'POR AÑOS_OBRA2024'!L51+'POR AÑOS_OBRA2024'!P51) -> 12653 | E51: =+'48'!I51 -> 2842 | F51: =+ROUND(D51*E51,0) -> 35959826 | G51: 15203
A52: 49 | B52: Suministro y Aplicación de pintura Acrílica base agua marcas viales, con antideslizante, sin microesferde demarcación de bahías, espesor seco de 9 mils y 60% de sólidos por volumen | C52: M2 | D52: =('POR AÑOS_OBRA2024'!D52+'POR AÑOS_OBRA2024'!H52+'POR AÑOS_OBRA2024'!L52+'POR AÑOS_OBRA2024'!P52) -> 1715 | E52: =+'49'!I51 -> 38484 | F52: =+ROUND(D52*E52,0) -> 66000060 | G52: 174
A53: 50 | B53: Suministro y Aplicación de resina Termoplástica a = 12 cm, para líneas de demarcación,con antideslizante, incluye microesfera y espesor seco 90 mils (2.3mm) | C53: M | D53: =('POR AÑOS_OBRA2024'!D53+'POR AÑOS_OBRA2024'!H53+'POR AÑOS_OBRA2024'!L53+'POR AÑOS_OBRA2024'!P53) -> 13246 | E53: =+'50'!I51 -> 16054 | F53: =+ROUND(D53*E53,0) -> 212651284 | G53: 13564
A54: 51 | B54: Suministro y Aplicación de resina Termoplástica a = 15 cm, para líneas de demarcación,con antideslizante, incluye microesfera y espesor seco 90 mils (2.3mm) | C54: M | D54: =('POR AÑOS_OBRA2024'!D54+'POR AÑOS_OBRA2024'!H54+'POR AÑOS_OBRA2024'!L54+'POR AÑOS_OBRA2024'!P54) -> 2061 | E54: =+'51'!I51 -> 19988 | F54: =+ROUND(D54*E54,0) -> 41195268 | G54: 2108
A55: 52 | B55: Suministro y Aplicación de resina Termoplástica a = 15 cm, para líneas de demarcación,con antideslizante, incluye microesfera y espesor seco 90 mils (2.3mm) | C55: M | D55: =('POR AÑOS_OBRA2024'!D55+'POR AÑOS_OBRA2024'!H55+'POR AÑOS_OBRA2024'!L55+'POR AÑOS_OBRA2024'!P55) -> 1004 | E55: =+'52'!I51 -> 26421 | F55: =+ROUND(D55*E55,0) -> 26526684 | G55: 100
A56: 53 | B56: Suministro y Aplicación de resina Termoplástica para marcas viales, sin microesfera, con antideslizante, y espesor seco de 90 mils (2.3mm), incluye pictogramas | C56: M2 | D56: =('POR AÑOS_OBRA2024'!D56+'POR AÑOS_OBRA2024'!H56+'POR AÑOS_OBRA2024'!L56+'POR AÑOS_OBRA2024'!P56) -> 103 | E56: =+'53'!I51 -> 141917 | F56: =+ROUND(D56*E56,0) -> 14617451 | G56: 100
A57: 54 | B57: Suministro y Aplicación de resina Termoplástica para marcas viales, con antideslizante, con microesfera y espesor seco de 90 mils (2.3mm), incluye pictogramas | C57: M2 | D57: =('POR AÑOS_OBRA2024'!D57+'POR AÑOS_OBRA2024'!H57+'POR AÑOS_OBRA2024'!L57+'POR AÑOS_OBRA2024'!P57) -> 102 | E57: =+'54'!I51 -> 142081 | F57: =+ROUND(D57*E57,0) -> 14492262 | G57: 100
A58: 55 | B58: Suministro y Aplicación de pintura en plástico en frio metilmetacrilato de 12 cm para líneas de demarcación, con microesfera, con antideslizante, y espesor seco mínimo de 22 mils (por pulverización o spray)según norma NTC 4744 | C58: M | D58: =('POR AÑOS_OBRA2024'!D58+'POR AÑOS_OBRA2024'!H58+'POR AÑOS_OBRA2024'!L58+'POR AÑOS_OBRA2024'!P58) -> 27524 | E58: =+'55'!I51 -> 5922 | F58: =+ROUND(D58*E58,0) -> 162997128 | G58: 113566
A59: 56 | B59: Suministro y Aplicación de pintura en plástico en frio metilmetacrilato de 15 cm para líneas de demarcación, con antideslizante, con microesfera y espesor seco mínimo de 22 mils (por pulverización o spray) según norma NTC 4744 | C59: M | D59: =('POR AÑOS_OBRA2024'!D59+'POR AÑOS_OBRA2024'!H59+'POR AÑOS_OBRA2024'!L59+'POR AÑOS_OBRA2024'!P59) -> 14624 | E59: =+'56'!I51 -> 10473 | F59: =+ROUND(D59*E59,0) -> 153157152 | G59: 14976
A60: 57 | B60: Suministro y Aplicación de pintura en plástico en frio metilmetacrilato de 20 cm para líneas de demarcación, con antideslizante, con microesfera y espesor seco mínimo de 22 mils (por pulverización o spray) según norma NTC 4744 | C60: M | D60: =('POR AÑOS_OBRA2024'!D60+'POR AÑOS_OBRA2024'!H60+'POR AÑOS_OBRA2024'!L60+'POR AÑOS_OBRA2024'!P60) -> 20639 | E60: =+'57'!I51 -> 12615 | F60: =+ROUND(D60*E60,0) -> 260360985 | G60: 20650
A61: 58 | B61: Suministro y aplicación de pintura de plástico en frio metilmetacrilato para marcas viales,con antideslizante, con microesfera y espesor seco mínimo de 22 mils (por pulverización o spray) según norma NTC 4744, incluye pictogramas | C61: M2 | D61: =('POR AÑOS_OBRA2024'!D61+'POR AÑOS_OBRA2024'!H61+'POR AÑOS_OBRA2024'!L61+'POR AÑOS_OBRA2024'!P61) -> 10737 | E61: =+'58'!I51 -> 53181 | F61: =+ROUND(D61*E61,0) -> 571004397 | G61: 10991
A62: 59 | B62: Suministro y aplicación de pintura de plástico en frio metilmetacrilato para marcas viales sin microesfera,con antideslizante, y espesor seco de mínimo de 22 mils (por pulverización o spray) según norma NTC 4744, incluye pictogramas | C62: M2 | D62: =('POR AÑOS_OBRA2024'!D62+'POR AÑOS_OBRA2024'!H62+'POR AÑOS_OBRA2024'!L62+'POR AÑOS_OBRA2024'!P62) -> 2640 | E62: =+'59'!I50 -> 55031 | F62: =+ROUND(D62*E62,0) -> 145281840 | G62: 2706
A63: 60 | B63: Suministro y Aplicación de pintura en plástico en frio metilmetacrilato de 12 cm para líneas de demarcación, con microesfera, con antideslizante, y espesor seco de 50 mils (extruible) según norma NTC 4744 | C63: M | D63: =('POR AÑOS_OBRA2024'!D63+'POR AÑOS_OBRA2024'!H63+'POR AÑOS_OBRA2024'!L63+'POR AÑOS_OBRA2024'!P63) -> 15524 | E63: =+'60'!I51 -> 10162 | F63: =+ROUND(D63*E63,0) -> 157754888 | G63: 15892
A64: 61 | B64: Suministro y Aplicación de pintura en plástico en frio metilmetacrilato de 15 cm para líneas de demarcación, con antideslizante, con microesfera y espesor seco de 50 mils (extruible) según norma NTC 4744 | C64: M | D64: =('POR AÑOS_OBRA2024'!D64+'POR AÑOS_OBRA2024'!H64+'POR AÑOS_OBRA2024'!L64+'POR AÑOS_OBRA2024'!P64) -> 2644 | E64: =+'61'!I51 -> 12205 | F64: =+ROUND(D64*E64,0) -> 32270020 | G64: 2709
A65: 62 | B65: Suministro y Aplicación de pintura en plástico en frio metilmetacrilato de 20 cm para líneas de demarcación, con microesfera, con antideslizante, y espesor seco de 50 mils (extruible) según norma NTC 4744 | C65: M | D65: =('POR AÑOS_OBRA2024'!D65+'POR AÑOS_OBRA2024'!H65+'POR AÑOS_OBRA2024'!L65+'POR AÑOS_OBRA2024'!P65) -> 629 | E65: =+'62'!I51 -> 15612 | F65: =+ROUND(D65*E65,0) -> 9819948 | G65: 636
A66: 63 | B66: Suministro y aplicación de pintura de plástico en frio metilmetacrilato para marcas viales, con antideslizante, con microesfera y espesor seco de 50 mils (extruible) según norma NTC 4744, incluye pictogramas | C66: M2 | D66: =('POR AÑOS_OBRA2024'!D66+'POR AÑOS_OBRA2024'!H66+'POR AÑOS_OBRA2024'!L66+'POR AÑOS_OBRA2024'!P66) -> 1314 | E66: =+'63'!I51 -> 85461 | F66: =+ROUND(D66*E66,0) -> 112295754 | G66: 18417
A67: 64 | B67: Suministro y aplicación de pintura de plástico en frio metilmetacrilato para marcas viales sin microesfera, con antideslizante, y espesor seco de 50 mils (extruible) según norma NTC 4744, incluye pictogramas | C67: M2 | D67: =('POR AÑOS_OBRA2024'!D67+'POR AÑOS_OBRA2024'!H67+'POR AÑOS_OBRA2024'!L67+'POR AÑOS_OBRA2024'!P67) -> 62 | E67: =+'64'!I51 -> 89761 | F67: =+ROUND(D67*E67,0) -> 5565182 | G67: 60
A68: 65 | B68: Suministro y aplicación manual (método llana) de pintura de plástico en frio metilmetacrilato con microesferas, con antideslizante, para marcas viales de espesor seco de 50 mils según norma NTC 4744, incluye pictogramas. | C68: M2 | D68: =('POR AÑOS_OBRA2024'!D68+'POR AÑOS_OBRA2024'!H68+'POR AÑOS_OBRA2024'!L68+'POR AÑOS_OBRA2024'!P68) -> 1258 | E68: =+'65'!I50 -> 90289 | F68: =+ROUND(D68*E68,0) -> 113583562 | G68: 13123
A69: 66 | B69: Suministro y aplicación manual (método llana) de pintura de plástico en frio metilmetacrilato sin microesferas, con antideslizante, para marcas viales de espesor seco de 50 mils según norma NTC 4744, incluye pictogramas. | C69: M2 | D69: =('POR AÑOS_OBRA2024'!D69+'POR AÑOS_OBRA2024'!H69+'POR AÑOS_OBRA2024'!L69+'POR AÑOS_OBRA2024'!P69) -> 1182 | E69: =+'66'!I50 -> 93547 | F69: =+ROUND(D69*E69,0) -> 110572554 | G69: 1198
A70: 67 | B70: Suministro y aplicación manual (método llana) de pintura de plástico en frio metilmetacrilato pigmentada (multicolor según 3.7.3. Color de las demarcaciones planas para urbanismos tácticos u otras intervenciones tácticas urbanas) sin microesferas, con antideslizante, para marcas viales de espesor seco de 50 mils según norma NTC 4744, incluye pictogramas | C70: M2 | D70: =('POR AÑOS_OBRA2024'!D70+'POR AÑOS_OBRA2024'!H70+'POR AÑOS_OBRA2024'!L70+'POR AÑOS_OBRA2024'!P70) -> 6645 | E70: =+'67'!I50 -> 94908 | F70: =+ROUND(D70*E70,0) -> 630663660 | G70: 6809
A71: 68 | B71: Suministro y aplicación de antideslizante para marcas viales según norma NTC 2072 | C71: M2 | D71: =('POR AÑOS_OBRA2024'!D71+'POR AÑOS_OBRA2024'!H71+'POR AÑOS_OBRA2024'!L71+'POR AÑOS_OBRA2024'!P71) -> 42224 | E71: =+'68'!I52 -> 8822 | F71: =+ROUND(D71*E71,0) -> 372500128 | G71: 52136
A72: 69 | B72: Suministro e instalación de tachas reflectivas segun diseño. Cumpliendo con los coeficientes de intensidad luminosa de la NTC 4745 (Tabla 1). | C72: UN | D72: =('POR AÑOS_OBRA2024'!D72+'POR AÑOS_OBRA2024'!H72+'POR AÑOS_OBRA2024'!L72+'POR AÑOS_OBRA2024'!P72) -> 28239 | E72: =+'69'!I50 -> 8426 | F72: =+ROUND(D72*E72,0) -> 237941814 | G72: 7569
A73: 70 | B73: Suministro e instalación de tachas reflectivas según diseño con espigo de mínimo 5 cm. Cumpliendo con los coeficientes de intensidad luminosa de la NTC 4745 (Tabla 1). | C73: UN | D73: =('POR AÑOS_OBRA2024'!D73+'POR AÑOS_OBRA2024'!H73+'POR AÑOS_OBRA2024'!L73+'POR AÑOS_OBRA2024'!P73) -> 28300 | E73: =+'70'!I52 -> 11752 | F73: =+ROUND(D73*E73,0) -> 332581600 | G73: 37973
A74: 71 | B74: Suministro e instalación de estoperoles plásticos de 10 cm de diámetro y 2 cm de altura (NTC 4745). Figura 5-22 de la Resolución 20243040045005 de 17 de septiembre de 2024 | C74: UN | D74: =('POR AÑOS_OBRA2024'!D74+'POR AÑOS_OBRA2024'!H74+'POR AÑOS_OBRA2024'!L74+'POR AÑOS_OBRA2024'!P74) -> 19139 | E74: =+'71'!I51 -> 6547 | F74: =+ROUND(D74*E74,0) -> 125303033 | G74: 19607
A75: 72 | B75: Suministro y anclaje de estoperoles plásticos con espigo, diámetro mínimo 10 cm y altura máxima 2,0 cm de altura con un espigo de mínimo 5 cm (NTC 4745) Incluye elementos de fijación. Figura 5-22 de la Resolución 20243040045005 de 17 de septiembre de 2024 | C75: UN | D75: =('POR AÑOS_OBRA2024'!D75+'POR AÑOS_OBRA2024'!H75+'POR AÑOS_OBRA2024'!L75+'POR AÑOS_OBRA2024'!P75) -> 18775 | E75: =+'72'!I52 -> 6958 | F75: =+ROUND(D75*E75,0) -> 130636450 | G75: 58525
A76: 73 | B76: Suministro y anclaje de estoperoles metálicos con espigo, diámetro mínimo 10 cm y altura máxima 2,0 cm de altura con un espigo de mínimo 5 cm (NTC 4745) Incluye elementos de fijación. Figura 5-22 de la Resolución 20243040045005 de 17 de septiembre de 2024 | C76: UN | D76: =('POR AÑOS_OBRA2024'!D76+'POR AÑOS_OBRA2024'!H76+'POR AÑOS_OBRA2024'!L76+'POR AÑOS_OBRA2024'!P76) -> 27110 | E76: =+'73'!I52 -> 11509 | F76: =+ROUND(D76*E76,0) -> 312008990 | G76: 155800
A77: 74 | B77: Suministro y anclaje de tachón en resina poliéster de color amarillo con alta resistencia al impacto y material retroreflectivo tipo XI en los costados (Tipo piramidal con base rectangular, con incrustación al pavimento, altura máxima de 6 cm, ancho de 15 cm y largo 25 cm). Incluye accesorios y materiales para fijación. | C77: UN | D77: =('POR AÑOS_OBRA2024'!D77+'POR AÑOS_OBRA2024'!H77+'POR AÑOS_OBRA2024'!L77+'POR AÑOS_OBRA2024'!P77) -> 709 | E77: =+'74'!I52 -> 81420 | F77: =+ROUND(D77*E77,0) -> 57726780 | G77: 722
A78: 75 | B78: Suministro y anclaje de bordillo traspasable en resina poliéster de color amarillo con alta resistencia al impacto (Tipo piramidal, largo 40 cm, ancho de 15 cm y altura máxima de 8 cm de acuerdo con la figura 5-6 de la Resolución 20243040045005 de 17 de septiembre de 2024). Incluye accesorios y materiales para fijación. | C78: UN | D78: =('POR AÑOS_OBRA2024'!D78+'POR AÑOS_OBRA2024'!H78+'POR AÑOS_OBRA2024'!L78+'POR AÑOS_OBRA2024'!P78) -> 1369 | E78: =+'75'!I51 -> 81873 | F78: =+ROUND(D78*E78,0) -> 112084137 | G78: 18480
A79: 76 | B79: Suministro y anclaje de bordillo traspasable metálico de color amarillo con alta resistencia al impacto (Tipo piramidal, largo 40 cm, ancho de 15 cm y altura máxima de 8 cm de acuerdo con figura 5-6 de la Resolución 20243040045005 de 17 de septiembre de 2024). Incluye accesorios y materiales para fijación. | C79: UN | D79: =('POR AÑOS_OBRA2024'!D79+'POR AÑOS_OBRA2024'!H79+'POR AÑOS_OBRA2024'!L79+'POR AÑOS_OBRA2024'!P79) -> 18 | E79: =+'76'!I52 -> 153315 | F79: =+ROUND(D79*E79,0) -> 2759670 | G79: 10
A80: 77 | B80: Suministro y anclaje de bordillo no traspasable, en concreto de color amarillo con alta resistencia al impacto o concreto de 4000 PSI con varilla de refuerzo de 1/2"(Tipo piramidal con incrustación al pavimento con cuatro anclajes en varilla de 5/8" de diámetro por 4" de longitud, dimensiones: altura máxima de 15 cm, ancho de 20 cm y largo 100 cm). Incluye accesorios y materiales para fijación. | C80: UN | D80: =('POR AÑOS_OBRA2024'!D80+'POR AÑOS_OBRA2024'!H80+'POR AÑOS_OBRA2024'!L80+'POR AÑOS_OBRA2024'!P80) -> 2669 | E80: =+'77'!I52 -> 186851 | F80: =+ROUND(D80*E80,0) -> 498705319 | G80: 2728
A81: 78 | B81: Suministro e instalación de Boya metálica de color amarillo, con alta resistencia al impacto, con lentes reflectantes (dimensiones máximas: de 7 cm de altura y 24 cm de base según figura 5-3 Resolución 20243040045005 de 17 de septiembre de 2024) | C81: UN | D81: =('POR AÑOS_OBRA2024'!D81+'POR AÑOS_OBRA2024'!H81+'POR AÑOS_OBRA2024'!L81+'POR AÑOS_OBRA2024'!P81) -> 245 | E81: =+'78'!I52 -> 38479 | F81: =+ROUND(D81*E81,0) -> 9427355 | G81: 20
A82: 79 | B82: Suministro e instalación de Boya plástica de color amarillo, con alta resistencia al impacto, con lentes reflectantes (dimensiones máximas: de 7 cm de altura y 24 cm de base según figura 5-3 Resolución 20243040045005 de 17 de septiembre de 2024) | C82: UN | D82: =('POR AÑOS_OBRA2024'!D82+'POR AÑOS_OBRA2024'!H82+'POR AÑOS_OBRA2024'!L82+'POR AÑOS_OBRA2024'!P82) -> 246 | E82: =+'79'!I52 -> 29227 | F82: =+ROUND(D82*E82,0) -> 7189842 | G82: 20
A83: 80 | B83: Suministro e instalación de delineador tubular simple (figura 5-19 Resolución 20243040045005 de 17 de septiembre de 2024) construido en material sintético flexible de color amarillo con tres bandas de 7,5 cm en material reflectivoblanco tipo XI , altura mínima 70 cm, diámetro mínimo de 8 cm. Incluye accesorios y materiales para fijación. | C83: UN | D83: =('POR AÑOS_OBRA2024'!D83+'POR AÑOS_OBRA2024'!H83+'POR AÑOS_OBRA2024'!L83+'POR AÑOS_OBRA2024'!P83) -> 1515 | E83: =+'80'!I50 -> 51524 | F83: =+ROUND(D83*E83,0) -> 78058860 | G83: 1855
A84: 81 | B84: Suministro e instalación de delineador de corona (hitos de arista) construido en material sintético flexible de color blanco, franja negra y material retroflectivo tipo XI (Tipo "A", fijado en concreto, altura mínima de 75 cm y máxima de 120 cm de acuerdo con la figura 5-11 Resolución 20243040045005 de 17 de septiembre de 2024). Incluye accesorios y materiales para fijación. 8 (SEGUN DISEÑO) | C84: UN | D84: =('POR AÑOS_OBRA2024'!D84+'POR AÑOS_OBRA2024'!H84+'POR AÑOS_OBRA2024'!L84+'POR AÑOS_OBRA2024'!P84) -> 330 | E84: =+'81'!I52 -> 75074 | F84: =+ROUND(D84*E84,0) -> 24774420 | G84: 0
A85: 82 | B85: Construcción de bandas sonoras reductoras de velocidad de 1 cm de altura, construida con gravilla mona #2", pintura de larga duración blanca y resina epoxica | C85: M2 | D85: =('POR AÑOS_OBRA2024'!D85+'POR AÑOS_OBRA2024'!H85+'POR AÑOS_OBRA2024'!L85+'POR AÑOS_OBRA2024'!P85) -> 410 | E85: =+'82'!I51 -> 326989 | F85: =+ROUND(D85*E85,0) -> 134065490 | G85: 65
A86: 83 | B86: Construcción de bandas sonoras reductoras de velocidad de 2 cm de altura, construida con gravilla de 1/2", pintura de larga duración blanca y resina epoxica | C86: M2 | D86: =('POR AÑOS_OBRA2024'!D86+'POR AÑOS_OBRA2024'!H86+'POR AÑOS_OBRA2024'!L86+'POR AÑOS_OBRA2024'!P86) -> 923 | E86: =+'83'!I51 -> 325248 | F86: =+ROUND(D86*E86,0) -> 300203904 | G86: 3406
A87: 84 | B87: Construcción de bandas sonoras reductoras de velocidad de 3 cm de altura, construida con gravilla de 3/4", pintura de larga duración blanca y resina epoxica | C87: M2 | D87: =('POR AÑOS_OBRA2024'!D87+'POR AÑOS_OBRA2024'!H87+'POR AÑOS_OBRA2024'!L87+'POR AÑOS_OBRA2024'!P87) -> 40 | E87: =+'84'!I51 -> 329705 | F87: =+ROUND(D87*E87,0) -> 13188200 | G87: 1269
A88: 85 | B88: Suministro y anclaje de banda alertadora en resina con alta resistencia al impacto con ancho mínimo de 25 cm y altura máxima de 2 cm. Incluye materiales para la fijación. | C88: M | D88: =('POR AÑOS_OBRA2024'!D88+'POR AÑOS_OBRA2024'!H88+'POR AÑOS_OBRA2024'!L88+'POR AÑOS_OBRA2024'!P88) -> 205 | E88: =+'85'!I51 -> 359035 | F88: =+ROUND(D88*E88,0) -> 73602175 | G88: 208
A89: 86 | B89: Suministro y anclaje de resalto portátil de caucho con alta resistencia al impacto con ancho mínimo de 30 cm y altura entre 2 y 8 cm. Incluye accesorios y materiales para fijación. Figura 5.32 Resolución 20243040045005 de 17 de septiembre de 2024 | C89: M | D89: =('POR AÑOS_OBRA2024'!D89+'POR AÑOS_OBRA2024'!H89+'POR AÑOS_OBRA2024'!L89+'POR AÑOS_OBRA2024'!P89) -> 653 | E89: =+'86'!I51 -> 301236 | F89: =+ROUND(D89*E89,0) -> 196707108 | G89: 659
A90: 87 | B90: Suministro e instalación de hito de vértice en resina poliéster de color azul con alta resistencia al impacto y material retrorreflectivo tipo XI en la parte superior (Tipo semicilindrico con incrustación al pavimento, altura máxima de 0,90 m ancho de 1,0 m de acuerdo con la figura 5-26 Resolución 20243040045005 de 17 de septiembre de 2024 ). Incluye accesorios y materiales para fijación. | C90: UN | D90: =('POR AÑOS_OBRA2024'!D90+'POR AÑOS_OBRA2024'!H90+'POR AÑOS_OBRA2024'!L90+'POR AÑOS_OBRA2024'!P90) -> 6 | E90: =+'87'!I51 -> 2860829 | F90: =+ROUND(D90*E90,0) -> 17164974 | G90: 5
A91: 88 | B91: Suministro e instalación de Baliza iluminada elevada (luz intermitente de color amarillo) dimensiones de acuerdo con la figura 6.4 Resolución 20243040045005 de 17 de septiembre de 2024 | C91: UN | D91: =('POR AÑOS_OBRA2024'!D91+'POR AÑOS_OBRA2024'!H91+'POR AÑOS_OBRA2024'!L91+'POR AÑOS_OBRA2024'!P91) -> 12 | E91: =+'88'!I51 -> 397849 | F91: =+ROUND(D91*E91,0) -> 4774188 | G91: 5
A92: 89 | B92: Suministro, instalación y lastrado (con material granular mínimo a ¼ de su altura) de maletín plástico de base mínima de 50 cm por 200 cm y altura mínima de 100 cm, con material reflectivo tipo XI color blanco, incluye transportes, instalación y lastrado. | C92: UN | D92: =('POR AÑOS_OBRA2024'!D92+'POR AÑOS_OBRA2024'!H92+'POR AÑOS_OBRA2024'!L92+'POR AÑOS_OBRA2024'!P92) -> 87 | E92: =+'89'!I51 -> 474306 | F92: =+ROUND(D92*E92,0) -> 41264622 | G92: 89
A93: 90 | B93: Suministro, instalación y lastrado (con material granular al tope de su altura) de delineador Tubular Tipo Canalizador de 129 cm de altura, incluye transportes, instalación y lastrado con material granular al tope de su altura. | C93: UN | D93: =('POR AÑOS_OBRA2024'!D93+'POR AÑOS_OBRA2024'!H93+'POR AÑOS_OBRA2024'!L93+'POR AÑOS_OBRA2024'!P93) -> 100 | E93: =+'90'!I51 -> 56806 | F93: =+ROUND(D93*E93,0) -> 5680600 | G93: 100
A94: 91 | B94: Suministro e instalación de Cinta de señalización, de calibre mínimo 2 mm de 10 cm de ancho por 500m de longitud por rollo. | C94: M | D94: =('POR AÑOS_OBRA2024'!D94+'POR AÑOS_OBRA2024'!H94+'POR AÑOS_OBRA2024'!L94+'POR AÑOS_OBRA2024'!P94) -> 11369.006 | E94: =+'91'!I52 -> 90 | F94: =+ROUND(D94*E94,0) -> 1023211 | G94: 10
A95: 92 | B95: Suministro e instalación de pasacalle en tela vendaval. | C95: M2 | D95: =('POR AÑOS_OBRA2024'!D95+'POR AÑOS_OBRA2024'!H95+'POR AÑOS_OBRA2024'!L95+'POR AÑOS_OBRA2024'!P95) -> 436 | E95: =+'92'!I51 -> 118696 | F95: =+ROUND(D95*E95,0) -> 51751456 | G95: 445
A96: 93 | B96: Suministro e instalación de cierre con polisombra al 65% mixta (azul traslucido-verde) de altura 2,1 metros. | C96: M2 | D96: =('POR AÑOS_OBRA2024'!D96+'POR AÑOS_OBRA2024'!H96+'POR AÑOS_OBRA2024'!L96+'POR AÑOS_OBRA2024'!P96) -> 27 | E96: =+'93'!I52 -> 22491 | F96: =+ROUND(D96*E96,0) -> 607257 | G96: 20
A97: 94 | B97: Retiro de tachones, hito o resaltos portátiles con su respectivo anclaje, incluye entrega en Patios de la SDM | C97: UN | D97: =('POR AÑOS_OBRA2024'!D97+'POR AÑOS_OBRA2024'!H97+'POR AÑOS_OBRA2024'!L97+'POR AÑOS_OBRA2024'!P97) -> 523 | E97: =+'94'!I51 -> 6324 | F97: =+ROUND(D97*E97,0) -> 3307452 | G97: 530
A98: 95 | B98: Retiro de tachas reflectivas ó estoperoles con su respectivo anclaje, incluye entrega en Patios de la SDM | C98: UN | D98: =('POR AÑOS_OBRA2024'!D98+'POR AÑOS_OBRA2024'!H98+'POR AÑOS_OBRA2024'!L98+'POR AÑOS_OBRA2024'!P98) -> 4491 | E98: =+'95'!I52 -> 2837 | F98: =+ROUND(D98*E98,0) -> 12740967 | G98: 4055
A99: 96 | B99: Retiro de bandas en agregado. | C99: M2 | D99: =('POR AÑOS_OBRA2024'!D99+'POR AÑOS_OBRA2024'!H99+'POR AÑOS_OBRA2024'!L99+'POR AÑOS_OBRA2024'!P99) -> 56 | E99: =+'96N'!I51 -> 15339 | F99: =+ROUND(D99*E99,0) -> 858984 | G99: 44
A100: 97 | B100: Retiro de pasacalle, incluye transporte a patios de la SDM | C100: UN | D100: =('POR AÑOS_OBRA2024'!D100+'POR AÑOS_OBRA2024'!H100+'POR AÑOS_OBRA2024'!L100+'POR AÑOS_OBRA2024'!P100) -> 26 | E100: =+'97'!I51 -> 42459 | F100: =+ROUND(D100*E100,0) -> 1103934 | G100: 17
...

Sheet POR AÑOS_OBRA2024
A1: ANEXO 7. DISCRIMINACIÓN Y CONSOLIDACIÓN DE LA PROPUESTA ECONOMICA POR ZONA | T1: BASE | U1: 1.0573 | V1: 1.0323 | W1: 1.03
A2: I. ANEXO DISCRIMINACIÓN PROPUESTA ECONOMICA COMPONENTE DE OBRA UNA ZONA - PARTE 1 - SUMINISTRO E IMPLEMENTACIÓN DE SEÑALIZACIÓN | D2: 2024 | H2: 2025 | L2: 2026 | P2: 2027 | T2: PRECIOS DE REFEENCIA INCLUIDO AIU
A3: ITEM | B3: DESCRIPCIÓN | C3: UNIDAD | D3: CANTIDAD | E3: PRECIO UNITARIO INCLUYE AIU | F3: SUBTOTAL | H3: CANTIDAD | I3: PRECIO UNITARIO INCLUYE AIU | J3: SUBTOTAL | L3: CANTIDAD | M3: PRECIO UNITARIO INCLUYE AIU | N3: SUBTOTAL | P3: CANTIDAD | Q3: PRECIO UNITARIO INCLUYE AIU | R3: SUBTOTAL | T3: 2024 | U3: 2025 | V3: 2026 | W3: 2027
A4: 1 | B4: =VLOOKUP(A4,'ANEXO PLIEGO_1'!$A$4:$C$132,2) -> Fabricación y suministro de tableros en lámina galvanizada C-16 E=1,5 mm, material reflectivo Tipo XI , película antigraffiti, para señales SP-SR-SI cumpliendo normatividad vigente. (Incluye elementos de fijación) | C4: =VLOOKUP(A4,'ANEXO PLIEGO_1'!$A$4:$C$132,3) -> M2 | D4: 46 | E4: =+T4 -> 469590 | F4: =+ROUND(D4*E4,0) -> 21601140 | H4: 90 | I4: =+U4 -> 496498 | J4: =+ROUND(H4*I4,0) -> 44684820 | L4: 90 | M4: =+V4 -> 512535 | N4: =+ROUND(L4*M4,0) -> 46128150 | P4: 45 | Q4: =+W4 -> 527911 | R4: =+ROUND(P4*Q4,0) -> 23755995 | T4: =+ROUND(VLOOKUP(A4,'ANEXO PLIEGO_1'!$A$4:$E$128,5,FALSE)*(1+'ANEXO PLIEGO_1'!$F$138),0) -> 469590 | U4: =+ROUND(T4*$U$1,0) -> 496498 | V4: =+ROUND(U4*$V$1,0) -> 512535 | W4: =+ROUND(V4*$W$1,0) -> 527911 | Y4: 1 | Z4: =IF(Y4=A4,1,"") -> 1 | AD4: =B4 -> Fabricación y suministro de tableros en lámina galvanizada C-16 E=1,5 mm, material reflectivo Tipo XI , película antigraffiti, para señales SP-SR-SI cumpliendo normatividad vigente. (Incluye elementos de fijación)
A5: 2 | B5: =VLOOKUP(A5,'ANEXO PLIEGO_1'!$A$4:$C$132,2) -> Fabricación y suministro de pedestal sencillo en tubo galvanizado de sección circular con diametro interior de 2" y e=2mm para señales SP-SR-SI (para tableros iguales a 60 cm) cumpliendo normatividad vigente. | C5: =VLOOKUP(A5,'ANEXO PLIEGO_1'!$A$4:$C$132,3) -> UN | D5: 28 | E5: =+T5 -> 149368 | F5: =+ROUND(D5*E5,0) -> 4182304 | H5: 54 | I5: =+U5 -> 157927 | J5: =+ROUND(H5*I5,0) -> 8528058 | L5: 54 | M5: =+V5 -> 163028 | N5: =+ROUND(L5*M5,0) -> 8803512 | P5: 27 | Q5: =+W5 -> 167919 | R5: =+ROUND(P5*Q5,0) -> 4533813 | T5: =+ROUND(VLOOKUP(A5,'ANEXO PLIEGO_1'!$A$4:$E$128,5,FALSE)*(1+'ANEXO PLIEGO_1'!$F$138),0) -> 149368 | U5: =+ROUND(T5*$U$1,0) -> 157927 | V5: =+ROUND(U5*$V$1,0) -> 163028 | W5: =+ROUND(V5*$W$1,0) -> 167919 | Y5: 2 | Z5: =IF(Y5=A5,1,"") -> 1 | AD5: =B5 -> Fabricación y suministro de pedestal sencillo en tubo galvanizado de sección circular con diametro interior de 2" y e=2mm para señales SP-SR-SI (para tableros iguales a 60 cm) cumpliendo normatividad vigente.
A6: 3 | B6: =VLOOKUP(A6,'ANEXO PLIEGO_1'!$A$4:$C$132,2) -> Fabricación y suministro de pedestal doble en tubo galvanizado de sección circular con diametro interior de 2" y e=2mm para señales tipo dúplex SR/SP - SR/SR - SR/Plaqueta - SP/SP - SP/Plaqueta (para tableros iguales a 60 cm) cumpliendo normatividad vigente. | C6: =VLOOKUP(A6,'ANEXO PLIEGO_1'!$A$4:$C$132,3) -> UN | D6: 121 | E6: =+T6 -> 206682 | F6: =+ROUND(D6*E6,0) -> 25008522 | H6: 235 | I6: =+U6 -> 218525 | J6: =+ROUND(H6*I6,0) -> 51353375 | L6: 236 | M6: =+V6 -> 225583 | N6: =+ROUND(L6*M6,0) -> 53237588 | P6: 117 | Q6: =+W6 -> 232350 | R6: =+ROUND(P6*Q6,0) -> 27184950 | T6: =+ROUND(VLOOKUP(A6,'ANEXO PLIEGO_1'!$A$4:$E$128,5,FALSE)*(1+'ANEXO PLIEGO_1'!$F$138),0) -> 206682 | U6: =+ROUND(T6*$U$1,0) -> 218525 | V6: =+ROUND(U6*$V$1,0) -> 225583 | W6: =+ROUND(V6*$W$1,0) -> 232350 | Y6: 3 | Z6: =IF(Y6=A6,1,"") -> 1 | AD6: =B6 -> Fabricación y suministro de pedestal doble en tubo galvanizado de sección circular con diametro interior de 2" y e=2mm para señales tipo dúplex SR/SP - SR/SR - SR/Plaqueta - SP/SP - SP/Plaqueta (para tableros iguales a 60 cm) cumpliendo normatividad vigente.
A7: 4 | B7: =VLOOKUP(A7,'ANEXO PLIEGO_1'!$A$4:$C$132,2) -> Fabricación, suministro e instalación de señal preventiva, reglamentaría ó informativa de 60 cm, lámina galvanizada C-16 E=1,5mm y material reflectivo Tipo XI, película antigraffiti, poste de tubo galvanizado de sección circular con diámetro interior de 2" y e=2 mm con brazo variable desde 70cm hasta 120 cm, cumpliendo normatividad vigente. (Incluye la cimentación del soporte para la señal). | C7: =VLOOKUP(A7,'ANEXO PLIEGO_1'!$A$4:$C$132,3) -> UN | D7: 51 | E7: =+T7 -> 470351 | F7: =+ROUND(D7*E7,0) -> 23987901 | H7: 95 | I7: =+U7 -> 497302 | J7: =+ROUND(H7*I7,0) -> 47243690 | L7: 94 | M7: =+V7 -> 513365 | N7: =+ROUND(L7*M7,0) -> 48256310 | P7: 46 | Q7: =+W7 -> 528766 | R7: =+ROUND(P7*Q7,0) -> 24323236 | T7: =+ROUND(VLOOKUP(A7,'ANEXO PLIEGO_1'!$A$4:$E$128,5,FALSE)*(1+'ANEXO PLIEGO_1'!$F$138),0) -> 470351 | U7: =+ROUND(T7*$U$1,0) -> 497302 | V7: =+ROUND(U7*$V$1,0) -> 513365 | W7: =+ROUND(V7*$W$1,0) -> 528766 | Y7: 4 | Z7: =IF(Y7=A7,1,"") -> 1 | AD7: =B7 -> Fabricación, suministro e instalación de señal preventiva, reglamentaría ó informativa de 60 cm, lámina galvanizada C-16 E=1,5mm y material reflectivo Tipo XI, película antigraffiti, poste de tubo galvanizado de sección circular con diámetro interior de 2" y e=2 mm con brazo variable desde 70cm hasta 120 cm, cumpliendo normatividad vigente. (Incluye la cimentación del soporte para la señal).
A8: 5 | B8: =VLOOKUP(A8,'ANEXO PLIEGO_1'!$A$4:$C$132,2) -> Fabricación, suministro e instalación de Señal Reglamentaria, Preventiva o informativa de 60 cm, material reflectivo Tipo XI , película antigraffiti, en lámina galvanizada C-16, E=1,5 mm, pedestal en tubo galvanizado de sección circular con diámetro interior de 2" y e=2 mm para SR - SP cumpliendo con normatividad vigente. | C8: =VLOOKUP(A8,'ANEXO PLIEGO_1'!$A$4:$C$132,3) -> UN | D8: 193 | E8: =+T8 -> 354341 | F8: =+ROUND(D8*E8,0) -> 68387813 | H8: 372 | I8: =+U8 -> 374645 | J8: =+ROUND(H8*I8,0) -> 139367940 | L8: 373 | M8: =+V8 -> 386746 | N8: =+ROUND(L8*M8,0) -> 144256258 | P8: 187 | Q8: =+W8 -> 398348 | R8: =+ROUND(P8*Q8,0) -> 74491076 | T8: =+ROUND(VLOOKUP(A8,'ANEXO PLIEGO_1'!$A$4:$E$128,5,FALSE)*(1+'ANEXO PLIEGO_1'!$F$138),0) -> 354341 | U8: =+ROUND(T8*$U$1,0) -> 374645 | V8: =+ROUND(U8*$V$1,0) -> 386746 | W8: =+ROUND(V8*$W$1,0) -> 398348 | Y8: 5 | Z8: =IF(Y8=A8,1,"") -> 1 | AD8: =B8 -> Fabricación, suministro e instalación de Señal Reglamentaria, Preventiva o informativa de 60 cm, material reflectivo Tipo XI , película antigraffiti, en lámina galvanizada C-16, E=1,5 mm, pedestal en tubo galvanizado de sección circular con diámetro interior de 2" y e=2 mm para SR - SP cumpliendo con normatividad vigente.
A9: 6 | B9: =VLOOKUP(A9,'ANEXO PLIEGO_1'!$A$4:$C$132,2) -> Fabricación, suministro e instalación de Señal doble de 60 cm, material reflectivo Tipo XI , película antigraffiti, en lámina galvanizada C-16 E=1,5 mm, pedestal en tubo galvanizado de sección circular con diámetro interior de 2" y e=2 mm para SP/SR-SI/SR cumpliendo con normatividad vigente. | C9: =VLOOKUP(A9,'ANEXO PLIEGO_1'!$A$4:$C$132,3) -> UN | D9: 101 | E9: =+T9 -> 560935 | F9: =+ROUND(D9*E9,0) -> 56654435 | H9: 196 | I9: =+U9 -> 593077 | J9: =+ROUND(H9*I9,0) -> 116243092 | L9: 196 | M9: =+V9 -> 612233 | N9: =+ROUND(L9*M9,0) -> 119997668 | P9: 97 | Q9: =+W9 -> 630600 | R9: =+ROUND(P9*Q9,0) -> 61168200 | T9: =+ROUND(VLOOKUP(A9,'ANEXO PLIEGO_1'!$A$4:$E$128,5,FALSE)*(1+'ANEXO PLIEGO_1'!$F$138),0) -> 560935 | U9: =+ROUND(T9*$U$1,0) -> 593077 | V9: =+ROUND(U9*$V$1,0) -> 612233 | W9: =+ROUND(V9*$W$1,0) -> 630600 | Y9: 6 | Z9: =IF(Y9=A9,1,"") -> 1 | AD9: =B9 -> Fabricación, suministro e instalación de Señal doble de 60 cm, material reflectivo Tipo XI , película antigraffiti, en lámina galvanizada C-16 E=1,5 mm, pedestal en tubo galvanizado de sección circular con diámetro interior de 2" y e=2 mm para SP/SR-SI/SR cumpliendo con normatividad vigente.
A10: 7 | B10: =VLOOKUP(A10,'ANEXO PLIEGO_1'!$A$4:$C$132,2) -> Fabricación, suministro e instalación de Señal doble SP47 ó SP47A/SR de 60 cm , material reflectivo Tipo Tipo XI amarillo/verde fluorescente, película antigraffiti, en lámina galvanizada C-16 E=1,5 mm, pedestal en tubo galvanizado de sección circular con diámetro interior de 2" y e=2 mm. cumpliendo con normatividad vigente. | C10: =VLOOKUP(A10,'ANEXO PLIEGO_1'!$A$4:$C$132,3) -> UN | D10: 152 | E10: =+T10 -> 708464 | F10: =+ROUND(D10*E10,0) -> 107686528 | H10: 292 | I10: =+U10 -> 749059 | J10: =+ROUND(H10*I10,0) -> 218725228 | L10: 294 | M10: =+V10 -> 773254 | N10: =+ROUND(L10*M10,0) -> 227336676 | P10: 146 | Q10: =+W10 -> 796452 | R10: =+ROUND(P10*Q10,0) -> 116281992 | T10: =+ROUND(VLOOKUP(A10,'ANEXO PLIEGO_1'!$A$4:$E$128,5,FALSE)*(1+'ANEXO PLIEGO_1'!$F$138),0) -> 708464 | U10: =+ROUND(T10*$U$1,0) -> 749059 | V10: =+ROUND(U10*$V$1,0) -> 773254 | W10: =+ROUND(V10*$W$1,0) -> 796452 | Y10: 7 | Z10: =IF(Y10=A10,1,"") -> 1 | AD10: =B10 -> Fabricación, suministro e instalación de Señal doble SP47 ó SP47A/SR de 60 cm , material reflectivo Tipo Tipo XI amarillo/verde fluorescente, película antigraffiti, en lámina galvanizada C-16 E=1,5 mm, pedestal en tubo galvanizado de sección circular con diámetro interior de 2" y e=2 mm. cumpliendo con normatividad vigente.
A11: 8 | B11: =VLOOKUP(A11,'ANEXO PLIEGO_1'!$A$4:$C$132,2) -> Fabricación de plaquetas, suministro e instalación para señal SR - SP - SI - ST (alto mínimo de 23 cm) material reflectivo Tipo XI, película antigraffiti, en lámina galvanizada C-16 E=1,5 mm, cumpliendo normatividad vigente. | C11: =VLOOKUP(A11,'ANEXO PLIEGO_1'!$A$4:$C$132,3) -> M2 | D11: 100 | E11: =+T11 -> 494228 | F11: =+ROUND(D11*E11,0) -> 49422800 | H11: 193 | I11: =+U11 -> 522547 | J11: =+ROUND(H11*I11,0) -> 100851571 | L11: 193 | M11: =+V11 -> 539425 | N11: =+ROUND(L11*M11,0) -> 104109025 | P11: 96 | Q11: =+W11 -> 555608 | R11: =+ROUND(P11*Q11,0) -> 53338368 | T11: =+ROUND(VLOOKUP(A11,'ANEXO PLIEGO_1'!$A$4:$E$128,5,FALSE)*(1+'ANEXO PLIEGO_1'!$F$138),0) -> 494228 | U11: =+ROUND(T11*$U$1,0) -> 522547 | V11: =+ROUND(U11*$V$1,0) -> 539425 | W11: =+ROUND(V11*$W$1,0) -> 555608 | Y11: 8 | Z11: =IF(Y11=A11,1,"") -> 1 | AD11: =B11 -> Fabricación de plaquetas, suministro e instalación para señal SR - SP - SI - ST (alto mínimo de 23 cm) material reflectivo Tipo XI, película antigraffiti, en lámina galvanizada C-16 E=1,5 mm, cumpliendo normatividad vigente.
A12: 9 | B12: =VLOOKUP(A12,'ANEXO PLIEGO_1'!$A$4:$C$132,2) -> Fabricación, suministro e instalación de Señal SP-47 B, material reflectivo Tipo XI amarillo/verde fluorescente, película antigraffiti, en lámina galvanizada C-16 E=1,5 mm, pedestal de sección circular con diámetro interior de 2" y e=2 mm. cumpliendo con normatividad vigente. | C12: =VLOOKUP(A12,'ANEXO PLIEGO_1'!$A$4:$C$132,3) -> UN | D12: 193 | E12: =+T12 -> 642960 | F12: =+ROUND(D12*E12,0) -> 124091280 | H12: 372 | I12: =+U12 -> 679802 | J12: =+ROUND(H12*I12,0) -> 252886344 | L12: 373 | M12: =+V12 -> 701760 | N12: =+ROUND(L12*M12,0) -> 261756480 | P12: 187 | Q12: =+W12 -> 722813 | R12: =+ROUND(P12*Q12,0) -> 135166031 | T12: =+ROUND(VLOOKUP(A12,'ANEXO PLIEGO_1'!$A$4:$E$128,5,FALSE)*(1+'ANEXO PLIEGO_1'!$F$138),0) -> 642960 | U12: =+ROUND(T12*$U$1,0) -> 679802 | V12: =+ROUND(U12*$V$1,0) -> 701760 | W12: =+ROUND(V12*$W$1,0) -> 722813 | Y12: 9 | Z12: =IF(Y12=A12,1,"") -> 1 | AD12: =B12 -> Fabricación, suministro e instalación de Señal SP-47 B, material reflectivo Tipo XI amarillo/verde fluorescente, película antigraffiti, en lámina galvanizada C-16 E=1,5 mm, pedestal de sección circular con diámetro interior de 2" y e=2 mm. cumpliendo con normatividad vigente.
A13: 10 | B13: =VLOOKUP(A13,'ANEXO PLIEGO_1'!$A$4:$C$132,2) -> Fabricación, suministro e instalación de Señal Reglamentaria, Preventiva ó informativa de 75 cm, material reflectivo Tipo XI , película antigraffiti, en lámina galvanizada C-16 E=1,5mm, pedestal en tubo galvanizado de sección circular con diámetro interior de 2" y e=2 mm cumpliendo con normatividad vigente. | C13: =VLOOKUP(A13,'ANEXO PLIEGO_1'!$A$4:$C$132,3) -> UN | D13: 62 | E13: =+T13 -> 458713 | F13: =+ROUND(D13*E13,0) -> 28440206 | H13: 122 | I13: =+U13 -> 484997 | J13: =+ROUND(H13*I13,0) -> 59169634 | L13: 122 | M13: =+V13 -> 500662 | N13: =+ROUND(L13*M13,0) -> 61080764 | P13: 61 | Q13: =+W13 -> 515682 | R13: =+ROUND(P13*Q13,0) -> 31456602 | T13: =+ROUND(VLOOKUP(A13,'ANEXO PLIEGO_1'!$A$4:$E$128,5,FALSE)*(1+'ANEXO PLIEGO_1'!$F$138),0) -> 458713 | U13: =+ROUND(T13*$U$1,0) -> 484997 | V13: =+ROUND(U13*$V$1,0) -> 500662 | W13: =+ROUND(V13*$W$1,0) -> 515682 | Y13: 10 | Z13: =IF(Y13=A13,1,"") -> 1 | AD13: =B13 -> Fabricación, suministro e instalación de Señal Reglamentaria, Preventiva ó informativa de 75 cm, material reflectivo Tipo XI , película antigraffiti, en lámina galvanizada C-16 E=1,5mm, pedestal en tubo galvanizado de sección circular con diámetro interior de 2" y e=2 mm cumpliendo con normatividad vigente.
A14: 11 | B14: =VLOOKUP(A14,'ANEXO PLIEGO_1'!$A$4:$C$132,2) -> Fabricación, suministro e instalación de Señal doble de 75cm, material reflectivo Tipo XI, película antigraffiti, en lámina galvanizada C-16 E=1.5mm, pedestal en tubo galvanizado de sección circular con diámetro interior de 2" y e=2 mm para SP/SR - SI/SR cumpliendo normatividad vigente. | C14: =VLOOKUP(A14,'ANEXO PLIEGO_1'!$A$4:$C$132,3) -> UN | D14: 22 | E14: =+T14 -> 796932 | F14: =+ROUND(D14*E14,0) -> 17532504 | H14: 44 | I14: =+U14 -> 842596 | J14: =+ROUND(H14*I14,0) -> 37074224 | L14: 46 | M14: =+V14 -> 869812 | N14: =+ROUND(L14*M14,0) -> 40011352 | P14: 22 | Q14: =+W14 -> 895906 | R14: =+ROUND(P14*Q14,0) -> 19709932 | T14: =+ROUND(VLOOKUP(A14,'ANEXO PLIEGO_1'!$A$4:$E$128,5,FALSE)*(1+'ANEXO PLIEGO_1'!$F$138),0) -> 796932 | U14: =+ROUND(T14*$U$1,0) -> 842596 | V14: =+ROUND(U14*$V$1,0) -> 869812 | W14: =+ROUND(V14*$W$1,0) -> 895906 | Y14: 11 | Z14: =IF(Y14=A14,1,"") -> 1 | AD14: =B14 -> Fabricación, suministro e instalación de Señal doble de 75cm, material reflectivo Tipo XI, película antigraffiti, en lámina galvanizada C-16 E=1.5mm, pedestal en tubo galvanizado de sección circular con diámetro interior de 2" y e=2 mm para SP/SR - SI/SR cumpliendo normatividad vigente.
A15: 12 | B15: =VLOOKUP(A15,'ANEXO PLIEGO_1'!$A$4:$C$132,2) -> Fabricación, suministro e instalación de Señal Reglamentaria, Preventiva ó Informativa de 90 cm, material reflectivoTipo XI , película antigraffiti, en lámina galvanizada C-16 E=1,5 mm, pedestal en tubo gavanizado de 2" SR - SP cumpliendo normatividad vigente. | C15: =VLOOKUP(A15,'ANEXO PLIEGO_1'!$A$4:$C$132,3) -> UN | D15: 2 | E15: =+T15 -> 586211 | F15: =+ROUND(D15*E15,0) -> 1172422 | H15: 4 | I15: =+U15 -> 619801 | J15: =+ROUND(H15*I15,0) -> 2479204 | L15: 4 | M15: =+V15 -> 639821 | N15: =+ROUND(L15*M15,0) -> 2559284 | P15: 2 | Q15: =+W15 -> 659016 | R15: =+ROUND(P15*Q15,0) -> 1318032 | T15: =+ROUND(VLOOKUP(A15,'ANEXO PLIEGO_1'!$A$4:$E$128,5,FALSE)*(1+'ANEXO PLIEGO_1'!$F$138),0) -> 586211 | U15: =+ROUND(T15*$U$1,0) -> 619801 | V15: =+ROUND(U15*$V$1,0) -> 639821 | W15: =+ROUND(V15*$W$1,0) -> 659016 | Y15: 12 | Z15: =IF(Y15=A15,1,"") -> 1 | AD15: =B15 -> Fabricación, suministro e instalación de Señal Reglamentaria, Preventiva ó Informativa de 90 cm, material reflectivoTipo XI , película antigraffiti, en lámina galvanizada C-16 E=1,5 mm, pedestal en tubo gavanizado de 2" SR - SP cumpliendo normatividad vigente.
... A36: 33 | B36: =VLOOKUP(A36,'ANEXO PLIEGO_1'!$A$4:$C$132,2) -> Suministro y aplicación imprimante acrílico negro 25 cm, espesor seco 4 mils y 50% de solidos por volumen | C36: =VLOOKUP(A36,'ANEXO PLIEGO_1'!$A$4:$C$132,3) -> M | D36: 4219 | E36: =+T36 -> 3586 | F36: =+ROUND(D36*E36,0) -> 15129334 | H36: 8153 | I36: =+U36 -> 3791 | J36: =+ROUND(H36*I36,0) -> 30908023 | L36: 8176 | M36: =+V36 -> 3913 | N36: =+ROUND(L36*M36,0) -> 31992688 | P36: 4102 | Q36: =+W36 -> 4030 | R36: =+ROUND(P36*Q36,0) -> 16531060 | T36: =+ROUND(VLOOKUP(A36,'ANEXO PLIEGO_1'!$A$4:$E$128,5,FALSE)*(1+'ANEXO PLIEGO_1'!$F$138),0) -> 3586 | U36: =+ROUND(T36*$U$1,0) -> 3791 | V36: =+ROUND(U36*$V$1,0) -> 3913 | W36: =+ROUND(V36*$W$1,0) -> 4030 | Y36: 35 | Z36: =IF(Y36=A36,1,"") | AD36: =B36 -> Suministro y aplicación imprimante acrílico negro 25 cm, espesor seco 4 mils y 50% de solidos por volumen
A37: 34 | B37: =VLOOKUP(A37,'ANEXO PLIEGO_1'!$A$4:$C$132,2) -> Suministro y aplicación imprimante acrílico negro, espesor seco 4 mils y 50% de solidos por volumen | C37: =VLOOKUP(A37,'ANEXO PLIEGO_1'!$A$4:$C$132,3) -> M2 | D37: 7140 | E37: =+T37 -> 16601 | F37: =+ROUND(D37*E37,0) -> 118531140 | H37: =13571+350+556 -> 14477 | I37: =+U37 -> 17552 | J37: =+ROUND(H37*I37,0) -> 254100304 | L37: 14516 | M37: =+V37 -> 18119 | N37: =+ROUND(L37*M37,0) -> 263015404 | P37: 7276 | Q37: =+W37 -> 18663 | R37: =+ROUND(P37*Q37,0) -> 135791988 | T37: =+ROUND(VLOOKUP(A37,'ANEXO PLIEGO_1'!$A$4:$E$128,5,FALSE)*(1+'ANEXO PLIEGO_1'!$F$138),0) -> 16601 | U37: =+ROUND(T37*$U$1,0) -> 17552 | V37: =+ROUND(U37*$V$1,0) -> 18119 | W37: =+ROUND(V37*$W$1,0) -> 18663 | Y37: 36 | Z37: =IF(Y37=A37,1,"") | AD37: =B37 -> Suministro y aplicación imprimante acrílico negro, espesor seco 4 mils y 50% de solidos por volumen
A38: 35 | B38: =VLOOKUP(A38,'ANEXO PLIEGO_1'!$A$4:$C$132,2) -> Suministro y Aplicación de Pintura de tráfico base agua negra m2. espesor seco 9 mils y 60% de solidos por volumen | C38: =VLOOKUP(A38,'ANEXO PLIEGO_1'!$A$4:$C$132,3) -> M2 | D38: 503 | E38: =+T38 -> 29461 | F38: =+ROUND(D38*E38,0) -> 14818883 | H38: 974 | I38: =+U38 -> 31149 | J38: =+ROUND(H38*I38,0) -> 30339126 | L38: 976 | M38: =+V38 -> 32155 | N38: =+ROUND(L38*M38,0) -> 31383280 | P38: 488 | Q38: =+W38 -> 33120 | R38: =+ROUND(P38*Q38,0) -> 16162560 | T38: =+ROUND(VLOOKUP(A38,'ANEXO PLIEGO_1'!$A$4:$E$128,5,FALSE)*(1+'ANEXO PLIEGO_1'!$F$138),0) -> 29461 | U38: =+ROUND(T38*$U$1,0) -> 31149 | V38: =+ROUND(U38*$V$1,0) -> 32155 | W38: =+ROUND(V38*$W$1,0) -> 33120 | Y38: 38 | Z38: =IF(Y38=A38,1,"") | AD38: =B38 -> Suministro y Aplicación de Pintura de tráfico base agua negra m2. espesor seco 9 mils y 60% de solidos por volumen
A39: 36 | B39: =VLOOKUP(A39,'ANEXO PLIEGO_1'!$A$4:$C$132,2) -> Suministro y Aplicación de pintura Acrílica base solvente 12 cm para líneas de demarcación, con microesfera, con antideslizante, espesor seco 9 mils y 51% de sólidos por volumen | C39: =VLOOKUP(A39,'ANEXO PLIEGO_1'!$A$4:$C$132,3) -> M | D39: 3416 | E39: =+T39 -> 5600 | F39: =+ROUND(D39*E39,0) -> 19129600 | H39: 6596 | I39: =+U39 -> 5921 | J39: =+ROUND(H39*I39,0) -> 39054916 | L39: 6614 | M39: =+V39 -> 6112 | N39: =+ROUND(L39*M39,0) -> 40424768 | P39: 3320 | Q39: =+W39 -> 6295 | R39: =+ROUND(P39*Q39,0) -> 20899400 | T39: =+ROUND(VLOOKUP(A39,'ANEXO PLIEGO_1'!$A$4:$E$128,5,FALSE)*(1+'ANEXO PLIEGO_1'!$F$138),0) -> 5600 | U39: =+ROUND(T39*$U$1,0) -> 5921 | V39: =+ROUND(U39*$V$1,0) -> 6112 | W39: =+ROUND(V39*$W$1,0) -> 6295 | Y39: 39 | Z39: =IF(Y39=A39,1,"") | AD39: =B39 -> Suministro y Aplicación de pintura Acrílica base solvente 12 cm para líneas de demarcación, con microesfera, con antideslizante, espesor seco 9 mils y 51% de sólidos por volumen
A40: 37 | B40: =VLOOKUP(A40,'ANEXO PLIEGO_1'!$A$4:$C$132,2) -> Suministro y Aplicación de pintura Acrílica solvente 15 cm para líneas de demarcación, con microesfera, con antideslizante, espesor seco 9 mils y 51% sólidos por volumen | C40: =VLOOKUP(A40,'ANEXO PLIEGO_1'!$A$4:$C$132,3) -> M | D40: 443 | E40: =+T40 -> 6822 | F40: =+ROUND(D40*E40,0) -> 3022146 | H40: 859 | I40: =+U40 -> 7213 | J40: =+ROUND(H40*I40,0) -> 6195967 | L40: 861 | M40: =+V40 -> 7446 | N40: =+ROUND(L40*M40,0) -> 6411006 | P40: 433 | Q40: =+W40 -> 7669 | R40: =+ROUND(P40*Q40,0) -> 3320677 | T40: =+ROUND(VLOOKUP(A40,'ANEXO PLIEGO_1'!$A$4:$E$128,5,FALSE)*(1+'ANEXO PLIEGO_1'!$F$138),0) -> 6822 | U40: =+ROUND(T40*$U$1,0) -> 7213 | V40: =+ROUND(U40*$V$1,0) -> 7446 | W40: =+ROUND(V40*$W$1,0) -> 7669 | Y40: 40 | Z40: =IF(Y40=A40,1,"") | AD40: =B40 -> Suministro y Aplicación de pintura Acrílica solvente 15 cm para líneas de demarcación, con microesfera, con antideslizante, espesor seco 9 mils y 51% sólidos por volumen
A41: 38 | B41: =VLOOKUP(A41,'ANEXO PLIEGO_1'!$A$4:$C$132,2) -> Suministro y Aplicación de pintura Acrílica base solvente 20 cm para líneas de demarcación, con microesfera, con antideslizante, espesor seco 9 mils y 51% de solidos por volumen | C41: =VLOOKUP(A41,'ANEXO PLIEGO_1'!$A$4:$C$132,3) -> M | D41: 290 | E41: =+T41 -> 8965 | F41: =+ROUND(D41*E41,0) -> 2599850 | H41: 563 | I41: =+U41 -> 9479 | J41: =+ROUND(H41*I41,0) -> 5336677 | L41: 565 | M41: =+V41 -> 9785 | N41: =+ROUND(L41*M41,0) -> 5528525 | P41: 282 | Q41: =+W41 -> 10079 | R41: =+ROUND(P41*Q41,0) -> 2842278 | T41: =+ROUND(VLOOKUP(A41,'ANEXO PLIEGO_1'!$A$4:$E$128,5,FALSE)*(1+'ANEXO PLIEGO_1'!$F$138),0) -> 8965 | U41: =+ROUND(T41*$U$1,0) -> 9479 | V41: =+ROUND(U41*$V$1,0) -> 9785 | W41: =+ROUND(V41*$W$1,0) -> 10079 | Y41: 41 | Z41: =IF(Y41=A41,1,"") | AD41: =B41 -> Suministro y Aplicación de pintura Acrílica base solvente 20 cm para líneas de demarcación, con microesfera, con antideslizante, espesor seco 9 mils y 51% de solidos por volumen
A42: 39 | B42: =VLOOKUP(A42,'ANEXO PLIEGO_1'!$A$4:$C$132,2) -> Suministro y Aplicación de pintura Acrílica base solvente marcas viales con microesfera, con antideslizante, espesor seco 9 mils y 51% de solidos por volumen, incluye pictogramas. | C42: =VLOOKUP(A42,'ANEXO PLIEGO_1'!$A$4:$C$132,3) -> M2 | D42: 882 | E42: =+T42 -> 52834 | F42: =+ROUND(D42*E42,0) -> 46599588 | H42: 1704 | I42: =+U42 -> 55861 | J42: =+ROUND(H42*I42,0) -> 95187144 | L42: 1709 | M42: =+V42 -> 57665 | N42: =+ROUND(L42*M42,0) -> 98549485 | P42: 857 | Q42: =+W42 -> 59395 | R42: =+ROUND(P42*Q42,0) -> 50901515 | T42: =+ROUND(VLOOKUP(A42,'ANEXO PLIEGO_1'!$A$4:$E$128,5,FALSE)*(1+'ANEXO PLIEGO_1'!$F$138),0) -> 52834 | U42: =+ROUND(T42*$U$1,0) -> 55861 | V42: =+ROUND(U42*$V$1,0) -> 57665 | W42: =+ROUND(V42*$W$1,0) -> 59395 | Y42: 42 | Z42: =IF(Y42=A42,1,"") | AD42: =B42 -> Suministro y Aplicación de pintura Acrílica base solvente marcas viales con microesfera, con antideslizante, espesor seco 9 mils y 51% de solidos por volumen, incluye pictogramas.
A43: 40 | B43: =VLOOKUP(A43,'ANEXO PLIEGO_1'!$A$4:$C$132,2) -> Suministro y Aplicación de pintura Acrílica base solvente marcas viales sin microesfera, con antideslizante, espesor seco 9 mils y 51% de solidos por volumen, incluye pictogramas | C43: =VLOOKUP(A43,'ANEXO PLIEGO_1'!$A$4:$C$132,3) -> M2 | D43: 61 | E43: =+T43 -> 57138 | F43: =+ROUND(D43*E43,0) -> 3485418 | H43: 117 | I43: =+U43 -> 60412 | J43: =+ROUND(H43*I43,0) -> 7068204 | L43: 118 | M43: =+V43 -> 62363 | N43: =+ROUND(L43*M43,0) -> 7358834 | P43: 59 | Q43: =+W43 -> 64234 | R43: =+ROUND(P43*Q43,0) -> 3789806 | T43: =+ROUND(VLOOKUP(A43,'ANEXO PLIEGO_1'!$A$4:$E$128,5,FALSE)*(1+'ANEXO PLIEGO_1'!$F$138),0) -> 57138 | U43: =+ROUND(T43*$U$1,0) -> 60412 | V43: =+ROUND(U43*$V$1,0) -> 62363 | W43: =+ROUND(V43*$W$1,0) -> 64234 | Y43: 43 | Z43: =IF(Y43=A43,1,"") | AD43: =B43 -> Suministro y Aplicación de pintura Acrílica base solvente marcas viales sin microesfera, con antideslizante, espesor seco 9 mils y 51% de solidos por volumen, incluye pictogramas
A44: 41 | B44: =VLOOKUP(A44,'ANEXO PLIEGO_1'!$A$4:$C$132,2) -> Suministro y Aplicación de pintura Acrílica base solvente pigmentada (Multicolor según 3.7.3. Color de las demarcaciones planas para urbanismos tácticos u otras intervenciones tácticas urbanas) marcas viales sin microesfera, Incluye antideslizante, espesor seco 9 mils y 51% de solidos por volumen, incluye pictogramas | C44: =VLOOKUP(A44,'ANEXO PLIEGO_1'!$A$4:$C$132,3) -> M2 | D44: 124 | E44: =+T44 -> 54550 | F44: =+ROUND(D44*E44,0) -> 6764200 | H44: 242 | I44: =+U44 -> 57676 | J44: =+ROUND(H44*I44,0) -> 13957592 | L44: 243 | M44: =+V44 -> 59539 | N44: =+ROUND(L44*M44,0) -> 14467977 | P44: 121 | Q44: =+W44 -> 61325 | R44: =+ROUND(P44*Q44,0) -> 7420325 | T44: =+ROUND(VLOOKUP(A44,'ANEXO PLIEGO_1'!$A$4:$E$128,5,FALSE)*(1+'ANEXO PLIEGO_1'!$F$138),0) -> 54550 | U44: =+ROUND(T44*$U$1,0) -> 57676 | V44: =+ROUND(U44*$V$1,0) -> 59539 | W44: =+ROUND(V44*$W$1,0) -> 61325 | Y44: 44 | Z44: =IF(Y44=A44,1,"") | AD44: =B44 -> Suministro y Aplicación de pintura Acrílica base solvente pigmentada (Multicolor según 3.7.3. Color de las demarcaciones planas para urbanismos tácticos u otras intervenciones tácticas urbanas) marcas viales sin microesfera, Incluye antideslizante, espesor seco 9 mils y 51% de solidos por volumen, incluye pictogramas
A45: 42 | B45: =VLOOKUP(A45,'ANEXO PLIEGO_1'!$A$4:$C$132,2) -> Suministro y Aplicación de pintura Acrílica base agua 12 cm para líneas de demarcación, con microesfera,con antideslizante, espesor seco de 9 mils y 60% de sólidos por volumen | C45: =VLOOKUP(A45,'ANEXO PLIEGO_1'!$A$4:$C$132,3) -> M | D45: 5329 | E45: =+T45 -> 3910 | F45: =+ROUND(D45*E45,0) -> 20836390 | H45: 10291 | I45: =+U45 -> 4134 | J45: =+ROUND(H45*I45,0) -> 42542994 | L45: 10318 | M45: =+V45 -> 4268 | N45: =+ROUND(L45*M45,0) -> 44037224 | P45: 5181 | Q45: =+W45 -> 4396 | R45: =+ROUND(P45*Q45,0) -> 22775676 | T45: =+ROUND(VLOOKUP(A45,'ANEXO PLIEGO_1'!$A$4:$E$128,5,FALSE)*(1+'ANEXO PLIEGO_1'!$F$138),0) -> 3910 | U45: =+ROUND(T45*$U$1,0) -> 4134 | V45: =+ROUND(U45*$V$1,0) -> 4268 | W45: =+ROUND(V45*$W$1,0) -> 4396 | Y45: 45 | Z45: =IF(Y45=A45,1,"") | AD45: =B45 -> Suministro y Aplicación de pintura Acrílica base agua 12 cm para líneas de demarcación, con microesfera,con antideslizante, espesor seco de 9 mils y 60% de sólidos por volumen
A46: 43 | B46: =VLOOKUP(A46,'ANEXO PLIEGO_1'!$A$4:$C$132,2) -> Suministro y Aplicación de pintura Acrílica base agua 15 cm para líneas de demarcación, con microesfera, con antideslizante, espesor seco de 9 mils y 60% de solidos por volumen | C46: =VLOOKUP(A46,'ANEXO PLIEGO_1'!$A$4:$C$132,3) -> M | D46: 2510 | E46: =+T46 -> 4832 | F46: =+ROUND(D46*E46,0) -> 12128320 | H46: 4846 | I46: =+U46 -> 5109 | J46: =+ROUND(H46*I46,0) -> 24758214 | L46: 4859 | M46: =+V46 -> 5274 | N46: =+ROUND(L46*M46,0) -> 25626366 | P46: 2438 | Q46: =+W46 -> 5432 | R46: =+ROUND(P46*Q46,0) -> 13243216 | T46: =+ROUND(VLOOKUP(A46,'ANEXO PLIEGO_1'!$A$4:$E$128,5,FALSE)*(1+'ANEXO PLIEGO_1'!$F$138),0) -> 4832 | U46: =+ROUND(T46*$U$1,0) -> 5109 | V46: =+ROUND(U46*$V$1,0) -> 5274 | W46: =+ROUND(V46*$W$1,0) -> 5432 | Y46: 46 | Z46: =IF(Y46=A46,1,"") | AD46: =B46 -> Suministro y Aplicación de pintura Acrílica base agua 15 cm para líneas de demarcación, con microesfera, con antideslizante, espesor seco de 9 mils y 60% de solidos por volumen
A47: 44 | B47: =VLOOKUP(A47,'ANEXO PLIEGO_1'!$A$4:$C$132,2) -> Suministro y Aplicación de pintura Acrílica base agua 20 cm para líneas de demarcación, con microesfera, con antideslizante, espesor seco de 9 mils y 60% de sólidos por volumen | C47: =VLOOKUP(A47,'ANEXO PLIEGO_1'!$A$4:$C$132,3) -> M | D47: 1254 | E47: =+T47 -> 6370 | F47: =+ROUND(D47*E47,0) -> 7987980 | H47: 2424 | I47: =+U47 -> 6735 | J47: =+ROUND(H47*I47,0) -> 16325640 | L47: 2431 | M47: =+V47 -> 6953 | N47: =+ROUND(L47*M47,0) -> 16902743 | P47: 1220 | Q47: =+W47 -> 7162 | R47: =+ROUND(P47*Q47,0) -> 8737640 | T47: =+ROUND(VLOOKUP(A47,'ANEXO PLIEGO_1'!$A$4:$E$128,5,FALSE)*(1+'ANEXO PLIEGO_1'!$F$138),0) -> 6370 | U47: =+ROUND(T47*$U$1,0) -> 6735 | V47: =+ROUND(U47*$V$1,0) -> 6953 | W47: =+ROUND(V47*$W$1,0) -> 7162 | Y47: 47 | Z47: =IF(Y47=A47,1,"") | AD47: =B47 -> Suministro y Aplicación de pintura Acrílica base agua 20 cm para líneas de demarcación, con microesfera, con antideslizante, espesor seco de 9 mils y 60% de sólidos por volumen
A48: 45 | B48: =VLOOKUP(A48,'ANEXO PLIEGO_1'!$A$4:$C$132,2) -> Suministro y Aplicación de pintura Acrílica base agua para marcas viales con microesfera, antideslizante, espesor seco de 9 mils y 60% de solidos por volumen, incluye pictogramas. | C48: =VLOOKUP(A48,'ANEXO PLIEGO_1'!$A$4:$C$132,3) -> M2 | D48: 71 | E48: =+T48 -> 37895 | F48: =+ROUND(D48*E48,0) -> 2690545 | H48: 139 | I48: =+U48 -> 40066 | J48: =+ROUND(H48*I48,0) -> 5569174 | L48: 139 | M48: =+V48 -> 41360 | N48: =+ROUND(L48*M48,0) -> 5749040 | P48: 70 | Q48: =+W48 -> 42601 | R48: =+ROUND(P48*Q48,0) -> 2982070 | T48: =+ROUND(VLOOKUP(A48,'ANEXO PLIEGO_1'!$A$4:$E$128,5,FALSE)*(1+'ANEXO PLIEGO_1'!$F$138),0) -> 37895 | U48: =+ROUND(T48*$U$1,0) -> 40066 | V48: =+ROUND(U48*$V$1,0) -> 41360 | W48: =+ROUND(V48*$W$1,0) -> 42601 | Y48: 48 | Z48: =IF(Y48=A48,1,"") | AD48: =B48 -> Suministro y Aplicación de pintura Acrílica base agua para marcas viales con microesfera, antideslizante, espesor seco de 9 mils y 60% de solidos por volumen, incluye pictogramas.
A49: 46 | B49: =VLOOKUP(A49,'ANEXO PLIEGO_1'!$A$4:$C$132,2) -> Suministro y Aplicación de pintura Acrílica base agua para marcas viales sin microesfera, con antideslizante espesor seco de 9 mils y 60% de solidos por volumen, incluye pictogramas. | C49: =VLOOKUP(A49,'ANEXO PLIEGO_1'!$A$4:$C$132,3) -> M2 | D49: 60 | E49: =+T49 -> 45022 | F49: =+ROUND(D49*E49,0) -> 2701320 | H49: 116 | I49: =+U49 -> 47602 | J49: =+ROUND(H49*I49,0) -> 5521832 | L49: 116 | M49: =+V49 -> 49140 | N49: =+ROUND(L49*M49,0) -> 5700240 | P49: 58 | Q49: =+W49 -> 50614 | R49: =+ROUND(P49*Q49,0) -> 2935612 | T49: =+ROUND(VLOOKUP(A49,'ANEXO PLIEGO_1'!$A$4:$E$128,5,FALSE)*(1+'ANEXO PLIEGO_1'!$F$138),0) -> 45022 | U49: =+ROUND(T49*$U$1,0) -> 47602 | V49: =+ROUND(U49*$V$1,0) -> 49140 | W49: =+ROUND(V49*$W$1,0) -> 50614 | Y49: 49 | Z49: =IF(Y49=A49,1,"") | AD49: =B49 -> Suministro y Aplicación de pintura Acrílica base agua para marcas viales sin microesfera, con antideslizante espesor seco de 9 mils y 60% de solidos por volumen, incluye pictogramas.
A50: 47 | B50: =VLOOKUP(A50,'ANEXO PLIEGO_1'!$A$4:$C$132,2) -> Suministro y Aplicación de pintura Acrílica base agua pigmentada, con antideslizante, (Multicolor según 3.7.3. Color de las demarcaciones planas para urbanismos tácticos u otras intervenciones tácticas urbanas) para marcas viales sin microesfera, espesor seco de 9 mils y 60% de solidos por volumen, incluye pictogramas | C50: =VLOOKUP(A50,'ANEXO PLIEGO_1'!$A$4:$C$132,3) -> M2 | D50: 810 | E50: =+T50 -> 46129 | F50: =+ROUND(D50*E50,0) -> 37364490 | H50: 1568 | I50: =+U50 -> 48772 | J50: =+ROUND(H50*I50,0) -> 76474496 | L50: 1572 | M50: =+V50 -> 50347 | N50: =+ROUND(L50*M50,0) -> 79145484 | P50: 788 | Q50: =+W50 -> 51857 | R50: =+ROUND(P50*Q50,0) -> 40863316 | T50: =+ROUND(VLOOKUP(A50,'ANEXO PLIEGO_1'!$A$4:$E$128,5,FALSE)*(1+'ANEXO PLIEGO_1'!$F$138),0) -> 46129 | U50: =+ROUND(T50*$U$1,0) -> 48772 | V50: =+ROUND(U50*$V$1,0) -> 50347 | W50: =+ROUND(V50*$W$1,0) -> 51857 | Y50: 50 | Z50: =IF(Y50=A50,1,"") | AD50: =B50 -> Suministro y Aplicación de pintura Acrílica base agua pigmentada, con antideslizante, (Multicolor según 3.7.3. Color de las demarcaciones planas para urbanismos tácticos u otras intervenciones tácticas urbanas) para marcas viales sin microesfera, espesor seco de 9 mils y 60% de solidos por volumen, incluye pictogramas
A51: 48 | B51: =VLOOKUP(A51,'ANEXO PLIEGO_1'!$A$4:$C$132,2) -> Suministro y Aplicación de pintura Acrílica base agua 10 cm para líneas de demarcación en ciclorruta, sin microesfera, con antideslizante, espesor seco de 9 mils y 60% de sólidos por volumen | C51: =VLOOKUP(A51,'ANEXO PLIEGO_1'!$A$4:$C$132,3) -> M | D51: =2205+296-14-30 -> 2457 | E51: =+T51 -> 3755 | F51: =+ROUND(D51*E51,0) -> 9226035 | H51: 3847 | I51: =+U51 -> 3970 | J51: =+ROUND(H51*I51,0) -> 15272590 | L51: 4166 | M51: =+V51 -> 4098 | N51: =+ROUND(L51*M51,0) -> 17072268 | P51: 2183 | Q51: =+W51 -> 4221 | R51: =+ROUND(P51*Q51,0) -> 9214443 | T51: =+ROUND(VLOOKUP(A51,'ANEXO PLIEGO_1'!$A$4:$E$128,5,FALSE)*(1+'ANEXO PLIEGO_1'!$F$138),0) -> 3755 | U51: =+ROUND(T51*$U$1,0) -> 3970 | V51: =+ROUND(U51*$V$1,0) -> 4098 | W51: =+ROUND(V51*$W$1,0) -> 4221 | Y51: 51 | Z51: =IF(Y51=A51,1,"") | AD51: =B51 -> Suministro y Aplicación de pintura Acrílica base agua 10 cm para líneas de demarcación en ciclorruta, sin microesfera, con antideslizante, espesor seco de 9 mils y 60% de sólidos por volumen
A52: 49 | B52: =VLOOKUP(A52,'ANEXO PLIEGO_1'!$A$4:$C$132,2) -> Suministro y Aplicación de pintura Acrílica base agua marcas viales, con antideslizante, sin microesferde demarcación de bahías, espesor seco de 9 mils y 60% de sólidos por volumen | C52: =VLOOKUP(A52,'ANEXO PLIEGO_1'!$A$4:$C$132,3) -> M2 | D52: 294 | E52: =+T52 -> 50849 | F52: =+ROUND(D52*E52,0) -> 14949606 | H52: 567 | I52: =+U52 -> 53763 | J52: =+ROUND(H52*I52,0) -> 30483621 | L52: 568 | M52: =+V52 -> 55500 | N52: =+ROUND(L52*M52,0) -> 31524000 | P52: 286 | Q52: =+W52 -> 57165 | R52: =+ROUND(P52*Q52,0) -> 16349190 | T52: =+ROUND(VLOOKUP(A52,'ANEXO PLIEGO_1'!$A$4:$E$128,5,FALSE)*(1+'ANEXO PLIEGO_1'!$F$138),0) -> 50849 | U52: =+ROUND(T52*$U$1,0) -> 53763 | V52: =+ROUND(U52*$V$1,0) -> 55500 | W52: =+ROUND(V52*$W$1,0) -> 57165 | Y52: 52 | Z52: =IF(Y52=A52,1,"") | AD52: =B52 -> Suministro y Aplicación de pintura Acrílica base agua marcas viales, con antideslizante, sin microesferde demarcación de bahías, espesor seco de 9 mils y 60% de sólidos por volumen
A53: 50 | B53: =VLOOKUP(A53,'ANEXO PLIEGO_1'!$A$4:$C$132,2) -> Suministro y Aplicación de resina Termoplástica a = 12 cm, para líneas de demarcación,con antideslizante, incluye microesfera y espesor seco 90 mils (2.3mm) | C53: =VLOOKUP(A53,'ANEXO PLIEGO_1'!$A$4:$C$132,3) -> M | D53: 2269 | E53: =+T53 -> 21212 | F53: =+ROUND(D53*E53,0) -> 48130028 | H53: 4382 | I53: =+U53 -> 22427 | J53: =+ROUND(H53*I53,0) -> 98275114 | L53: 4393 | M53: =+V53 -> 23151 | N53: =+ROUND(L53*M53,0) -> 101702343 | P53: 2202 | Q53: =+W53 -> 23846 | R53: =+ROUND(P53*Q53,0) -> 52508892 | T53: =+ROUND(VLOOKUP(A53,'ANEXO PLIEGO_1'!$A$4:$E$128,5,FALSE)*(1+'ANEXO PLIEGO_1'!$F$138),0) -> 21212 | U53: =+ROUND(T53*$U$1,0) -> 22427 | V53: =+ROUND(U53*$V$1,0) -> 23151 | W53: =+ROUND(V53*$W$1,0) -> 23846 | Y53: 53 | Z53: =IF(Y53=A53,1,"") | AD53: =B53 -> Suministro y Aplicación de resina Termoplástica a = 12 cm, para líneas de demarcación,con antideslizante, incluye microesfera y espesor seco 90 mils (2.3mm)
A54: 51 | B54: =VLOOKUP(A54,'ANEXO PLIEGO_1'!$A$4:$C$132,2) -> Suministro y Aplicación de resina Termoplástica a = 15 cm, para líneas de demarcación,con antideslizante, incluye microesfera y espesor seco 90 mils (2.3mm) | C54: =VLOOKUP(A54,'ANEXO PLIEGO_1'!$A$4:$C$132,3) -> M | D54: 353 | E54: =+T54 -> 26410 | F54: =+ROUND(D54*E54,0) -> 9322730 | H54: 682 | I54: =+U54 -> 27923 | J54: =+ROUND(H54*I54,0) -> 19043486 | L54: 683 | M54: =+V54 -> 28825 | N54: =+ROUND(L54*M54,0) -> 19687475 | P54: 343 | Q54: =+W54 -> 29690 | R54: =+ROUND(P54*Q54,0) -> 10183670 | T54: =+ROUND(VLOOKUP(A54,'ANEXO PLIEGO_1'!$A$4:$E$128,5,FALSE)*(1+'ANEXO PLIEGO_1'!$F$138),0) -> 26410 | U54: =+ROUND(T54*$U$1,0) -> 27923 | V54: =+ROUND(U54*$V$1,0) -> 28825 | W54: =+ROUND(V54*$W$1,0) -> 29690 | Y54: 54 | Z54: =IF(Y54=A54,1,"") | AD54: =B54 -> Suministro y Aplicación de resina Termoplástica a = 15 cm, para líneas de demarcación,con antideslizante, incluye microesfera y espesor seco 90 mils (2.3mm)
A55: 52 | B55: =VLOOKUP(A55,'ANEXO PLIEGO_1'!$A$4:$C$132,2) -> Suministro y Aplicación de resina Termoplástica a = 15 cm, para líneas de demarcación,con antideslizante, incluye microesfera y espesor seco 90 mils (2.3mm) | C55: =VLOOKUP(A55,'ANEXO PLIEGO_1'!$A$4:$C$132,3) -> M | D55: 173 | E55: =+T55 -> 34910 | F55: =+ROUND(D55*E55,0) -> 6039430 | H55: 332 | I55: =+U55 -> 36910 | J55: =+ROUND(H55*I55,0) -> 12254120 | L55: 333 | M55: =+V55 -> 38102 | N55: =+ROUND(L55*M55,0) -> 12687966 | P55: 166 | Q55: =+W55 -> 39245 | R55: =+ROUND(P55*Q55,0) -> 6514670 | T55: =+ROUND(VLOOKUP(A55,'ANEXO PLIEGO_1'!$A$4:$E$128,5,FALSE)*(1+'ANEXO PLIEGO_1'!$F$138),0) -> 34910 | U55: =+ROUND(T55*$U$1,0) -> 36910 | V55: =+ROUND(U55*$V$1,0) -> 38102 | W55: =+ROUND(V55*$W$1,0) -> 39245 | Y55: 55 | Z55: =IF(Y55=A55,1,"") | AD55: =B55 -> Suministro y Aplicación de resina Termoplástica a = 15 cm, para líneas de demarcación,con antideslizante, incluye microesfera y espesor seco 90 mils (2.3mm)
A56: 53 | B56: =VLOOKUP(A56,'ANEXO PLIEGO_1'!$A$4:$C$132,2) -> Suministro y Aplicación de resina Termoplástica para marcas viales, sin microesfera, con antideslizante, y espesor seco de 90 mils (2.3mm), incluye pictogramas | C56: =VLOOKUP(A56,'ANEXO PLIEGO_1'!$A$4:$C$132,3) -> M2 | D56: 18 | E56: =+T56 -> 187515 | F56: =+ROUND(D56*E56,0) -> 3375270 | H56: 34 | I56: =+U56 -> 198260 | J56: =+ROUND(H56*I56,0) -> 6740840 | L56: 34 | M56: =+V56 -> 204664 | N56: =+ROUND(L56*M56,0) -> 6958576 | P56: 17 | Q56: =+W56 -> 210804 | R56: =+ROUND(P56*Q56,0) -> 3583668 | T56: =+ROUND(VLOOKUP(A56,'ANEXO PLIEGO_1'!$A$4:$E$128,5,FALSE)*(1+'ANEXO PLIEGO_1'!$F$138),0) -> 187515 | U56: =+ROUND(T56*$U$1,0) -> 198260 | V56: =+ROUND(U56*$V$1,0) -> 204664 | W56: =+ROUND(V56*$W$1,0) -> 210804 | Y56: 56 | Z56: =IF(Y56=A56,1,"") | AD56: =B56 -> Suministro y Aplicación de resina Termoplástica para marcas viales, sin microesfera, con antideslizante, y espesor seco de 90 mils (2.3mm), incluye pictogramas
A57: 54 | B57: =VLOOKUP(A57,'ANEXO PLIEGO_1'!$A$4:$C$132,2) -> Suministro y Aplicación de resina Termoplástica para marcas viales, con antideslizante, con microesfera y espesor seco de 90 mils (2.3mm), incluye pictogramas | C57: =VLOOKUP(A57,'ANEXO PLIEGO_1'!$A$4:$C$132,3) -> M2 | D57: 17 | E57: =+T57 -> 187732 | F57: =+ROUND(D57*E57,0) -> 3191444 | H57: 34 | I57: =+U57 -> 198489 | J57: =+ROUND(H57*I57,0) -> 6748626 | L57: 34 | M57: =+V57 -> 204900 | N57: =+ROUND(L57*M57,0) -> 6966600 | P57: 17 | Q57: =+W57 -> 211047 | R57: =+ROUND(P57*Q57,0) -> 3587799 | T57: =+ROUND(VLOOKUP(A57,'ANEXO PLIEGO_1'!$A$4:$E$128,5,FALSE)*(1+'ANEXO PLIEGO_1'!$F$138),0) -> 187732 | U57: =+ROUND(T57*$U$1,0) -> 198489 | V57: =+ROUND(U57*$V$1,0) -> 204900 | W57: =+ROUND(V57*$W$1,0) -> 211047 | Y57: 57 | Z57: =IF(Y57=A57,1,"") | AD57: =B57 -> Suministro y Aplicación de resina Termoplástica para marcas viales, con antideslizante, con microesfera y espesor seco de 90 mils (2.3mm), incluye pictogramas
A58: 55 | B58: =VLOOKUP(A58,'ANEXO PLIEGO_1'!$A$4:$C$132,2) -> Suministro y Aplicación de pintura en plástico en frio metilmetacrilato de 12 cm para líneas de demarcación, con microesfera, con antideslizante, y espesor seco mínimo de 22 mils (por pulverización o spray)según norma NTC 4744 | C58: =VLOOKUP(A58,'ANEXO PLIEGO_1'!$A$4:$C$132,3) -> M | D58: 4711 | E58: =+T58 -> 7825 | F58: =+ROUND(D58*E58,0) -> 36863575 | H58: 9104 | I58: =+U58 -> 8273 | J58: =+ROUND(H58*I58,0) -> 75317392 | L58: 9129 | M58: =+V58 -> 8540 | N58: =+ROUND(L58*M58,0) -> 77961660 | P58: 4580 | Q58: =+W58 -> 8796 | R58: =+ROUND(P58*Q58,0) -> 40285680 | T58: =+ROUND(VLOOKUP(A58,'ANEXO PLIEGO_1'!$A$4:$E$128,5,FALSE)*(1+'ANEXO PLIEGO_1'!$F$138),0) -> 7825 | U58: =+ROUND(T58*$U$1,0) -> 8273 | V58: =+ROUND(U58*$V$1,0) -> 8540 | W58: =+ROUND(V58*$W$1,0) -> 8796 | Y58: 58 | Z58: =IF(Y58=A58,1,"") | AD58: =B58 -> Suministro y Aplicación de pintura en plástico en frio metilmetacrilato de 12 cm para líneas de demarcación, con microesfera, con antideslizante, y espesor seco mínimo de 22 mils (por pulverización o spray)según norma NTC 4744
A59: 56 | B59: =VLOOKUP(A59,'ANEXO PLIEGO_1'!$A$4:$C$132,2) -> Suministro y Aplicación de pintura en plástico en frio metilmetacrilato de 15 cm para líneas de demarcación, con antideslizante, con microesfera y espesor seco mínimo de 22 mils (por pulverización o spray) según norma NTC 4744 | C59: =VLOOKUP(A59,'ANEXO PLIEGO_1'!$A$4:$C$132,3) -> M | D59: 2503 | E59: =+T59 -> 13838 | F59: =+ROUND(D59*E59,0) -> 34636514 | H59: 4837 | I59: =+U59 -> 14631 | J59: =+ROUND(H59*I59,0) -> 70770147 | L59: 4850 | M59: =+V59 -> 15104 | N59: =+ROUND(L59*M59,0) -> 73254400 | P59: 2434 | Q59: =+W59 -> 15557 | R59: =+ROUND(P59*Q59,0) -> 37865738 | T59: =+ROUND(VLOOKUP(A59,'ANEXO PLIEGO_1'!$A$4:$E$128,5,FALSE)*(1+'ANEXO PLIEGO_1'!$F$138),0) -> 13838 | U59: =+ROUND(T59*$U$1,0) -> 14631 | V59: =+ROUND(U59*$V$1,0) -> 15104 | W59: =+ROUND(V59*$W$1,0) -> 15557 | Y59: 59 | Z59: =IF(Y59=A59,1,"") | AD59: =B59 -> Suministro y Aplicación de pintura en plástico en frio metilmetacrilato de 15 cm para líneas de demarcación, con antideslizante, con microesfera y espesor seco mínimo de 22 mils (por pulverización o spray) según norma NTC 4744
A60: 57 | B60: =VLOOKUP(A60,'ANEXO PLIEGO_1'!$A$4:$C$132,2) -> Suministro y Aplicación de pintura en plástico en frio metilmetacrilato de 20 cm para líneas de demarcación, con antideslizante, con microesfera y espesor seco mínimo de 22 mils (por pulverización o spray) según norma NTC 4744 | C60: =VLOOKUP(A60,'ANEXO PLIEGO_1'!$A$4:$C$132,3) -> M | D60: =3449+82+389 -> 3920 | E60: =+T60 -> 16668 | F60: =+ROUND(D60*E60,0) -> 65338560 | H60: 6671 | I60: =+U60 -> 17623 | J60: =+ROUND(H60*I60,0) -> 117563033 | L60: 6690 | M60: =+V60 -> 18192 | N60: =+ROUND(L60*M60,0) -> 121704480 | P60: 3358 | Q60: =+W60 -> 18738 | R60: =+ROUND(P60*Q60,0) -> 62922204 | T60: =+ROUND(VLOOKUP(A60,'ANEXO PLIEGO_1'!$A$4:$E$128,5,FALSE)*(1+'ANEXO PLIEGO_1'!$F$138),0) -> 16668 | U60: =+ROUND(T60*$U$1,0) -> 17623 | V60: =+ROUND(U60*$V$1,0) -> 18192 | W60: =+ROUND(V60*$W$1,0) -> 18738 | Y60: 60 | Z60: =IF(Y60=A60,1,"") | AD60: =B60 -> Suministro y Aplicación de pintura en plástico en frio metilmetacrilato de 20 cm para líneas de demarcación, con antideslizante, con microesfera y espesor seco mínimo de 22 mils (por pulverización o spray) según norma NTC 4744
A61: 58 | B61: =VLOOKUP(A61,'ANEXO PLIEGO_1'!$A$4:$C$132,2) -> Suministro y aplicación de pintura de plástico en frio metilmetacrilato para marcas viales,con antideslizante, con microesfera y espesor seco mínimo de 22 mils (por pulverización o spray) según norma NTC 4744, incluye pictogramas | C61: =VLOOKUP(A61,'ANEXO PLIEGO_1'!$A$4:$C$132,3) -> M2 | D61: 1839 | E61: =+T61 -> 70268 | F61: =+ROUND(D61*E61,0) -> 129222852 | H61: 3551 | I61: =+U61 -> 74294 | J61: =+ROUND(H61*I61,0) -> 263817994 | L61: 3561 | M61: =+V61 -> 76694 | N61: =+ROUND(L61*M61,0) -> 273107334 | P61: 1786 | Q61: =+W61 -> 78995 | R61: =+ROUND(P61*Q61,0) -> 141085070 | T61: =+ROUND(VLOOKUP(A61,'ANEXO PLIEGO_1'!$A$4:$E$128,5,FALSE)*(1+'ANEXO PLIEGO_1'!$F$138),0) -> 70268 | U61: =+ROUND(T61*$U$1,0) -> 74294 | V61: =+ROUND(U61*$V$1,0) -> 76694 | W61: =+ROUND(V61*$W$1,0) -> 78995 | Y61: 61 | Z61: =IF(Y61=A61,1,"") | AD61: =B61 -> Suministro y aplicación de pintura de plástico en frio metilmetacrilato para marcas viales,con antideslizante, con microesfera y espesor seco mínimo de 22 mils (por pulverización o spray) según norma NTC 4744, incluye pictogramas
A62: 59 | B62: =VLOOKUP(A62,'ANEXO PLIEGO_1'!$A$4:$C$132,2) -> Suministro y aplicación de pintura de plástico en frio metilmetacrilato para marcas viales sin microesfera,con antideslizante, y espesor seco de mínimo de 22 mils (por pulverización o spray) según norma NTC 4744, incluye pictogramas | C62: =VLOOKUP(A62,'ANEXO PLIEGO_1'!$A$4:$C$132,3) -> M2 | D62: 451 | E62: =+T62 -> 72712 | F62: =+ROUND(D62*E62,0) -> 32793112 | H62: 874 | I62: =+U62 -> 76878 | J62: =+ROUND(H62*I62,0) -> 67191372 | L62: 876 | M62: =+V62 -> 79361 | N62: =+ROUND(L62*M62,0) -> 69520236 | P62: 439 | Q62: =+W62 -> 81742 | R62: =+ROUND(P62*Q62,0) -> 35884738 | T62: =+ROUND(VLOOKUP(A62,'ANEXO PLIEGO_1'!$A$4:$E$128,5,FALSE)*(1+'ANEXO PLIEGO_1'!$F$138),0) -> 72712 | U62: =+ROUND(T62*$U$1,0) -> 76878 | V62: =+ROUND(U62*$V$1,0) -> 79361 | W62: =+ROUND(V62*$W$1,0) -> 81742 | Y62: 62 | Z62: =IF(Y62=A62,1,"") | AD62: =B62 -> Suministro y aplicación de pintura de plástico en frio metilmetacrilato para marcas viales sin microesfera,con antideslizante, y espesor seco de mínimo de 22 mils (por pulverización o spray) según norma NTC 4744, incluye pictogramas
A63: 60 | B63: =VLOOKUP(A63,'ANEXO PLIEGO_1'!$A$4:$C$132,2) -> Suministro y Aplicación de pintura en plástico en frio metilmetacrilato de 12 cm para líneas de demarcación, con microesfera, con antideslizante, y espesor seco de 50 mils (extruible) según norma NTC 4744 | C63: =VLOOKUP(A63,'ANEXO PLIEGO_1'!$A$4:$C$132,3) -> M | D63: 2658 | E63: =+T63 -> 13427 | F63: =+ROUND(D63*E63,0) -> 35688966 | H63: 5135 | I63: =+U63 -> 14196 | J63: =+ROUND(H63*I63,0) -> 72896460 | L63: 5148 | M63: =+V63 -> 14655 | N63: =+ROUND(L63*M63,0) -> 75443940 | P63: 2583 | Q63: =+W63 -> 15095 | R63: =+ROUND(P63*Q63,0) -> 38990385 | T63: =+ROUND(VLOOKUP(A63,'ANEXO PLIEGO_1'!$A$4:$E$128,5,FALSE)*(1+'ANEXO PLIEGO_1'!$F$138),0) -> 13427 | U63: =+ROUND(T63*$U$1,0) -> 14196 | V63: =+ROUND(U63*$V$1,0) -> 14655 | W63: =+ROUND(V63*$W$1,0) -> 15095 | Y63: 63 | Z63: =IF(Y63=A63,1,"") | AD63: =B63 -> Suministro y Aplicación de pintura en plástico en frio metilmetacrilato de 12 cm para líneas de demarcación, con microesfera, con antideslizante, y espesor seco de 50 mils (extruible) según norma NTC 4744
A64: 61 | B64: =VLOOKUP(A64,'ANEXO PLIEGO_1'!$A$4:$C$132,2) -> Suministro y Aplicación de pintura en plástico en frio metilmetacrilato de 15 cm para líneas de demarcación, con antideslizante, con microesfera y espesor seco de 50 mils (extruible) según norma NTC 4744 | C64: =VLOOKUP(A64,'ANEXO PLIEGO_1'!$A$4:$C$132,3) -> M | D64: 456 | E64: =+T64 -> 16126 | F64: =+ROUND(D64*E64,0) -> 7353456 | H64: 874 | I64: =+U64 -> 17050 | J64: =+ROUND(H64*I64,0) -> 14901700 | L64: 876 | M64: =+V64 -> 17601 | N64: =+ROUND(L64*M64,0) -> 15418476 | P64: 438 | Q64: =+W64 -> 18129 | R64: =+ROUND(P64*Q64,0) -> 7940502 | T64: =+ROUND(VLOOKUP(A64,'ANEXO PLIEGO_1'!$A$4:$E$128,5,FALSE)*(1+'ANEXO PLIEGO_1'!$F$138),0) -> 16126 | U64: =+ROUND(T64*$U$1,0) -> 17050 | V64: =+ROUND(U64*$V$1,0) -> 17601 | W64: =+ROUND(V64*$W$1,0) -> 18129 | Y64: 64 | Z64: =IF(Y64=A64,1,"") | AD64: =B64 -> Suministro y Aplicación de pintura en plástico en frio metilmetacrilato de 15 cm para líneas de demarcación, con antideslizante, con microesfera y espesor seco de 50 mils (extruible) según norma NTC 4744
A65: 62 | B65: =VLOOKUP(A65,'ANEXO PLIEGO_1'!$A$4:$C$132,2) -> Suministro y Aplicación de pintura en plástico en frio metilmetacrilato de 20 cm para líneas de demarcación, con microesfera, con antideslizante, y espesor seco de 50 mils (extruible) según norma NTC 4744 | C65: =VLOOKUP(A65,'ANEXO PLIEGO_1'!$A$4:$C$132,3) -> M | D65: 105 | E65: =+T65 -> 20628 | F65: =+ROUND(D65*E65,0) -> 2165940 | H65: 209 | I65: =+U65 -> 21810 | J65: =+ROUND(H65*I65,0) -> 4558290 | L65: 209 | M65: =+V65 -> 22514 | N65: =+ROUND(L65*M65,0) -> 4705426 | P65: 106 | Q65: =+W65 -> 23189 | R65: =+ROUND(P65*Q65,0) -> 2458034 | T65: =+ROUND(VLOOKUP(A65,'ANEXO PLIEGO_1'!$A$4:$E$128,5,FALSE)*(1+'ANEXO PLIEGO_1'!$F$138),0) -> 20628 | U65: =+ROUND(T65*$U$1,0) -> 21810 | V65: =+ROUND(U65*$V$1,0) -> 22514 | W65: =+ROUND(V65*$W$1,0) -> 23189 | Y65: 65 | Z65: =IF(Y65=A65,1,"") | AD65: =B65 -> Suministro y Aplicación de pintura en plástico en frio metilmetacrilato de 20 cm para líneas de demarcación, con microesfera, con antideslizante, y espesor seco de 50 mils (extruible) según norma NTC 4744
A66: 63 | B66: =VLOOKUP(A66,'ANEXO PLIEGO_1'!$A$4:$C$132,2) -> Suministro y aplicación de pintura de plástico en frio metilmetacrilato para marcas viales, con antideslizante, con microesfera y espesor seco de 50 mils (extruible) según norma NTC 4744, incluye pictogramas | C66: =VLOOKUP(A66,'ANEXO PLIEGO_1'!$A$4:$C$132,3) -> M2 | D66: 224 | E66: =+T66 -> 112920 | F66: =+ROUND(D66*E66,0) -> 25294080 | H66: 434 | I66: =+U66 -> 119390 | J66: =+ROUND(H66*I66,0) -> 51815260 | L66: 436 | M66: =+V66 -> 123246 | N66: =+ROUND(L66*M66,0) -> 53735256 | P66: 220 | Q66: =+W66 -> 126943 | R66: =+ROUND(P66*Q66,0) -> 27927460 | T66: =+ROUND(VLOOKUP(A66,'ANEXO PLIEGO_1'!$A$4:$E$128,5,FALSE)*(1+'ANEXO PLIEGO_1'!$F$138),0) -> 112920 | U66: =+ROUND(T66*$U$1,0) -> 119390 | V66: =+ROUND(U66*$V$1,0) -> 123246 | W66: =+ROUND(V66*$W$1,0) -> 126943 | Y66: 66 | Z66: =IF(Y66=A66,1,"") | AD66: =B66 -> Suministro y aplicación de pintura de plástico en frio metilmetacrilato para marcas viales, con antideslizante, con microesfera y espesor seco de 50 mils (extruible) según norma NTC 4744, incluye pictogramas
A67: 64 | B67: =VLOOKUP(A67,'ANEXO PLIEGO_1'!$A$4:$C$132,2) -> Suministro y aplicación de pintura de plástico en frio metilmetacrilato para marcas viales sin microesfera, con antideslizante, y espesor seco de 50 mils (extruible) según norma NTC 4744, incluye pictogramas | C67: =VLOOKUP(A67,'ANEXO PLIEGO_1'!$A$4:$C$132,3) -> M2 | D67: 11 | E67: =+T67 -> 118601 | F67: =+ROUND(D67*E67,0) -> 1304611 | H67: 20 | I67: =+U67 -> 125397 | J67: =+ROUND(H67*I67,0) -> 2507940 | L67: 20 | M67: =+V67 -> 129447 | N67: =+ROUND(L67*M67,0) -> 2588940 | P67: 11 | Q67: =+W67 -> 133330 | R67: =+ROUND(P67*Q67,0) -> 1466630 | T67: =+ROUND(VLOOKUP(A67,'ANEXO PLIEGO_1'!$A$4:$E$128,5,FALSE)*(1+'ANEXO PLIEGO_1'!$F$138),0) -> 118601 | U67: =+ROUND(T67*$U$1,0) -> 125397 | V67: =+ROUND(U67*$V$1,0) -> 129447 | W67: =+ROUND(V67*$W$1,0) -> 133330 | Y67: 67 | Z67: =IF(Y67=A67,1,"") | AD67: =B67 -> Suministro y aplicación de pintura de plástico en frio metilmetacrilato para marcas viales sin microesfera, con antideslizante, y espesor seco de 50 mils (extruible) según norma NTC 4744, incluye pictogramas
A68: 65 | B68: =VLOOKUP(A68,'ANEXO PLIEGO_1'!$A$4:$C$132,2) -> Suministro y aplicación manual (método llana) de pintura de plástico en frio metilmetacrilato con microesferas, con antideslizante, para marcas viales de espesor seco de 50 mils según norma NTC 4744, incluye pictogramas. | C68: =VLOOKUP(A68,'ANEXO PLIEGO_1'!$A$4:$C$132,3) -> M2 | D68: 215 | E68: =+T68 -> 119299 | F68: =+ROUND(D68*E68,0) -> 25649285 | H68: 416 | I68: =+U68 -> 126135 | J68: =+ROUND(H68*I68,0) -> 52472160 | L68: 417 | M68: =+V68 -> 130209 | N68: =+ROUND(L68*M68,0) -> 54297153 | P68: 210 | Q68: =+W68 -> 134115 | R68: =+ROUND(P68*Q68,0) -> 28164150 | T68: =+ROUND(VLOOKUP(A68,'ANEXO PLIEGO_1'!$A$4:$E$128,5,FALSE)*(1+'ANEXO PLIEGO_1'!$F$138),0) -> 119299 | U68: =+ROUND(T68*$U$1,0) -> 126135 | V68: =+ROUND(U68*$V$1,0) -> 130209 | W68: =+ROUND(V68*$W$1,0) -> 134115 | Y68: 68 | Z68: =IF(Y68=A68,1,"") | AD68: =B68 -> Suministro y aplicación manual (método llana) de pintura de plástico en frio metilmetacrilato con microesferas, con antideslizante, para marcas viales de espesor seco de 50 mils según norma NTC 4744, incluye pictogramas.
